Workbook

Sheet Title Page
C4: VA-151028-MCI: Modification 005-O June 15, 2024 | N4: Exhibit 4.1: Pricing and Volumes Matrix
C14: Exhibit 4.1 Pricing and Volumes Matrix VA-151028-MCI: Modification 5
C25: COMMONWEALTH OF VIRGINIA VIRGINIA IT AGENCY (VITA) SUPPLIER STRATEGY AND PERFORMANCE DIVISION 7325 BEAUFONT SPRINGS DR. RICHMOND, VA 23225

Sheet Supplier Instructions
B2: Supplier Instructions
B4: VA-151028-MCI: Modification 005-O June 15, 2024
B5: Pricing Instructions - Inflation
B6: The Supplier's pricing should exclude inflation. Only real increases/decreases should be included in the Supplier's Monthly Unit Rates rates. Inflation will be addressed in the Contract via Economic Change Adjustments (ECA).
B9: Tab Descriptions
B10: Total Estimated Charges
B11: This form is to be used to specify the detailed Charges to VITA, at the estimated current consumption, for the Resource Units proposed by Supplier.
B13: Charges by Cost Type
B14: The Supplier should use this tab to provide the cost break-down of the Charges, by expense type (e.g. Labor, Hardware, Software, etc.). These amounts are for informational purposes only and will help the Commonwealth understand the Supplier solution.
B16: Monthly Unit Rates
B17: Supplier must specify the Monthly Unit Rates for the Resource Units proposed by Supplier.
B19: Estimated Volumes
... B41: Supplier should use this form to provide a list of available Resource Types for FTE Services and the applicable hourly rates, inclusive of travel. These Resource Types will be available for Solution Services (projects) in accordance with Section 4 of Exhibit 4.0 (Pricing and Financial Provisions).

Sheet 1 - Charges Summary
B2: Summary of Charges ($)
B4: VA-151028-MCI: Modification 005-O June 15, 2024
L5: Renewal Option 1 | N5: Renewal Option 2
B6: Charge Description | E6: Year 1 * | F6: Year 2 | G6: Year 3 | H6: Year 4 | I6: Year 5 | J6: Year 5.5 | K6: 5.5 Years Total | L6: Year 1 | M6: Year 2 | N6: Year 1 | O6: Year 2 | P6: 9.5 Years Total
B7: Server Services
D9: Annual Charges | E9: ='2 - Estimated Annual Charges'!F681 -> #REF! | F9: ='2 - Estimated Annual Charges'!G681 -> #REF! | G9: ='2 - Estimated Annual Charges'!H681 -> #REF! | H9: ='2 - Estimated Annual Charges'!I681 -> #REF! | I9: ='2 - Estimated Annual Charges'!J681 -> #REF! | J9: ='2 - Estimated Annual Charges'!K681 -> #REF! | K9: =SUM(E9:J9) -> #REF! | L9: ='2 - Estimated Annual Charges'!N681 -> #REF! | M9: ='2 - Estimated Annual Charges'!O681 -> #REF! | N9: ='2 - Estimated Annual Charges'!R681 -> #REF! | O9: ='2 - Estimated Annual Charges'!S681 -> #REF! | P9: =SUM(K9:O9) -> #REF!
D11: Transition Charges (*) | E11: ='6 - Milestone Charges'!P44 -> 0 | F11: ='6 - Milestone Charges'!Q44 -> 2380206.4 | G11: ='6 - Milestone Charges'!R44 -> 2380206.4 | H11: ='6 - Milestone Charges'!S44 -> 2380206.4 | I11: ='6 - Milestone Charges'!T44 -> 2380206.4 | J11: ='6 - Milestone Charges'!U44 -> 0 | K11: =SUM(E11:J11) -> 9520825.6 | L11: 0 | M11: 0 | N11: 0 | O11: 0 | P11: =SUM(K11:O11) -> 9520825.6
B13: TOTAL VDN SERVICES | E13: =SUM(E9:E11) -> #REF! | F13: =SUM(F9:F11) -> #REF! | G13: =SUM(G9:G11) -> #REF! | H13: =SUM(H9:H11) -> #REF! | I13: =SUM(I9:I11) -> #REF! | J13: =SUM(J9:J11) -> #REF! | K13: =SUM(E13:J13) -> #REF! | L13: =SUM(L9:L11) -> #REF! | M13: =SUM(M9:M11) -> #REF! | N13: =SUM(N9:N11) -> #REF! | O13: =SUM(O9:O11) -> #REF! | P13: =SUM(K13:O13) -> #REF!
B16: (*) Reflects Option 2 for Transition Charges

Sheet 2 - Estimated Annual Charges
B2: Estimated Annual Charges (Annual Amounts in $)
B4: VA-151028-MCI: Modification 005-O June 15, 2024
N5: Renewal Option 1 | R5: Renewal Option 2
B6: Resource Description | F6: Contract Year 1 | G6: Contract Year 2 | H6: Contract Year 3 | I6: Contract Year 4 | J6: Contract Year 5 | K6: Contract Year 6 | L6: 5.5 Years Total | N6: Year 1 | O6: Year 2 | P6: Total | R6: Year 1 | S6: Year 2 | T6: Total | V6: Check
B7: Cross Functional Charges
A8: 2.1 | C8: Cross Functional Charges
A9: 2.1.1 | D9: Program Management Office | F9: =('3 - Monthly Unit Rates'!F9*'4 - Estimated Volumes'!F9)*12 -> 7991897.8 | G9: =('3 - Monthly Unit Rates'!G9*'4 - Estimated Volumes'!G9)*12 -> 7991897.8 | H9: =('3 - Monthly Unit Rates'!H9*'4 - Estimated Volumes'!H9)*12 -> 7259307.2 | I9: =('3 - Monthly Unit Rates'!I9*'4 - Estimated Volumes'!I9)*12 -> 6992910.6 | J9: =('3 - Monthly Unit Rates'!J9*'4 - Estimated Volumes'!J9)*12 -> 6926311.5 | K9: =('3 - Monthly Unit Rates'!K9*'4 - Estimated Volumes'!K9)*6 -> 3463155.7 | L9: =SUM(F9:K9) -> 40625481 | N9: =('3 - Monthly Unit Rates'!N9*'4 - Estimated Volumes'!N9)*12 -> 5727526.8 | O9: =('3 - Monthly Unit Rates'!O9*'4 - Estimated Volumes'!O9)*12 -> 5727526.8 | P9: =N9+O9 -> 11455054 | R9: =('3 - Monthly Unit Rates'!R9*'4 - Estimated Volumes'!R9)*12 -> 5660927.6 | S9: =('3 - Monthly Unit Rates'!S9*'4 - Estimated Volumes'!S9)*12 -> 5660927.6 | T9: =R9+S9 -> 11321855 | V9: =T9+P9+L9 -> 63402389
A10: 2.1.2 | D10: Cross Functional (inc. Triage Desk) | F10: =('3 - Monthly Unit Rates'!F10*'4 - Estimated Volumes'!F10)*12 -> 3059006.4 | G10: =('3 - Monthly Unit Rates'!G10*'4 - Estimated Volumes'!G10)*12 -> 3059006.4 | H10: =('3 - Monthly Unit Rates'!H10*'4 - Estimated Volumes'!H10)*12 -> 2778597.5 | I10: =('3 - Monthly Unit Rates'!I10*'4 - Estimated Volumes'!I10)*12 -> 2676630.6 | J10: =('3 - Monthly Unit Rates'!J10*'4 - Estimated Volumes'!J10)*12 -> 2651138.9 | K10: =('3 - Monthly Unit Rates'!K10*'4 - Estimated Volumes'!K10)*6 -> 1325569.4 | L10: =SUM(F10:K10) -> 15549949 | N10: =('3 - Monthly Unit Rates'!N10*'4 - Estimated Volumes'!N10)*12 -> 2192287.9 | O10: =('3 - Monthly Unit Rates'!O10*'4 - Estimated Volumes'!O10)*12 -> 2192287.9 | P10: =N10+O10 -> 4384575.8 | R10: =('3 - Monthly Unit Rates'!R10*'4 - Estimated Volumes'!R10)*12 -> 2166796.2 | S10: =('3 - Monthly Unit Rates'!S10*'4 - Estimated Volumes'!S10)*12 -> 2166796.2 | T10: =R10+S10 -> 4333592.4 | V10: =T10+P10+L10 -> 24268117
A11: 2.1.3 | D11: Engineering Services | F11: =('3 - Monthly Unit Rates'!F11*'4 - Estimated Volumes'!F11)*12 -> 3774160.6 | G11: =('3 - Monthly Unit Rates'!G11*'4 - Estimated Volumes'!G11)*12 -> 3774160.6 | H11: =('3 - Monthly Unit Rates'!H11*'4 - Estimated Volumes'!H11)*12 -> 3428195.9 | I11: =('3 - Monthly Unit Rates'!I11*'4 - Estimated Volumes'!I11)*12 -> 3302390.5 | J11: =('3 - Monthly Unit Rates'!J11*'4 - Estimated Volumes'!J11)*12 -> 3270939.2 | K11: =('3 - Monthly Unit Rates'!K11*'4 - Estimated Volumes'!K11)*6 -> 1635469.6 | L11: =SUM(F11:K11) -> 19185316 | N11: =('3 - Monthly Unit Rates'!N11*'4 - Estimated Volumes'!N11)*12 -> 2704815.1 | O11: =('3 - Monthly Unit Rates'!O11*'4 - Estimated Volumes'!O11)*12 -> 2704815.1 | P11: =N11+O11 -> 5409630.2 | R11: =('3 - Monthly Unit Rates'!R11*'4 - Estimated Volumes'!R11)*12 -> 2673363.7 | S11: =('3 - Monthly Unit Rates'!S11*'4 - Estimated Volumes'!S11)*12 -> 2673363.7 | T11: =R11+S11 -> 5346727.5 | V11: =T11+P11+L11 -> 29941674
C12: Cross Functional Charges | F12: =SUM(F9:F11) -> 14825065 | G12: =SUM(G9:G11) -> 14825065 | H12: =SUM(H9:H11) -> 13466101 | I12: =SUM(I9:I11) -> 12971932 | J12: =SUM(J9:J11) -> 12848390 | K12: =SUM(K9:K11) -> 6424194.8 | L12: =SUM(L9:L11) -> 75360746 | N12: =SUM(N9:N11) -> 10624630 | O12: =SUM(O9:O11) -> 10624630 | P12: =SUM(P9:P11) -> 21249260 | R12: =SUM(R9:R11) -> 10501088 | S12: =SUM(S9:S11) -> 10501088 | T12: =SUM(T9:T11) -> 21002175
A18: 2.2 | B18: CPE
A19: 2.2.1 | C19: CPE Use
D20: Managed WAN CPE
D21: Router –1 WAN, Ethernet - 1x10/100Mb WAN ports | E21: Per Device | F21: ='3 - Monthly Unit Rates'!F22*('4 - Estimated Volumes'!F21*12) -> 0 | G21: ='3 - Monthly Unit Rates'!G22*('4 - Estimated Volumes'!G21*12) -> 0 | H21: ='3 - Monthly Unit Rates'!H22*('4 - Estimated Volumes'!H21*12) -> 0 | I21: ='3 - Monthly Unit Rates'!I22*('4 - Estimated Volumes'!I21*12) -> 0 | J21: ='3 - Monthly Unit Rates'!J22*('4 - Estimated Volumes'!J21*12) -> 0 | K21: ='3 - Monthly Unit Rates'!K22*('4 - Estimated Volumes'!K21*12) -> 0 | L21: =SUM(F21:K21) -> 0 | N21: ='3 - Monthly Unit Rates'!N22*('4 - Estimated Volumes'!N21*12) -> 0 | O21: ='3 - Monthly Unit Rates'!O22*('4 - Estimated Volumes'!O21*12) -> 0 | P21: =N21+O21 -> 0 | R21: 0 | S21: 0 | T21: =R21+S21 -> 0
D22: Router - 2 WAN, 1xT1 | E22: Per Device | F22: ='3 - Monthly Unit Rates'!F23*('4 - Estimated Volumes'!F23*12) -> 0 | G22: ='3 - Monthly Unit Rates'!G23*('4 - Estimated Volumes'!G23*12) -> 0 | H22: ='3 - Monthly Unit Rates'!H23*('4 - Estimated Volumes'!H23*12) -> 0 | I22: ='3 - Monthly Unit Rates'!I23*('4 - Estimated Volumes'!I23*12) -> 0 | J22: ='3 - Monthly Unit Rates'!J23*('4 - Estimated Volumes'!J23*12) -> 0 | K22: =('3 - Monthly Unit Rates'!K23*'4 - Estimated Volumes'!K23)*6 -> 0 | L22: =SUM(F22:K22) -> 0 | N22: ='3 - Monthly Unit Rates'!N23*('4 - Estimated Volumes'!N23*12) -> 0 | O22: ='3 - Monthly Unit Rates'!O23*('4 - Estimated Volumes'!O23*12) -> 0 | P22: =N22+O22 -> 0 | R22: ='3 - Monthly Unit Rates'!R23*('4 - Estimated Volumes'!R23*12) -> 0 | S22: ='3 - Monthly Unit Rates'!S23*('4 - Estimated Volumes'!S23*12) -> 0 | T22: =R22+S22 -> 0
D23: Router - 2 WAN, 2xT1 | E23: Per Device | F23: ='3 - Monthly Unit Rates'!F23*('4 - Estimated Volumes'!F23*12) -> 0 | G23: ='3 - Monthly Unit Rates'!G23*('4 - Estimated Volumes'!G23*12) -> 0 | H23: ='3 - Monthly Unit Rates'!H23*('4 - Estimated Volumes'!H23*12) -> 0 | I23: ='3 - Monthly Unit Rates'!I23*('4 - Estimated Volumes'!I23*12) -> 0 | J23: ='3 - Monthly Unit Rates'!J23*('4 - Estimated Volumes'!J23*12) -> 0 | K23: =('3 - Monthly Unit Rates'!K23*'4 - Estimated Volumes'!K23)*6 -> 0 | L23: =SUM(F23:K23) -> 0 | N23: ='3 - Monthly Unit Rates'!N23*('4 - Estimated Volumes'!N23*12) -> 0 | O23: ='3 - Monthly Unit Rates'!O23*('4 - Estimated Volumes'!O23*12) -> 0 | P23: =N23+O23 -> 0 | R23: ='3 - Monthly Unit Rates'!R23*('4 - Estimated Volumes'!R23*12) -> 0 | S23: ='3 - Monthly Unit Rates'!S23*('4 - Estimated Volumes'!S23*12) -> 0 | T23: =R23+S23 -> 0
D24: Router - 2 WAN, 4xT1 | E24: Per Device | F24: ='3 - Monthly Unit Rates'!F24*('4 - Estimated Volumes'!F24*12) -> 1940836.6 | G24: ='3 - Monthly Unit Rates'!G24*('4 - Estimated Volumes'!G24*12) -> 1940836.6 | H24: ='3 - Monthly Unit Rates'!H24*('4 - Estimated Volumes'!H24*12) -> 1940836.6 | I24: ='3 - Monthly Unit Rates'!I24*('4 - Estimated Volumes'!I24*12) -> 1940836.6 | J24: ='3 - Monthly Unit Rates'!J24*('4 - Estimated Volumes'!J24*12) -> 1940836.6 | K24: =('3 - Monthly Unit Rates'!K24*'4 - Estimated Volumes'!K24)*6 -> 970418.28 | L24: =SUM(F24:K24) -> 10674601 | N24: ='3 - Monthly Unit Rates'!N24*('4 - Estimated Volumes'!N24*12) -> 1940836.6 | O24: ='3 - Monthly Unit Rates'!O24*('4 - Estimated Volumes'!O24*12) -> 1940836.6 | P24: =N24+O24 -> 3881673.1 | R24: ='3 - Monthly Unit Rates'!R24*('4 - Estimated Volumes'!R24*12) -> 1940836.6 | S24: ='3 - Monthly Unit Rates'!S24*('4 - Estimated Volumes'!S24*12) -> 1940836.6 | T24: =R24+S24 -> 3881673.1
D25: Router - 3 WAN, 1xDS3 | E25: Per Device | F25: ='3 - Monthly Unit Rates'!F25*('4 - Estimated Volumes'!F25*12) -> 191146.08 | G25: ='3 - Monthly Unit Rates'!G25*('4 - Estimated Volumes'!G25*12) -> 191146.08 | H25: ='3 - Monthly Unit Rates'!H25*('4 - Estimated Volumes'!H25*12) -> 191146.08 | I25: ='3 - Monthly Unit Rates'!I25*('4 - Estimated Volumes'!I25*12) -> 191146.08 | J25: ='3 - Monthly Unit Rates'!J25*('4 - Estimated Volumes'!J25*12) -> 191146.08 | K25: =('3 - Monthly Unit Rates'!K25*'4 - Estimated Volumes'!K25)*6 -> 95573.04 | L25: =SUM(F25:K25) -> 1051303.4 | N25: ='3 - Monthly Unit Rates'!N25*('4 - Estimated Volumes'!N25*12) -> 191146.08 | O25: ='3 - Monthly Unit Rates'!O25*('4 - Estimated Volumes'!O25*12) -> 191146.08 | P25: =N25+O25 -> 382292.16 | R25: ='3 - Monthly Unit Rates'!R25*('4 - Estimated Volumes'!R25*12) -> 191146.08 | S25: ='3 - Monthly Unit Rates'!S25*('4 - Estimated Volumes'!S25*12) -> 191146.08 | T25: =R25+S25 -> 382292.16
D26: Router - 2 WAN, 1xT1, IPSEC, LTE | E26: Per Device | F26: ='3 - Monthly Unit Rates'!F16*('4 - Estimated Volumes'!F16*12) -> 0 | G26: ='3 - Monthly Unit Rates'!G16*('4 - Estimated Volumes'!G16*12) -> 0 | H26: ='3 - Monthly Unit Rates'!H16*('4 - Estimated Volumes'!H16*12) -> 0 | I26: ='3 - Monthly Unit Rates'!I16*('4 - Estimated Volumes'!I16*12) -> 0 | J26: ='3 - Monthly Unit Rates'!J16*('4 - Estimated Volumes'!J16*12) -> 0 | K26: =('3 - Monthly Unit Rates'!K16*'4 - Estimated Volumes'!K16)*6 -> 0 | L26: =SUM(F26:K26) -> 0 | N26: ='3 - Monthly Unit Rates'!N16*('4 - Estimated Volumes'!N16*12) -> 0 | O26: ='3 - Monthly Unit Rates'!O16*('4 - Estimated Volumes'!O16*12) -> 0 | P26: =N26+O26 -> 0 | R26: ='3 - Monthly Unit Rates'!R16*('4 - Estimated Volumes'!R16*12) -> 0 | S26: ='3 - Monthly Unit Rates'!S16*('4 - Estimated Volumes'!S16*12) -> 0 | T26: =R26+S26 -> 0
D27: Router - 2 WAN, 2xT1, IPSEC, LTE | E27: Per Device | F27: ='3 - Monthly Unit Rates'!F17*('4 - Estimated Volumes'!F17*12) -> 0 | G27: ='3 - Monthly Unit Rates'!G17*('4 - Estimated Volumes'!G17*12) -> 0 | H27: ='3 - Monthly Unit Rates'!H17*('4 - Estimated Volumes'!H17*12) -> 0 | I27: ='3 - Monthly Unit Rates'!I17*('4 - Estimated Volumes'!I17*12) -> 0 | J27: ='3 - Monthly Unit Rates'!J17*('4 - Estimated Volumes'!J17*12) -> 0 | K27: =('3 - Monthly Unit Rates'!K17*'4 - Estimated Volumes'!K17)*6 -> 0 | L27: =SUM(F27:K27) -> 0 | N27: ='3 - Monthly Unit Rates'!N17*('4 - Estimated Volumes'!N17*12) -> 0 | O27: ='3 - Monthly Unit Rates'!O17*('4 - Estimated Volumes'!O17*12) -> 0 | P27: =N27+O27 -> 0 | R27: ='3 - Monthly Unit Rates'!R17*('4 - Estimated Volumes'!R17*12) -> 0 | S27: ='3 - Monthly Unit Rates'!S17*('4 - Estimated Volumes'!S17*12) -> 0 | T27: =R27+S27 -> 0
D28: Router - 2 WAN, 4xT1, IPSEC, LTE | E28: Per Device | F28: ='3 - Monthly Unit Rates'!F18*('4 - Estimated Volumes'!F18*12) -> 0 | G28: ='3 - Monthly Unit Rates'!G18*('4 - Estimated Volumes'!G18*12) -> 0 | H28: ='3 - Monthly Unit Rates'!H18*('4 - Estimated Volumes'!H18*12) -> 0 | I28: ='3 - Monthly Unit Rates'!I18*('4 - Estimated Volumes'!I18*12) -> 0 | J28: ='3 - Monthly Unit Rates'!J18*('4 - Estimated Volumes'!J18*12) -> 0 | K28: =('3 - Monthly Unit Rates'!K18*'4 - Estimated Volumes'!K18)*6 -> 0 | L28: =SUM(F28:K28) -> 0 | N28: ='3 - Monthly Unit Rates'!N18*('4 - Estimated Volumes'!N18*12) -> 0 | O28: ='3 - Monthly Unit Rates'!O18*('4 - Estimated Volumes'!O18*12) -> 0 | P28: =N28+O28 -> 0 | R28: ='3 - Monthly Unit Rates'!R18*('4 - Estimated Volumes'!R18*12) -> 0 | S28: ='3 - Monthly Unit Rates'!S18*('4 - Estimated Volumes'!S18*12) -> 0 | T28: =R28+S28 -> 0
D29: Router - 3 WAN, 1xDS3, IPSEC, LTE | E29: Per Device | F29: ='3 - Monthly Unit Rates'!F19*('4 - Estimated Volumes'!F19*12) -> 0 | G29: ='3 - Monthly Unit Rates'!G19*('4 - Estimated Volumes'!G19*12) -> 0 | H29: ='3 - Monthly Unit Rates'!H19*('4 - Estimated Volumes'!H19*12) -> 0 | I29: ='3 - Monthly Unit Rates'!I19*('4 - Estimated Volumes'!I19*12) -> 0 | J29: ='3 - Monthly Unit Rates'!J19*('4 - Estimated Volumes'!J19*12) -> 0 | K29: =('3 - Monthly Unit Rates'!K19*'4 - Estimated Volumes'!K19)*6 -> 0 | L29: =SUM(F29:K29) -> 0 | N29: ='3 - Monthly Unit Rates'!N19*('4 - Estimated Volumes'!N19*12) -> 0 | O29: ='3 - Monthly Unit Rates'!O19*('4 - Estimated Volumes'!O19*12) -> 0 | P29: =N29+O29 -> 0 | R29: ='3 - Monthly Unit Rates'!R19*('4 - Estimated Volumes'!R19*12) -> 0 | S29: ='3 - Monthly Unit Rates'!S19*('4 - Estimated Volumes'!S19*12) -> 0 | T29: =R29+S29 -> 0
D30: Router - 2 WAN, Ethernet Only | E30: Per Device | F30: ='3 - Monthly Unit Rates'!F20*('4 - Estimated Volumes'!F20*12) -> 0 | G30: ='3 - Monthly Unit Rates'!G20*('4 - Estimated Volumes'!G20*12) -> 0 | H30: ='3 - Monthly Unit Rates'!H20*('4 - Estimated Volumes'!H20*12) -> 0 | I30: ='3 - Monthly Unit Rates'!I20*('4 - Estimated Volumes'!I20*12) -> 0 | J30: ='3 - Monthly Unit Rates'!J20*('4 - Estimated Volumes'!J20*12) -> 0 | K30: =('3 - Monthly Unit Rates'!K20*'4 - Estimated Volumes'!K20)*6 -> 0 | L30: =SUM(F30:K30) -> 0 | N30: ='3 - Monthly Unit Rates'!N20*('4 - Estimated Volumes'!N20*12) -> 0 | O30: ='3 - Monthly Unit Rates'!O20*('4 - Estimated Volumes'!O20*12) -> 0 | P30: =N30+O30 -> 0 | R30: ='3 - Monthly Unit Rates'!R20*('4 - Estimated Volumes'!R20*12) -> 0 | S30: ='3 - Monthly Unit Rates'!S20*('4 - Estimated Volumes'!S20*12) -> 0 | T30: =R30+S30 -> 0
D31: Router - 2 WAN, Ethernet Only, IPSEC, LTE | E31: Per Device | F31: ='3 - Monthly Unit Rates'!F21*('4 - Estimated Volumes'!F31*12) -> 0 | G31: ='3 - Monthly Unit Rates'!G21*('4 - Estimated Volumes'!G31*12) -> 0 | H31: ='3 - Monthly Unit Rates'!H21*('4 - Estimated Volumes'!H31*12) -> 0 | I31: ='3 - Monthly Unit Rates'!I21*('4 - Estimated Volumes'!I31*12) -> 0 | J31: ='3 - Monthly Unit Rates'!J21*('4 - Estimated Volumes'!J31*12) -> 0 | K31: ='3 - Monthly Unit Rates'!K21*('4 - Estimated Volumes'!K31*12) -> 0 | L31: =SUM(F31:K31) -> 0 | N31: ='3 - Monthly Unit Rates'!N21*('4 - Estimated Volumes'!N31*12) -> 0 | O31: ='3 - Monthly Unit Rates'!O21*('4 - Estimated Volumes'!O31*12) -> 0 | P31: =N31+O31 -> 0 | R31: ='3 - Monthly Unit Rates'!R21*('4 - Estimated Volumes'!R21*12) -> 0 | S31: ='3 - Monthly Unit Rates'!S21*('4 - Estimated Volumes'!S21*12) -> 0 | T31: =R31+S31 -> 0
D32: Router - Cellular Wireless Router - Point of Use | E32: Per Device | F32: ='3 - Monthly Unit Rates'!F32*('4 - Estimated Volumes'!F32*12) -> 0 | G32: ='3 - Monthly Unit Rates'!G32*('4 - Estimated Volumes'!G32*12) -> 0 | H32: ='3 - Monthly Unit Rates'!H32*('4 - Estimated Volumes'!H32*12) -> 0 | I32: ='3 - Monthly Unit Rates'!I32*('4 - Estimated Volumes'!I32*12) -> 0 | J32: ='3 - Monthly Unit Rates'!J32*('4 - Estimated Volumes'!J32*12) -> 0 | K32: ='3 - Monthly Unit Rates'!K32*('4 - Estimated Volumes'!K32*6) -> 0 | L32: =SUM(F32:K32) -> 0 | N32: ='3 - Monthly Unit Rates'!N32*('4 - Estimated Volumes'!N32*12) -> 0 | O32: ='3 - Monthly Unit Rates'!O32*('4 - Estimated Volumes'!O32*12) -> 0 | P32: =N32+O32 -> 0 | R32: ='3 - Monthly Unit Rates'!R32*('4 - Estimated Volumes'!R32*12) -> 0 | S32: ='3 - Monthly Unit Rates'!S32*('4 - Estimated Volumes'!S32*12) -> 0 | T32: =R32+S32 -> 0
D33: Router - Cellular Wireless Router - Small Office | E33: Per Device | F33: ='3 - Monthly Unit Rates'!F33*('4 - Estimated Volumes'!F33*12) -> 0 | G33: ='3 - Monthly Unit Rates'!G33*('4 - Estimated Volumes'!G33*12) -> 0 | H33: ='3 - Monthly Unit Rates'!H33*('4 - Estimated Volumes'!H33*12) -> 0 | I33: ='3 - Monthly Unit Rates'!I33*('4 - Estimated Volumes'!I33*12) -> 0 | J33: ='3 - Monthly Unit Rates'!J33*('4 - Estimated Volumes'!J33*12) -> 0 | K33: ='3 - Monthly Unit Rates'!K33*('4 - Estimated Volumes'!K33*6) -> 0 | L33: =SUM(F33:K33) -> 0 | N33: ='3 - Monthly Unit Rates'!N33*('4 - Estimated Volumes'!N33*12) -> 0 | O33: ='3 - Monthly Unit Rates'!O33*('4 - Estimated Volumes'!O33*12) -> 0 | P33: =N33+O33 -> 0 | R33: ='3 - Monthly Unit Rates'!R33*('4 - Estimated Volumes'!R33*12) -> 0 | S33: ='3 - Monthly Unit Rates'!S33*('4 - Estimated Volumes'!S33*12) -> 0 | T33: =R33+S33 -> 0
D34: Router - Cellular Wireless Router - Branch Office | E34: Per Device | F34: ='3 - Monthly Unit Rates'!F34*('4 - Estimated Volumes'!F34*12) -> 0 | G34: ='3 - Monthly Unit Rates'!G34*('4 - Estimated Volumes'!G34*12) -> 0 | H34: ='3 - Monthly Unit Rates'!H34*('4 - Estimated Volumes'!H34*12) -> 0 | I34: ='3 - Monthly Unit Rates'!I34*('4 - Estimated Volumes'!I34*12) -> 0 | J34: ='3 - Monthly Unit Rates'!J34*('4 - Estimated Volumes'!J34*12) -> 0 | K34: ='3 - Monthly Unit Rates'!K34*('4 - Estimated Volumes'!K34*6) -> 0 | L34: =SUM(F34:K34) -> 0 | N34: ='3 - Monthly Unit Rates'!N34*('4 - Estimated Volumes'!N34*12) -> 0 | O34: ='3 - Monthly Unit Rates'!O34*('4 - Estimated Volumes'!O34*12) -> 0 | P34: =N34+O34 -> 0 | R34: ='3 - Monthly Unit Rates'!R34*('4 - Estimated Volumes'!R34*12) -> 0 | S34: ='3 - Monthly Unit Rates'!S34*('4 - Estimated Volumes'!S34*12) -> 0 | T34: =R34+S34 -> 0
D35: Router - Branch Office | E35: Per Device | F35: ='3 - Monthly Unit Rates'!F35*('4 - Estimated Volumes'!F34*12) -> 0 | G35: ='3 - Monthly Unit Rates'!G35*('4 - Estimated Volumes'!G34*12) -> 0 | H35: ='3 - Monthly Unit Rates'!H35*('4 - Estimated Volumes'!H34*12) -> 0 | I35: ='3 - Monthly Unit Rates'!I35*('4 - Estimated Volumes'!I34*12) -> 0 | J35: ='3 - Monthly Unit Rates'!J35*('4 - Estimated Volumes'!J34*12) -> 0 | K35: =('3 - Monthly Unit Rates'!K35*'4 - Estimated Volumes'!K34)*6 -> 0 | L35: =SUM(F35:K35) -> 0 | N35: ='3 - Monthly Unit Rates'!N35*('4 - Estimated Volumes'!N34*12) -> 0 | O35: ='3 - Monthly Unit Rates'!O35*('4 - Estimated Volumes'!O34*12) -> 0 | R35: ='3 - Monthly Unit Rates'!R35*('4 - Estimated Volumes'!R35*12) -> 0 | S35: ='3 - Monthly Unit Rates'!S35*('4 - Estimated Volumes'!S35*12) -> 0 | T35: =R35+S35 -> 0
D36: Router - Core Data Center | E36: Per Device | F36: ='3 - Monthly Unit Rates'!F36*('4 - Estimated Volumes'!F36*12) -> 1482765.8 | G36: ='3 - Monthly Unit Rates'!G36*('4 - Estimated Volumes'!G36*12) -> 1482765.8 | H36: ='3 - Monthly Unit Rates'!H36*('4 - Estimated Volumes'!H36*12) -> 1482765.8 | I36: ='3 - Monthly Unit Rates'!I36*('4 - Estimated Volumes'!I36*12) -> 1482765.8 | J36: ='3 - Monthly Unit Rates'!J36*('4 - Estimated Volumes'!J36*12) -> 1482765.8 | K36: =('3 - Monthly Unit Rates'!K36*'4 - Estimated Volumes'!K36)*6 -> 741382.92 | L36: =SUM(F36:K36) -> 8155212.1 | N36: ='3 - Monthly Unit Rates'!N36*('4 - Estimated Volumes'!N36*12) -> 1482765.8 | O36: ='3 - Monthly Unit Rates'!O36*('4 - Estimated Volumes'!O36*12) -> 1482765.8 | P36: =N36+O36 -> 2965531.7 | R36: ='3 - Monthly Unit Rates'!R36*('4 - Estimated Volumes'!R36*12) -> 1482765.8 | S36: ='3 - Monthly Unit Rates'!S36*('4 - Estimated Volumes'!S36*12) -> 1482765.8 | T36: =R36+S36 -> 2965531.7
D37: Router - Premium Core Data Center | E37: Per Device | F37: ='3 - Monthly Unit Rates'!F37*('4 - Estimated Volumes'!F38*12) -> 0 | G37: ='3 - Monthly Unit Rates'!G37*('4 - Estimated Volumes'!G38*12) -> 0 | H37: ='3 - Monthly Unit Rates'!H37*('4 - Estimated Volumes'!H38*12) -> 0 | I37: ='3 - Monthly Unit Rates'!I37*('4 - Estimated Volumes'!I38*12) -> 0 | J37: ='3 - Monthly Unit Rates'!J37*('4 - Estimated Volumes'!J38*12) -> 0 | K37: =('3 - Monthly Unit Rates'!K37*'4 - Estimated Volumes'!K38)*6 -> 0 | L37: =SUM(F37:K37) -> 0 | N37: ='3 - Monthly Unit Rates'!N37*('4 - Estimated Volumes'!N38*12) -> 0 | O37: ='3 - Monthly Unit Rates'!O37*('4 - Estimated Volumes'!O38*12) -> 0 | R37: ='3 - Monthly Unit Rates'!R37*('4 - Estimated Volumes'!R37*12) -> 0 | S37: ='3 - Monthly Unit Rates'!S37*('4 - Estimated Volumes'!S37*12) -> 0 | T37: =R37+S37 -> 0
D38: Managed LAN CPE
D39: Switch - 8 Port | E39: Per Device | F39: ='3 - Monthly Unit Rates'!F39*('4 - Estimated Volumes'!F39*12) -> 194622.6 | G39: ='3 - Monthly Unit Rates'!G39*('4 - Estimated Volumes'!G39*12) -> 194622.6 | H39: ='3 - Monthly Unit Rates'!H39*('4 - Estimated Volumes'!H39*12) -> 194622.6 | I39: ='3 - Monthly Unit Rates'!I39*('4 - Estimated Volumes'!I39*12) -> 194622.6 | J39: ='3 - Monthly Unit Rates'!J39*('4 - Estimated Volumes'!J39*12) -> 194622.6 | K39: =('3 - Monthly Unit Rates'!K39*'4 - Estimated Volumes'!K39)*6 -> 97311.3 | L39: =SUM(F39:K39) -> 1070424.3 | N39: ='3 - Monthly Unit Rates'!N39*('4 - Estimated Volumes'!N39*12) -> 194622.6 | O39: ='3 - Monthly Unit Rates'!O39*('4 - Estimated Volumes'!O39*12) -> 194622.6 | P39: =N39+O39 -> 389245.2 | R39: ='3 - Monthly Unit Rates'!R39*('4 - Estimated Volumes'!R39*12) -> 194622.6 | S39: ='3 - Monthly Unit Rates'!S39*('4 - Estimated Volumes'!S39*12) -> 194622.6 | T39: =R39+S39 -> 389245.2
D40: Switch - 8 Port POE | E40: Per Device | F40: ='3 - Monthly Unit Rates'!F40*('4 - Estimated Volumes'!F40*12) -> 0 | G40: ='3 - Monthly Unit Rates'!G40*('4 - Estimated Volumes'!G40*12) -> 0 | H40: ='3 - Monthly Unit Rates'!H40*('4 - Estimated Volumes'!H40*12) -> 0 | I40: ='3 - Monthly Unit Rates'!I40*('4 - Estimated Volumes'!I40*12) -> 0 | J40: ='3 - Monthly Unit Rates'!J40*('4 - Estimated Volumes'!J40*12) -> 0 | K40: =('3 - Monthly Unit Rates'!K40*'4 - Estimated Volumes'!K40)*6 -> 0 | L40: =SUM(F40:K40) -> 0 | N40: ='3 - Monthly Unit Rates'!N40*('4 - Estimated Volumes'!N40*12) -> 0 | O40: ='3 - Monthly Unit Rates'!O40*('4 - Estimated Volumes'!O40*12) -> 0 | P40: =N40+O40 -> 0 | R40: ='3 - Monthly Unit Rates'!R40*('4 - Estimated Volumes'!R40*12) -> 0 | S40: ='3 - Monthly Unit Rates'!S40*('4 - Estimated Volumes'!S40*12) -> 0 | T40: =R40+S40 -> 0
D41: Switch - 24 Port | E41: Per Device | F41: ='3 - Monthly Unit Rates'!F41*('4 - Estimated Volumes'!F41*12) -> 2036435 | G41: ='3 - Monthly Unit Rates'!G41*('4 - Estimated Volumes'!G41*12) -> 2036435 | H41: ='3 - Monthly Unit Rates'!H41*('4 - Estimated Volumes'!H41*12) -> 2036435 | I41: ='3 - Monthly Unit Rates'!I41*('4 - Estimated Volumes'!I41*12) -> 2036435 | J41: ='3 - Monthly Unit Rates'!J41*('4 - Estimated Volumes'!J41*12) -> 2036435 | K41: =('3 - Monthly Unit Rates'!K41*'4 - Estimated Volumes'!K41)*6 -> 1018217.5 | L41: =SUM(F41:K41) -> 11200393 | N41: ='3 - Monthly Unit Rates'!N41*('4 - Estimated Volumes'!N41*12) -> 2036435 | O41: ='3 - Monthly Unit Rates'!O41*('4 - Estimated Volumes'!O41*12) -> 2036435 | P41: =N41+O41 -> 4072870.1 | R41: ='3 - Monthly Unit Rates'!R41*('4 - Estimated Volumes'!R41*12) -> 2036435 | S41: ='3 - Monthly Unit Rates'!S41*('4 - Estimated Volumes'!S41*12) -> 2036435 | T41: =R41+S41 -> 4072870.1
D42: Switch - 48 Port | E42: Per Device | F42: ='3 - Monthly Unit Rates'!F42*('4 - Estimated Volumes'!F42*12) -> 2959156.8 | G42: ='3 - Monthly Unit Rates'!G42*('4 - Estimated Volumes'!G42*12) -> 2959156.8 | H42: ='3 - Monthly Unit Rates'!H42*('4 - Estimated Volumes'!H42*12) -> 2959156.8 | I42: ='3 - Monthly Unit Rates'!I42*('4 - Estimated Volumes'!I42*12) -> 2959156.8 | J42: ='3 - Monthly Unit Rates'!J42*('4 - Estimated Volumes'!J42*12) -> 2959156.8 | K42: =('3 - Monthly Unit Rates'!K42*'4 - Estimated Volumes'!K42)*6 -> 1479578.4 | L42: =SUM(F42:K42) -> 16275362 | N42: ='3 - Monthly Unit Rates'!N42*('4 - Estimated Volumes'!N42*12) -> 2959156.8 | O42: ='3 - Monthly Unit Rates'!O42*('4 - Estimated Volumes'!O42*12) -> 2959156.8 | P42: =N42+O42 -> 5918313.6 | R42: ='3 - Monthly Unit Rates'!R42*('4 - Estimated Volumes'!R42*12) -> 2959156.8 | S42: ='3 - Monthly Unit Rates'!S42*('4 - Estimated Volumes'!S42*12) -> 2959156.8 | T42: =R42+S42 -> 5918313.6
D43: Switch - 24 Port (POE) | E43: Per Device | F43: ='3 - Monthly Unit Rates'!F43*('4 - Estimated Volumes'!F43*12) -> 82643.52 | G43: ='3 - Monthly Unit Rates'!G43*('4 - Estimated Volumes'!G43*12) -> 82643.52 | H43: ='3 - Monthly Unit Rates'!H43*('4 - Estimated Volumes'!H43*12) -> 82643.52 | I43: ='3 - Monthly Unit Rates'!I43*('4 - Estimated Volumes'!I43*12) -> 82643.52 | J43: ='3 - Monthly Unit Rates'!J43*('4 - Estimated Volumes'!J43*12) -> 82643.52 | K43: =('3 - Monthly Unit Rates'!K43*'4 - Estimated Volumes'!K43)*6 -> 41321.76 | L43: =SUM(F43:K43) -> 454539.36 | N43: ='3 - Monthly Unit Rates'!N43*('4 - Estimated Volumes'!N43*12) -> 82643.52 | O43: ='3 - Monthly Unit Rates'!O43*('4 - Estimated Volumes'!O43*12) -> 82643.52 | P43: =N43+O43 -> 165287.04 | R43: ='3 - Monthly Unit Rates'!R43*('4 - Estimated Volumes'!R43*12) -> 82643.52 | S43: ='3 - Monthly Unit Rates'!S43*('4 - Estimated Volumes'!S43*12) -> 82643.52 | T43: =R43+S43 -> 165287.04
D44: Switch - 48 Port (POE) | E44: Per Device | F44: ='3 - Monthly Unit Rates'!F44*('4 - Estimated Volumes'!F44*12) -> 256566.96 | G44: ='3 - Monthly Unit Rates'!G44*('4 - Estimated Volumes'!G44*12) -> 256566.96 | H44: ='3 - Monthly Unit Rates'!H44*('4 - Estimated Volumes'!H44*12) -> 256566.96 | I44: ='3 - Monthly Unit Rates'!I44*('4 - Estimated Volumes'!I44*12) -> 256566.96 | J44: ='3 - Monthly Unit Rates'!J44*('4 - Estimated Volumes'!J44*12) -> 256566.96 | K44: =('3 - Monthly Unit Rates'!K44*'4 - Estimated Volumes'!K44)*6 -> 128283.48 | L44: =SUM(F44:K44) -> 1411118.3 | N44: ='3 - Monthly Unit Rates'!N44*('4 - Estimated Volumes'!N44*12) -> 256566.96 | O44: ='3 - Monthly Unit Rates'!O44*('4 - Estimated Volumes'!O44*12) -> 256566.96 | P44: =N44+O44 -> 513133.92 | R44: ='3 - Monthly Unit Rates'!R44*('4 - Estimated Volumes'!R44*12) -> 256566.96 | S44: ='3 - Monthly Unit Rates'!S44*('4 - Estimated Volumes'!S44*12) -> 256566.96 | T44: =R44+S44 -> 513133.92
D45: Switch Aggregation - 48 Port | E45: Per Device | F45: ='3 - Monthly Unit Rates'!F45*('4 - Estimated Volumes'!F45*12) -> 0 | G45: ='3 - Monthly Unit Rates'!G45*('4 - Estimated Volumes'!G45*12) -> 0 | H45: ='3 - Monthly Unit Rates'!H45*('4 - Estimated Volumes'!H45*12) -> 0 | I45: ='3 - Monthly Unit Rates'!I45*('4 - Estimated Volumes'!I45*12) -> 0 | J45: ='3 - Monthly Unit Rates'!J45*('4 - Estimated Volumes'!J45*12) -> 0 | K45: =('3 - Monthly Unit Rates'!K45*'4 - Estimated Volumes'!K45)*6 -> 0 | L45: =SUM(F45:K45) -> 0 | N45: ='3 - Monthly Unit Rates'!N45*('4 - Estimated Volumes'!N45*12) -> 0 | O45: ='3 - Monthly Unit Rates'!O45*('4 - Estimated Volumes'!O45*12) -> 0 | P45: =N45+O45 -> 0 | R45: ='3 - Monthly Unit Rates'!R45*('4 - Estimated Volumes'!R45*12) -> 0 | S45: ='3 - Monthly Unit Rates'!S45*('4 - Estimated Volumes'!S45*12) -> 0 | T45: =R45+S45 -> 0
D46: Switch Core - 192 Port | E46: Per Device | F46: ='3 - Monthly Unit Rates'!F46*('4 - Estimated Volumes'!F46*12) -> 974762.76 | G46: ='3 - Monthly Unit Rates'!G46*('4 - Estimated Volumes'!G46*12) -> 974762.76 | H46: ='3 - Monthly Unit Rates'!H46*('4 - Estimated Volumes'!H46*12) -> 974762.76 | I46: ='3 - Monthly Unit Rates'!I46*('4 - Estimated Volumes'!I46*12) -> 974762.76 | J46: ='3 - Monthly Unit Rates'!J46*('4 - Estimated Volumes'!J46*12) -> 974762.76 | K46: =('3 - Monthly Unit Rates'!K46*'4 - Estimated Volumes'!K46)*6 -> 487381.38 | L46: =SUM(F46:K46) -> 5361195.2 | N46: ='3 - Monthly Unit Rates'!N46*('4 - Estimated Volumes'!N46*12) -> 974762.76 | O46: ='3 - Monthly Unit Rates'!O46*('4 - Estimated Volumes'!O46*12) -> 974762.76 | P46: =N46+O46 -> 1949525.5 | R46: ='3 - Monthly Unit Rates'!R46*('4 - Estimated Volumes'!R46*12) -> 974762.76 | S46: ='3 - Monthly Unit Rates'!S46*('4 - Estimated Volumes'!S46*12) -> 974762.76 | T46: =R46+S46 -> 1949525.5
D47: Enterprise Data Center Load Balancer - Medium | E47: Per Device | F47: ='3 - Monthly Unit Rates'!F47*('4 - Estimated Volumes'!F47*12) -> 39676.56 | G47: ='3 - Monthly Unit Rates'!G47*('4 - Estimated Volumes'!G47*12) -> 39676.56 | H47: ='3 - Monthly Unit Rates'!H47*('4 - Estimated Volumes'!H47*12) -> 39676.56 | I47: ='3 - Monthly Unit Rates'!I47*('4 - Estimated Volumes'!I47*12) -> 39676.56 | J47: ='3 - Monthly Unit Rates'!J47*('4 - Estimated Volumes'!J47*12) -> 39676.56 | K47: =('3 - Monthly Unit Rates'!K47*'4 - Estimated Volumes'!K47)*6 -> 19838.28 | L47: =SUM(F47:K47) -> 218221.08 | N47: ='3 - Monthly Unit Rates'!N47*('4 - Estimated Volumes'!N47*12) -> 39676.56 | O47: ='3 - Monthly Unit Rates'!O47*('4 - Estimated Volumes'!O47*12) -> 39676.56 | P47: =N47+O47 -> 79353.12 | R47: ='3 - Monthly Unit Rates'!R47*('4 - Estimated Volumes'!R47*12) -> 39676.56 | S47: ='3 - Monthly Unit Rates'!S47*('4 - Estimated Volumes'!S47*12) -> 39676.56 | T47: =R47+S47 -> 79353.12
D48: Managed Wireless LAN CPE
D49: BAP- Bridging Access Point LAN Bridge Omni Directional | E49: Per Device | F49: ='3 - Monthly Unit Rates'!F49*('4 - Estimated Volumes'!F49*12) -> 0 | G49: ='3 - Monthly Unit Rates'!G49*('4 - Estimated Volumes'!G49*12) -> 0 | H49: ='3 - Monthly Unit Rates'!H49*('4 - Estimated Volumes'!H49*12) -> 0 | I49: ='3 - Monthly Unit Rates'!I49*('4 - Estimated Volumes'!I49*12) -> 0 | J49: ='3 - Monthly Unit Rates'!J49*('4 - Estimated Volumes'!J49*12) -> 0 | K49: =('3 - Monthly Unit Rates'!K49*'4 - Estimated Volumes'!K49)*6 -> 0 | L49: =SUM(F49:K49) -> 0 | N49: ='3 - Monthly Unit Rates'!N49*('4 - Estimated Volumes'!N49*12) -> 0 | O49: ='3 - Monthly Unit Rates'!O49*('4 - Estimated Volumes'!O49*12) -> 0 | P49: =N49+O49 -> 0 | R49: ='3 - Monthly Unit Rates'!R49*('4 - Estimated Volumes'!R49*12) -> 0 | S49: ='3 - Monthly Unit Rates'!S49*('4 - Estimated Volumes'!S49*12) -> 0 | T49: =R49+S49 -> 0
D50: BAP- Bridging Access Point LAN Bridge Directional | E50: Per Device | F50: ='3 - Monthly Unit Rates'!F50*('4 - Estimated Volumes'!F50*12) -> 0 | G50: ='3 - Monthly Unit Rates'!G50*('4 - Estimated Volumes'!G50*12) -> 0 | H50: ='3 - Monthly Unit Rates'!H50*('4 - Estimated Volumes'!H50*12) -> 0 | I50: ='3 - Monthly Unit Rates'!I50*('4 - Estimated Volumes'!I50*12) -> 0 | J50: ='3 - Monthly Unit Rates'!J50*('4 - Estimated Volumes'!J50*12) -> 0 | K50: =('3 - Monthly Unit Rates'!K50*'4 - Estimated Volumes'!K50)*6 -> 0 | L50: =SUM(F50:K50) -> 0 | N50: ='3 - Monthly Unit Rates'!N50*('4 - Estimated Volumes'!N50*12) -> 0 | O50: ='3 - Monthly Unit Rates'!O50*('4 - Estimated Volumes'!O50*12) -> 0 | P50: =N50+O50 -> 0 | R50: ='3 - Monthly Unit Rates'!R50*('4 - Estimated Volumes'!R50*12) -> 0 | S50: ='3 - Monthly Unit Rates'!S50*('4 - Estimated Volumes'!S50*12) -> 0 | T50: =R50+S50 -> 0
D51: Wifi Access Point Dual 2x2:2 Radio Integrated Antenna | E51: Per Device | F51: ='3 - Monthly Unit Rates'!F49*('4 - Estimated Volumes'!F51*12) -> 0 | G51: ='3 - Monthly Unit Rates'!G49*('4 - Estimated Volumes'!G51*12) -> 0 | H51: ='3 - Monthly Unit Rates'!H49*('4 - Estimated Volumes'!H51*12) -> 0 | I51: ='3 - Monthly Unit Rates'!I49*('4 - Estimated Volumes'!I51*12) -> 0 | J51: ='3 - Monthly Unit Rates'!J49*('4 - Estimated Volumes'!J51*12) -> 0 | K51: =('3 - Monthly Unit Rates'!K49*'4 - Estimated Volumes'!K51)*6 -> 0 | L51: =SUM(F51:K51) -> 0 | N51: ='3 - Monthly Unit Rates'!N49*('4 - Estimated Volumes'!N51*12) -> 0 | O51: ='3 - Monthly Unit Rates'!O49*('4 - Estimated Volumes'!O51*12) -> 0 | P51: =N51+O51 -> 0 | R51: ='3 - Monthly Unit Rates'!R49*('4 - Estimated Volumes'!R51*12) -> 0 | S51: ='3 - Monthly Unit Rates'!S49*('4 - Estimated Volumes'!S51*12) -> 0 | T51: =R51+S51 -> 0
D52: Wifi Access Point Dual 3x3:3 Radio Integrated Omni Antenna Outdoor | E52: Per Device | F52: ='3 - Monthly Unit Rates'!F52*('4 - Estimated Volumes'!F52*12) -> 0 | G52: ='3 - Monthly Unit Rates'!G52*('4 - Estimated Volumes'!G52*12) -> 0 | H52: ='3 - Monthly Unit Rates'!H52*('4 - Estimated Volumes'!H52*12) -> 0 | I52: ='3 - Monthly Unit Rates'!I52*('4 - Estimated Volumes'!I52*12) -> 0 | J52: ='3 - Monthly Unit Rates'!J52*('4 - Estimated Volumes'!J52*12) -> 0 | K52: =('3 - Monthly Unit Rates'!K52*'4 - Estimated Volumes'!K52)*6 -> 0 | L52: =SUM(F52:K52) -> 0 | N52: ='3 - Monthly Unit Rates'!N52*('4 - Estimated Volumes'!N52*12) -> 0 | O52: ='3 - Monthly Unit Rates'!O52*('4 - Estimated Volumes'!O52*12) -> 0 | P52: =N52+O52 -> 0 | R52: ='3 - Monthly Unit Rates'!R52*('4 - Estimated Volumes'!R52*12) -> 0 | S52: ='3 - Monthly Unit Rates'!S52*('4 - Estimated Volumes'!S52*12) -> 0 | T52: =R52+S52 -> 0
D53: Wifi Access Point Dual 2x2:2/4x4:4 MU-MIMO Radio Integrated Antenna | E53: Per Device | F53: ='3 - Monthly Unit Rates'!F53*('4 - Estimated Volumes'!F53*12) -> 0 | G53: ='3 - Monthly Unit Rates'!G53*('4 - Estimated Volumes'!G53*12) -> 0 | H53: ='3 - Monthly Unit Rates'!H53*('4 - Estimated Volumes'!H53*12) -> 0 | I53: ='3 - Monthly Unit Rates'!I53*('4 - Estimated Volumes'!I53*12) -> 0 | J53: ='3 - Monthly Unit Rates'!J53*('4 - Estimated Volumes'!J53*12) -> 0 | K53: =('3 - Monthly Unit Rates'!K53*'4 - Estimated Volumes'!K53)*6 -> 0 | L53: =SUM(F53:K53) -> 0 | N53: ='3 - Monthly Unit Rates'!N53*('4 - Estimated Volumes'!N53*12) -> 0 | O53: ='3 - Monthly Unit Rates'!O53*('4 - Estimated Volumes'!O53*12) -> 0 | P53: =N53+O53 -> 0 | R53: ='3 - Monthly Unit Rates'!R53*('4 - Estimated Volumes'!R53*12) -> 0 | S53: ='3 - Monthly Unit Rates'!S53*('4 - Estimated Volumes'!S53*12) -> 0 | T53: =R53+S53 -> 0
D54: Wifi Access Point Dual 4x4:4 MU-MIMO Radio Integrated Antenna 2.5+1 GbE | E54: Per Device | F54: ='3 - Monthly Unit Rates'!F54*('4 - Estimated Volumes'!F54*12) -> 324976.32 | G54: ='3 - Monthly Unit Rates'!G54*('4 - Estimated Volumes'!G54*12) -> 324976.32 | H54: ='3 - Monthly Unit Rates'!H54*('4 - Estimated Volumes'!H54*12) -> 324976.32 | I54: ='3 - Monthly Unit Rates'!I54*('4 - Estimated Volumes'!I54*12) -> 324976.32 | J54: ='3 - Monthly Unit Rates'!J54*('4 - Estimated Volumes'!J54*12) -> 324976.32 | K54: =('3 - Monthly Unit Rates'!K54*'4 - Estimated Volumes'!K54)*6 -> 162488.16 | L54: =SUM(F54:K54) -> 1787369.8 | N54: ='3 - Monthly Unit Rates'!N54*('4 - Estimated Volumes'!N54*12) -> 324976.32 | O54: ='3 - Monthly Unit Rates'!O54*('4 - Estimated Volumes'!O54*12) -> 324976.32 | P54: =N54+O54 -> 649952.64 | R54: ='3 - Monthly Unit Rates'!R54*('4 - Estimated Volumes'!R54*12) -> 324976.32 | S54: ='3 - Monthly Unit Rates'!S54*('4 - Estimated Volumes'!S54*12) -> 324976.32 | T54: =R54+S54 -> 649952.64
D55: Wifi Access Point Dual 2x2:2/3x3:3 MU-MIMO Radio Integrated Antenna | E55: Per Device | F55: ='3 - Monthly Unit Rates'!F55*('4 - Estimated Volumes'!F55*12) -> 0 | G55: ='3 - Monthly Unit Rates'!G55*('4 - Estimated Volumes'!G55*12) -> 0 | H55: ='3 - Monthly Unit Rates'!H55*('4 - Estimated Volumes'!H55*12) -> 0 | I55: ='3 - Monthly Unit Rates'!I55*('4 - Estimated Volumes'!I55*12) -> 0 | J55: ='3 - Monthly Unit Rates'!J55*('4 - Estimated Volumes'!J55*12) -> 0 | K55: =('3 - Monthly Unit Rates'!K55*'4 - Estimated Volumes'!K55)*6 -> 0 | L55: =SUM(F55:K55) -> 0 | N55: ='3 - Monthly Unit Rates'!N55*('4 - Estimated Volumes'!N55*12) -> 0 | O55: ='3 - Monthly Unit Rates'!O55*('4 - Estimated Volumes'!O55*12) -> 0 | P55: =N55+O55 -> 0 | R55: ='3 - Monthly Unit Rates'!R55*('4 - Estimated Volumes'!R55*12) -> 0 | S55: ='3 - Monthly Unit Rates'!S55*('4 - Estimated Volumes'!S55*12) -> 0 | T55: =R55+S55 -> 0
D56: Wifi Access Point Dual 2x2:2 Radio Integrated Omni Antenna Outdoor | E56: Per Device | F56: ='3 - Monthly Unit Rates'!F56*('4 - Estimated Volumes'!F56*12) -> 0 | G56: ='3 - Monthly Unit Rates'!G56*('4 - Estimated Volumes'!G56*12) -> 0 | H56: ='3 - Monthly Unit Rates'!H56*('4 - Estimated Volumes'!H56*12) -> 0 | I56: ='3 - Monthly Unit Rates'!I56*('4 - Estimated Volumes'!I56*12) -> 0 | J56: ='3 - Monthly Unit Rates'!J56*('4 - Estimated Volumes'!J56*12) -> 0 | K56: =('3 - Monthly Unit Rates'!K56*'4 - Estimated Volumes'!K56)*6 -> 0 | L56: =SUM(F56:K56) -> 0 | N56: ='3 - Monthly Unit Rates'!N56*('4 - Estimated Volumes'!N56*12) -> 0 | O56: ='3 - Monthly Unit Rates'!O56*('4 - Estimated Volumes'!O56*12) -> 0 | P56: =N56+O56 -> 0 | R56: ='3 - Monthly Unit Rates'!R56*('4 - Estimated Volumes'!R56*12) -> 0 | S56: ='3 - Monthly Unit Rates'!S56*('4 - Estimated Volumes'!S56*12) -> 0 | T56: =R56+S56 -> 0
D57: Wifi Access Point Dual 4x4:4 MU-MIMO Radio Integrated Antenna | E57: Per Device | F57: ='3 - Monthly Unit Rates'!F57*('4 - Estimated Volumes'!F57*12) -> 0 | G57: ='3 - Monthly Unit Rates'!G57*('4 - Estimated Volumes'!G57*12) -> 0 | H57: ='3 - Monthly Unit Rates'!H57*('4 - Estimated Volumes'!H57*12) -> 0 | I57: ='3 - Monthly Unit Rates'!I57*('4 - Estimated Volumes'!I57*12) -> 0 | J57: ='3 - Monthly Unit Rates'!J57*('4 - Estimated Volumes'!J57*12) -> 0 | K57: =('3 - Monthly Unit Rates'!K57*'4 - Estimated Volumes'!K57)*6 -> 0 | L57: =SUM(F57:K57) -> 0 | N57: ='3 - Monthly Unit Rates'!N57*('4 - Estimated Volumes'!N57*12) -> 0 | O57: ='3 - Monthly Unit Rates'!O57*('4 - Estimated Volumes'!O57*12) -> 0 | P57: =N57+O57 -> 0 | R57: ='3 - Monthly Unit Rates'!R57*('4 - Estimated Volumes'!R57*12) -> 0 | S57: ='3 - Monthly Unit Rates'!S57*('4 - Estimated Volumes'!S57*12) -> 0 | T57: =R57+S57 -> 0
D58: Wifi Access Point Dual 2x2:2 Radio Integrated Antenna | E58: Per Device | F58: ='3 - Monthly Unit Rates'!F58*('4 - Estimated Volumes'!F58*12) -> 173736 | G58: ='3 - Monthly Unit Rates'!G58*('4 - Estimated Volumes'!G58*12) -> 173736 | H58: ='3 - Monthly Unit Rates'!H58*('4 - Estimated Volumes'!H58*12) -> 173736 | I58: ='3 - Monthly Unit Rates'!I58*('4 - Estimated Volumes'!I58*12) -> 173736 | J58: ='3 - Monthly Unit Rates'!J58*('4 - Estimated Volumes'!J58*12) -> 173736 | K58: =('3 - Monthly Unit Rates'!K58*'4 - Estimated Volumes'!K58)*6 -> 86868 | L58: =SUM(F58:K58) -> 955548 | N58: ='3 - Monthly Unit Rates'!N58*('4 - Estimated Volumes'!N58*12) -> 173736 | O58: ='3 - Monthly Unit Rates'!O58*('4 - Estimated Volumes'!O58*12) -> 173736 | P58: =N58+O58 -> 347472 | R58: ='3 - Monthly Unit Rates'!R58*('4 - Estimated Volumes'!R58*12) -> 173736 | S58: ='3 - Monthly Unit Rates'!S58*('4 - Estimated Volumes'!S58*12) -> 173736 | T58: =R58+S58 -> 347472
D59: Wifi Controller 4-port 10/100/1000BASE-T 16 AP and 1K Client Controller | E59: Per Device | F59: ='3 - Monthly Unit Rates'!F59*('4 - Estimated Volumes'!F59*12) -> 0 | G59: ='3 - Monthly Unit Rates'!G59*('4 - Estimated Volumes'!G59*12) -> 0 | H59: ='3 - Monthly Unit Rates'!H59*('4 - Estimated Volumes'!H59*12) -> 0 | I59: ='3 - Monthly Unit Rates'!I59*('4 - Estimated Volumes'!I59*12) -> 0 | J59: ='3 - Monthly Unit Rates'!J59*('4 - Estimated Volumes'!J59*12) -> 0 | K59: =('3 - Monthly Unit Rates'!K59*'4 - Estimated Volumes'!K59)*6 -> 0 | L59: =SUM(F59:K59) -> 0 | N59: ='3 - Monthly Unit Rates'!N59*('4 - Estimated Volumes'!N59*12) -> 0 | O59: ='3 - Monthly Unit Rates'!O59*('4 - Estimated Volumes'!O59*12) -> 0 | P59: =N59+O59 -> 0 | R59: ='3 - Monthly Unit Rates'!R59*('4 - Estimated Volumes'!R59*12) -> 0 | S59: ='3 - Monthly Unit Rates'!S59*('4 - Estimated Volumes'!S59*12) -> 0 | T59: =R59+S59 -> 0
D60: Wifi Controller 8p Dual Pers 10/100/1000BASE-T/1GBASE-X SFP 64 AP and 4K Clients Controller | E60: Per Device | F60: ='3 - Monthly Unit Rates'!F60*('4 - Estimated Volumes'!F60*12) -> 35584.56 | G60: ='3 - Monthly Unit Rates'!G60*('4 - Estimated Volumes'!G60*12) -> 35584.56 | H60: ='3 - Monthly Unit Rates'!H60*('4 - Estimated Volumes'!H60*12) -> 35584.56 | I60: ='3 - Monthly Unit Rates'!I60*('4 - Estimated Volumes'!I60*12) -> 35584.56 | J60: ='3 - Monthly Unit Rates'!J60*('4 - Estimated Volumes'!J60*12) -> 35584.56 | K60: =('3 - Monthly Unit Rates'!K60*'4 - Estimated Volumes'!K60)*6 -> 17792.28 | L60: =SUM(F60:K60) -> 195715.08 | N60: ='3 - Monthly Unit Rates'!N60*('4 - Estimated Volumes'!N60*12) -> 35584.56 | O60: ='3 - Monthly Unit Rates'!O60*('4 - Estimated Volumes'!O60*12) -> 35584.56 | P60: =N60+O60 -> 71169.12 | R60: ='3 - Monthly Unit Rates'!R60*('4 - Estimated Volumes'!R60*12) -> 35584.56 | S60: ='3 - Monthly Unit Rates'!S60*('4 - Estimated Volumes'!S60*12) -> 35584.56 | T60: =R60+S60 -> 71169.12
D61: Wifi Controller 2-port 10GBASE-X (SFP+) Controller | E61: Per Device | F61: ='3 - Monthly Unit Rates'!F61*('4 - Estimated Volumes'!F61*12) -> 99084.84 | G61: ='3 - Monthly Unit Rates'!G61*('4 - Estimated Volumes'!G61*12) -> 99084.84 | H61: ='3 - Monthly Unit Rates'!H61*('4 - Estimated Volumes'!H61*12) -> 99084.84 | I61: ='3 - Monthly Unit Rates'!I61*('4 - Estimated Volumes'!I61*12) -> 99084.84 | J61: ='3 - Monthly Unit Rates'!J61*('4 - Estimated Volumes'!J61*12) -> 99084.84 | K61: =('3 - Monthly Unit Rates'!K61*'4 - Estimated Volumes'!K61)*6 -> 49542.42 | L61: =SUM(F61:K61) -> 544966.62 | N61: ='3 - Monthly Unit Rates'!N61*('4 - Estimated Volumes'!N61*12) -> 99084.84 | O61: ='3 - Monthly Unit Rates'!O61*('4 - Estimated Volumes'!O61*12) -> 99084.84 | P61: =N61+O61 -> 198169.68 | R61: ='3 - Monthly Unit Rates'!R61*('4 - Estimated Volumes'!R61*12) -> 99084.84 | S61: ='3 - Monthly Unit Rates'!S61*('4 - Estimated Volumes'!S61*12) -> 99084.84 | T61: =R61+S61 -> 198169.68
D62: UCCaaS CPE
D63: Phone - UCCaaS single line | E63: Per Device | F63: ='3 - Monthly Unit Rates'!F63*('4 - Estimated Volumes'!F63*12) -> 0 | G63: ='3 - Monthly Unit Rates'!G63*('4 - Estimated Volumes'!G63*12) -> 0 | H63: ='3 - Monthly Unit Rates'!H63*('4 - Estimated Volumes'!H63*12) -> 0 | I63: ='3 - Monthly Unit Rates'!I63*('4 - Estimated Volumes'!I63*12) -> 0 | J63: ='3 - Monthly Unit Rates'!J63*('4 - Estimated Volumes'!J63*12) -> 0 | K63: =('3 - Monthly Unit Rates'!K63*'4 - Estimated Volumes'!K63)*6 -> 0 | L63: =SUM(F63:K63) -> 0 | N63: ='3 - Monthly Unit Rates'!N63*('4 - Estimated Volumes'!N63*12) -> 0 | O63: ='3 - Monthly Unit Rates'!O63*('4 - Estimated Volumes'!O63*12) -> 0 | P63: =N63+O63 -> 0 | R63: ='3 - Monthly Unit Rates'!R63*('4 - Estimated Volumes'!R63*12) -> 0 | S63: ='3 - Monthly Unit Rates'!S63*('4 - Estimated Volumes'!S63*12) -> 0 | T63: =R63+S63 -> 0
D64: Phone - UCCaaS 2 line | E64: Per Device | F64: ='3 - Monthly Unit Rates'!F64*('4 - Estimated Volumes'!F64*12) -> 0 | G64: ='3 - Monthly Unit Rates'!G64*('4 - Estimated Volumes'!G64*12) -> 0 | H64: ='3 - Monthly Unit Rates'!H64*('4 - Estimated Volumes'!H64*12) -> 0 | I64: ='3 - Monthly Unit Rates'!I64*('4 - Estimated Volumes'!I64*12) -> 0 | J64: ='3 - Monthly Unit Rates'!J64*('4 - Estimated Volumes'!J64*12) -> 0 | K64: =('3 - Monthly Unit Rates'!K64*'4 - Estimated Volumes'!K64)*6 -> 0 | L64: =SUM(F64:K64) -> 0 | N64: ='3 - Monthly Unit Rates'!N64*('4 - Estimated Volumes'!N64*12) -> 0 | O64: ='3 - Monthly Unit Rates'!O64*('4 - Estimated Volumes'!O64*12) -> 0 | P64: =N64+O64 -> 0 | R64: ='3 - Monthly Unit Rates'!R64*('4 - Estimated Volumes'!R64*12) -> 0 | S64: ='3 - Monthly Unit Rates'!S64*('4 - Estimated Volumes'!S64*12) -> 0 | T64: =R64+S64 -> 0
D65: Phone - UCCaaS 4 line | E65: Per Device | F65: ='3 - Monthly Unit Rates'!F65*('4 - Estimated Volumes'!F65*12) -> 913416.96 | G65: ='3 - Monthly Unit Rates'!G65*('4 - Estimated Volumes'!G65*12) -> 913416.96 | H65: ='3 - Monthly Unit Rates'!H65*('4 - Estimated Volumes'!H65*12) -> 913416.96 | I65: ='3 - Monthly Unit Rates'!I65*('4 - Estimated Volumes'!I65*12) -> 913416.96 | J65: ='3 - Monthly Unit Rates'!J65*('4 - Estimated Volumes'!J65*12) -> 913416.96 | K65: =('3 - Monthly Unit Rates'!K65*'4 - Estimated Volumes'!K65)*6 -> 456708.48 | L65: =SUM(F65:K65) -> 5023793.3 | N65: ='3 - Monthly Unit Rates'!N65*('4 - Estimated Volumes'!N65*12) -> 913416.96 | O65: ='3 - Monthly Unit Rates'!O65*('4 - Estimated Volumes'!O65*12) -> 913416.96 | P65: =N65+O65 -> 1826833.9 | R65: ='3 - Monthly Unit Rates'!R65*('4 - Estimated Volumes'!R65*12) -> 913416.96 | S65: ='3 - Monthly Unit Rates'!S65*('4 - Estimated Volumes'!S65*12) -> 913416.96 | T65: =R65+S65 -> 1826833.9
D66: Phone - UCCaaS 16 line (Accessibility Phone) | E66: Per Device | F66: ='3 - Monthly Unit Rates'!F66*('4 - Estimated Volumes'!F66*12) -> 0 | G66: ='3 - Monthly Unit Rates'!G66*('4 - Estimated Volumes'!G66*12) -> 0 | H66: ='3 - Monthly Unit Rates'!H66*('4 - Estimated Volumes'!H66*12) -> 0 | I66: ='3 - Monthly Unit Rates'!I66*('4 - Estimated Volumes'!I66*12) -> 0 | J66: ='3 - Monthly Unit Rates'!J66*('4 - Estimated Volumes'!J66*12) -> 0 | K66: =('3 - Monthly Unit Rates'!K66*'4 - Estimated Volumes'!K66)*6 -> 0 | L66: =SUM(F66:K66) -> 0 | N66: ='3 - Monthly Unit Rates'!N66*('4 - Estimated Volumes'!N66*12) -> 0 | O66: ='3 - Monthly Unit Rates'!O66*('4 - Estimated Volumes'!O66*12) -> 0 | P66: =N66+O66 -> 0 | R66: ='3 - Monthly Unit Rates'!R66*('4 - Estimated Volumes'!R66*12) -> 0 | S66: ='3 - Monthly Unit Rates'!S66*('4 - Estimated Volumes'!S66*12) -> 0 | T66: =R66+S66 -> 0
D67: Phone - UCCaaS 16 line | E67: Per Device | F67: ='3 - Monthly Unit Rates'!F67*('4 - Estimated Volumes'!F67*12) -> 0 | G67: ='3 - Monthly Unit Rates'!G67*('4 - Estimated Volumes'!G67*12) -> 0 | H67: ='3 - Monthly Unit Rates'!H67*('4 - Estimated Volumes'!H67*12) -> 0 | I67: ='3 - Monthly Unit Rates'!I67*('4 - Estimated Volumes'!I67*12) -> 0 | J67: ='3 - Monthly Unit Rates'!J67*('4 - Estimated Volumes'!J67*12) -> 0 | K67: =('3 - Monthly Unit Rates'!K67*'4 - Estimated Volumes'!K67)*6 -> 0 | L67: =SUM(F67:K67) -> 0 | N67: ='3 - Monthly Unit Rates'!N67*('4 - Estimated Volumes'!N67*12) -> 0 | O67: ='3 - Monthly Unit Rates'!O67*('4 - Estimated Volumes'!O67*12) -> 0 | P67: =N67+O67 -> 0 | R67: ='3 - Monthly Unit Rates'!R67*('4 - Estimated Volumes'!R67*12) -> 0 | S67: ='3 - Monthly Unit Rates'!S67*('4 - Estimated Volumes'!S67*12) -> 0 | T67: =R67+S67 -> 0
D68: Phone - UCCaaS Conference Phone | E68: Per Device | F68: ='3 - Monthly Unit Rates'!F68*('4 - Estimated Volumes'!F68*12) -> 0 | G68: ='3 - Monthly Unit Rates'!G68*('4 - Estimated Volumes'!G68*12) -> 0 | H68: ='3 - Monthly Unit Rates'!H68*('4 - Estimated Volumes'!H68*12) -> 0 | I68: ='3 - Monthly Unit Rates'!I68*('4 - Estimated Volumes'!I68*12) -> 0 | J68: ='3 - Monthly Unit Rates'!J68*('4 - Estimated Volumes'!J68*12) -> 0 | K68: =('3 - Monthly Unit Rates'!K68*'4 - Estimated Volumes'!K68)*6 -> 0 | L68: =SUM(F68:K68) -> 0 | N68: ='3 - Monthly Unit Rates'!N68*('4 - Estimated Volumes'!N68*12) -> 0 | O68: ='3 - Monthly Unit Rates'!O68*('4 - Estimated Volumes'!O68*12) -> 0 | P68: =N68+O68 -> 0 | R68: ='3 - Monthly Unit Rates'!R68*('4 - Estimated Volumes'!R68*12) -> 0 | S68: ='3 - Monthly Unit Rates'!S68*('4 - Estimated Volumes'!S68*12) -> 0 | T68: =R68+S68 -> 0
D69: Phone Accessory - UCCaaS Conference Phone POE Injector | E69: Per Device | F69: ='3 - Monthly Unit Rates'!F69*('4 - Estimated Volumes'!F69*12) -> 0 | G69: ='3 - Monthly Unit Rates'!G69*('4 - Estimated Volumes'!G69*12) -> 0 | H69: ='3 - Monthly Unit Rates'!H69*('4 - Estimated Volumes'!H69*12) -> 0 | I69: ='3 - Monthly Unit Rates'!I69*('4 - Estimated Volumes'!I69*12) -> 0 | J69: ='3 - Monthly Unit Rates'!J69*('4 - Estimated Volumes'!J69*12) -> 0 | K69: =('3 - Monthly Unit Rates'!K69*'4 - Estimated Volumes'!K69)*6 -> 0 | L69: =SUM(F69:K69) -> 0 | N69: ='3 - Monthly Unit Rates'!N69*('4 - Estimated Volumes'!N69*12) -> 0 | O69: ='3 - Monthly Unit Rates'!O69*('4 - Estimated Volumes'!O69*12) -> 0 | P69: =N69+O69 -> 0 | R69: ='3 - Monthly Unit Rates'!R69*('4 - Estimated Volumes'!R69*12) -> 0 | S69: ='3 - Monthly Unit Rates'!S69*('4 - Estimated Volumes'!S69*12) -> 0 | T69: =R69+S69 -> 0
D70: Phone Accessory - UCCaaS Conference Phone external microphone | E70: Per Device | F70: ='3 - Monthly Unit Rates'!F70*('4 - Estimated Volumes'!F70*12) -> 0 | G70: ='3 - Monthly Unit Rates'!G70*('4 - Estimated Volumes'!G70*12) -> 0 | H70: ='3 - Monthly Unit Rates'!H70*('4 - Estimated Volumes'!H70*12) -> 0 | I70: ='3 - Monthly Unit Rates'!I70*('4 - Estimated Volumes'!I70*12) -> 0 | J70: ='3 - Monthly Unit Rates'!J70*('4 - Estimated Volumes'!J70*12) -> 0 | K70: =('3 - Monthly Unit Rates'!K70*'4 - Estimated Volumes'!K70)*6 -> 0 | L70: =SUM(F70:K70) -> 0 | N70: ='3 - Monthly Unit Rates'!N70*('4 - Estimated Volumes'!N70*12) -> 0 | O70: ='3 - Monthly Unit Rates'!O70*('4 - Estimated Volumes'!O70*12) -> 0 | P70: =N70+O70 -> 0 | R70: ='3 - Monthly Unit Rates'!R70*('4 - Estimated Volumes'!R70*12) -> 0 | S70: ='3 - Monthly Unit Rates'!S70*('4 - Estimated Volumes'!S70*12) -> 0 | T70: =R70+S70 -> 0
D71: Phone - UCCaaS 5 line, GigE | E71: Per Device | F71: ='3 - Monthly Unit Rates'!F71*('4 - Estimated Volumes'!F71*12) -> 0 | G71: ='3 - Monthly Unit Rates'!G71*('4 - Estimated Volumes'!G71*12) -> 0 | H71: ='3 - Monthly Unit Rates'!H71*('4 - Estimated Volumes'!H71*12) -> 0 | I71: ='3 - Monthly Unit Rates'!I71*('4 - Estimated Volumes'!I71*12) -> 0 | J71: ='3 - Monthly Unit Rates'!J71*('4 - Estimated Volumes'!J71*12) -> 0 | K71: =('3 - Monthly Unit Rates'!K71*'4 - Estimated Volumes'!K71)*6 -> 0 | L71: =SUM(F71:K71) -> 0 | N71: ='3 - Monthly Unit Rates'!N71*('4 - Estimated Volumes'!N71*12) -> 0 | O71: ='3 - Monthly Unit Rates'!O71*('4 - Estimated Volumes'!O71*12) -> 0 | P71: =N71+O71 -> 0 | R71: ='3 - Monthly Unit Rates'!R71*('4 - Estimated Volumes'!R71*12) -> 0 | S71: ='3 - Monthly Unit Rates'!S71*('4 - Estimated Volumes'!S71*12) -> 0 | T71: =R71+S71 -> 0
D72: Phone - UCCaaS 5 line, GigE, Wifi | E72: Per Device | F72: ='3 - Monthly Unit Rates'!F72*('4 - Estimated Volumes'!F72*12) -> 0 | G72: ='3 - Monthly Unit Rates'!G72*('4 - Estimated Volumes'!G72*12) -> 0 | H72: ='3 - Monthly Unit Rates'!H72*('4 - Estimated Volumes'!H72*12) -> 0 | I72: ='3 - Monthly Unit Rates'!I72*('4 - Estimated Volumes'!I72*12) -> 0 | J72: ='3 - Monthly Unit Rates'!J72*('4 - Estimated Volumes'!J72*12) -> 0 | K72: =('3 - Monthly Unit Rates'!K72*'4 - Estimated Volumes'!K72)*6 -> 0 | L72: =SUM(F72:K72) -> 0 | N72: ='3 - Monthly Unit Rates'!N72*('4 - Estimated Volumes'!N72*12) -> 0 | O72: ='3 - Monthly Unit Rates'!O72*('4 - Estimated Volumes'!O72*12) -> 0 | P72: =N72+O72 -> 0 | R72: ='3 - Monthly Unit Rates'!R72*('4 - Estimated Volumes'!R72*12) -> 0 | S72: ='3 - Monthly Unit Rates'!S72*('4 - Estimated Volumes'!S72*12) -> 0 | T72: =R72+S72 -> 0
D73: Phone- Accessory Key Expansion Module | E73: Per Device | F73: ='3 - Monthly Unit Rates'!F73*('4 - Estimated Volumes'!F73*12) -> 0 | G73: ='3 - Monthly Unit Rates'!G73*('4 - Estimated Volumes'!G73*12) -> 0 | H73: ='3 - Monthly Unit Rates'!H73*('4 - Estimated Volumes'!H73*12) -> 0 | I73: ='3 - Monthly Unit Rates'!I73*('4 - Estimated Volumes'!I73*12) -> 0 | J73: ='3 - Monthly Unit Rates'!J73*('4 - Estimated Volumes'!J73*12) -> 0 | K73: =('3 - Monthly Unit Rates'!K73*'4 - Estimated Volumes'!K73)*6 -> 0 | L73: =SUM(F73:K73) -> 0 | N73: ='3 - Monthly Unit Rates'!N73*('4 - Estimated Volumes'!N73*12) -> 0 | O73: ='3 - Monthly Unit Rates'!O73*('4 - Estimated Volumes'!O73*12) -> 0 | P73: =N73+O73 -> 0 | R73: ='3 - Monthly Unit Rates'!R73*('4 - Estimated Volumes'!R73*12) -> 0 | S73: ='3 - Monthly Unit Rates'!S73*('4 - Estimated Volumes'!S73*12) -> 0 | T73: =R73+S73 -> 0
D74: Phone- Accessory Key Expansion Module Power cube | E74: Per Device | F74: ='3 - Monthly Unit Rates'!F74*('4 - Estimated Volumes'!F74*12) -> 0 | G74: ='3 - Monthly Unit Rates'!G74*('4 - Estimated Volumes'!G74*12) -> 0 | H74: ='3 - Monthly Unit Rates'!H74*('4 - Estimated Volumes'!H74*12) -> 0 | I74: ='3 - Monthly Unit Rates'!I74*('4 - Estimated Volumes'!I74*12) -> 0 | J74: ='3 - Monthly Unit Rates'!J74*('4 - Estimated Volumes'!J74*12) -> 0 | K74: =('3 - Monthly Unit Rates'!K74*'4 - Estimated Volumes'!K74)*6 -> 0 | L74: =SUM(F74:K74) -> 0 | N74: ='3 - Monthly Unit Rates'!N74*('4 - Estimated Volumes'!N74*12) -> 0 | O74: ='3 - Monthly Unit Rates'!O74*('4 - Estimated Volumes'!O74*12) -> 0 | P74: =N74+O74 -> 0 | R74: ='3 - Monthly Unit Rates'!R74*('4 - Estimated Volumes'!R74*12) -> 0 | S74: ='3 - Monthly Unit Rates'!S74*('4 - Estimated Volumes'!S74*12) -> 0 | T74: =R74+S74 -> 0
D75: Voice Gateway 2 Port | E75: Per Device | F75: ='3 - Monthly Unit Rates'!F75*('4 - Estimated Volumes'!F73*12) -> 0 | G75: ='3 - Monthly Unit Rates'!G75*('4 - Estimated Volumes'!G73*12) -> 0 | H75: ='3 - Monthly Unit Rates'!H75*('4 - Estimated Volumes'!H73*12) -> 0 | I75: ='3 - Monthly Unit Rates'!I75*('4 - Estimated Volumes'!I73*12) -> 0 | J75: ='3 - Monthly Unit Rates'!J75*('4 - Estimated Volumes'!J73*12) -> 0 | K75: =('3 - Monthly Unit Rates'!K75*'4 - Estimated Volumes'!K73)*6 -> 0 | L75: =SUM(F75:K75) -> 0 | N75: ='3 - Monthly Unit Rates'!N75*('4 - Estimated Volumes'!N73*12) -> 0 | O75: ='3 - Monthly Unit Rates'!O75*('4 - Estimated Volumes'!O73*12) -> 0 | P75: =N75+O75 -> 0 | R75: ='3 - Monthly Unit Rates'!R75*('4 - Estimated Volumes'!R73*12) -> 0 | S75: ='3 - Monthly Unit Rates'!S75*('4 - Estimated Volumes'!S73*12) -> 0 | T75: =R75+S75 -> 0
D76: Voice Gateway 4 Port | E76: Per Device | F76: ='3 - Monthly Unit Rates'!F76*('4 - Estimated Volumes'!F74*12) -> 0 | G76: ='3 - Monthly Unit Rates'!G76*('4 - Estimated Volumes'!G74*12) -> 0 | H76: ='3 - Monthly Unit Rates'!H76*('4 - Estimated Volumes'!H74*12) -> 0 | I76: ='3 - Monthly Unit Rates'!I76*('4 - Estimated Volumes'!I74*12) -> 0 | J76: ='3 - Monthly Unit Rates'!J76*('4 - Estimated Volumes'!J74*12) -> 0 | K76: =('3 - Monthly Unit Rates'!K76*'4 - Estimated Volumes'!K74)*6 -> 0 | L76: =SUM(F76:K76) -> 0 | N76: ='3 - Monthly Unit Rates'!N76*('4 - Estimated Volumes'!N74*12) -> 0 | O76: ='3 - Monthly Unit Rates'!O76*('4 - Estimated Volumes'!O74*12) -> 0 | P76: =N76+O76 -> 0 | R76: ='3 - Monthly Unit Rates'!R76*('4 - Estimated Volumes'!R74*12) -> 0 | S76: ='3 - Monthly Unit Rates'!S76*('4 - Estimated Volumes'!S74*12) -> 0 | T76: =R76+S76 -> 0
D77: Voice Gateway 24 Port | E77: Per Device | F77: ='3 - Monthly Unit Rates'!F77*('4 - Estimated Volumes'!F77*12) -> 149197.56 | G77: ='3 - Monthly Unit Rates'!G77*('4 - Estimated Volumes'!G77*12) -> 149197.56 | H77: ='3 - Monthly Unit Rates'!H77*('4 - Estimated Volumes'!H77*12) -> 149197.56 | I77: ='3 - Monthly Unit Rates'!I77*('4 - Estimated Volumes'!I77*12) -> 149197.56 | J77: ='3 - Monthly Unit Rates'!J77*('4 - Estimated Volumes'!J77*12) -> 149197.56 | K77: =('3 - Monthly Unit Rates'!K77*'4 - Estimated Volumes'!K77)*6 -> 74598.78 | L77: =SUM(F77:K77) -> 820586.58 | N77: ='3 - Monthly Unit Rates'!N77*('4 - Estimated Volumes'!N77*12) -> 149197.56 | O77: ='3 - Monthly Unit Rates'!O77*('4 - Estimated Volumes'!O77*12) -> 149197.56 | P77: =N77+O77 -> 298395.12 | R77: ='3 - Monthly Unit Rates'!R77*('4 - Estimated Volumes'!R77*12) -> 149197.56 | S77: ='3 - Monthly Unit Rates'!S77*('4 - Estimated Volumes'!S77*12) -> 149197.56 | T77: =R77+S77 -> 298395.12
D78: Voice Gateway 48 Port | E78: Per Device | F78: ='3 - Monthly Unit Rates'!F78*('4 - Estimated Volumes'!F78*12) -> 0 | G78: ='3 - Monthly Unit Rates'!G78*('4 - Estimated Volumes'!G78*12) -> 0 | H78: ='3 - Monthly Unit Rates'!H78*('4 - Estimated Volumes'!H78*12) -> 0 | I78: ='3 - Monthly Unit Rates'!I78*('4 - Estimated Volumes'!I78*12) -> 0 | J78: ='3 - Monthly Unit Rates'!J78*('4 - Estimated Volumes'!J78*12) -> 0 | K78: =('3 - Monthly Unit Rates'!K78*'4 - Estimated Volumes'!K78)*6 -> 0 | L78: =SUM(F78:K78) -> 0 | N78: ='3 - Monthly Unit Rates'!N78*('4 - Estimated Volumes'!N78*12) -> 0 | O78: ='3 - Monthly Unit Rates'!O78*('4 - Estimated Volumes'!O78*12) -> 0 | P78: =N78+O78 -> 0 | R78: ='3 - Monthly Unit Rates'!R78*('4 - Estimated Volumes'!R78*12) -> 0 | S78: ='3 - Monthly Unit Rates'!S78*('4 - Estimated Volumes'!S78*12) -> 0 | T78: =R78+S78 -> 0
D79: Voice Gateway 160 Port | E79: Per Device | F79: ='3 - Monthly Unit Rates'!F79*('4 - Estimated Volumes'!F79*12) -> 0 | G79: ='3 - Monthly Unit Rates'!G79*('4 - Estimated Volumes'!G79*12) -> 0 | H79: ='3 - Monthly Unit Rates'!H79*('4 - Estimated Volumes'!H79*12) -> 0 | I79: ='3 - Monthly Unit Rates'!I79*('4 - Estimated Volumes'!I79*12) -> 0 | J79: ='3 - Monthly Unit Rates'!J79*('4 - Estimated Volumes'!J79*12) -> 0 | K79: =('3 - Monthly Unit Rates'!K79*'4 - Estimated Volumes'!K79)*6 -> 0 | L79: =SUM(F79:K79) -> 0 | N79: ='3 - Monthly Unit Rates'!N79*('4 - Estimated Volumes'!N79*12) -> 0 | O79: ='3 - Monthly Unit Rates'!O79*('4 - Estimated Volumes'!O79*12) -> 0 | P79: =N79+O79 -> 0 | R79: ='3 - Monthly Unit Rates'!R79*('4 - Estimated Volumes'!R79*12) -> 0 | S79: ='3 - Monthly Unit Rates'!S79*('4 - Estimated Volumes'!S79*12) -> 0 | T79: =R79+S79 -> 0
D80: 8 port Analog Terminal Adapter (ATA) | E80: Per Device | F80: ='3 - Monthly Unit Rates'!F80*('4 - Estimated Volumes'!F80*12) -> 0 | G80: ='3 - Monthly Unit Rates'!G80*('4 - Estimated Volumes'!G80*12) -> 0 | H80: ='3 - Monthly Unit Rates'!H80*('4 - Estimated Volumes'!H80*12) -> 0 | I80: ='3 - Monthly Unit Rates'!I80*('4 - Estimated Volumes'!I80*12) -> 0 | J80: ='3 - Monthly Unit Rates'!J80*('4 - Estimated Volumes'!J80*12) -> 0 | K80: =('3 - Monthly Unit Rates'!K80*'4 - Estimated Volumes'!K80)*6 -> 0 | L80: =SUM(F80:K80) -> 0 | N80: ='3 - Monthly Unit Rates'!N80*('4 - Estimated Volumes'!N80*12) -> 0 | O80: ='3 - Monthly Unit Rates'!O80*('4 - Estimated Volumes'!O80*12) -> 0 | P80: =N80+O80 -> 0 | R80: ='3 - Monthly Unit Rates'!R80*('4 - Estimated Volumes'!R80*12) -> 0 | S80: ='3 - Monthly Unit Rates'!S80*('4 - Estimated Volumes'!S80*12) -> 0 | T80: =R80+S80 -> 0
D81: 2 port Analog Terminal Adapter (ATA) | E81: Per Device | F81: ='3 - Monthly Unit Rates'!F81*('4 - Estimated Volumes'!F81*12) -> 0 | G81: ='3 - Monthly Unit Rates'!G81*('4 - Estimated Volumes'!G81*12) -> 0 | H81: ='3 - Monthly Unit Rates'!H81*('4 - Estimated Volumes'!H81*12) -> 0 | I81: ='3 - Monthly Unit Rates'!I81*('4 - Estimated Volumes'!I81*12) -> 0 | J81: ='3 - Monthly Unit Rates'!J81*('4 - Estimated Volumes'!J81*12) -> 0 | K81: =('3 - Monthly Unit Rates'!K81*'4 - Estimated Volumes'!K81)*6 -> 0 | L81: =SUM(F81:K81) -> 0 | N81: ='3 - Monthly Unit Rates'!N81*('4 - Estimated Volumes'!N81*12) -> 0 | O81: ='3 - Monthly Unit Rates'!O81*('4 - Estimated Volumes'!O81*12) -> 0 | P81: =N81+O81 -> 0 | R81: ='3 - Monthly Unit Rates'!R81*('4 - Estimated Volumes'!R81*12) -> 0 | S81: ='3 - Monthly Unit Rates'!S81*('4 - Estimated Volumes'!S81*12) -> 0 | T81: =R81+S81 -> 0
D82: 24 Port Analog Terminal Adapter (ATA) | E82: Per Device | F82: ='3 - Monthly Unit Rates'!F82*('4 - Estimated Volumes'!F82*12) -> 0 | G82: ='3 - Monthly Unit Rates'!G82*('4 - Estimated Volumes'!G82*12) -> 0 | H82: ='3 - Monthly Unit Rates'!H82*('4 - Estimated Volumes'!H82*12) -> 0 | I82: ='3 - Monthly Unit Rates'!I82*('4 - Estimated Volumes'!I82*12) -> 0 | J82: ='3 - Monthly Unit Rates'!J82*('4 - Estimated Volumes'!J82*12) -> 0 | K82: =('3 - Monthly Unit Rates'!K82*'4 - Estimated Volumes'!K82)*6 -> 0 | L82: =SUM(F82:K82) -> 0 | N82: ='3 - Monthly Unit Rates'!N82*('4 - Estimated Volumes'!N82*12) -> 0 | O82: ='3 - Monthly Unit Rates'!O82*('4 - Estimated Volumes'!O82*12) -> 0 | P82: =N82+O82 -> 0 | R82: ='3 - Monthly Unit Rates'!R82*('4 - Estimated Volumes'!R82*12) -> 0 | S82: ='3 - Monthly Unit Rates'!S82*('4 - Estimated Volumes'!S82*12) -> 0 | T82: =R82+S82 -> 0
D83: VCE CPE
D84: Conference Phone 12 Foot Radius | F84: ='3 - Monthly Unit Rates'!F84*('4 - Estimated Volumes'!F84*12) -> 0 | G84: ='3 - Monthly Unit Rates'!G84*('4 - Estimated Volumes'!G84*12) -> 0 | H84: ='3 - Monthly Unit Rates'!H84*('4 - Estimated Volumes'!H84*12) -> 0 | I84: ='3 - Monthly Unit Rates'!I84*('4 - Estimated Volumes'!I84*12) -> 0 | J84: ='3 - Monthly Unit Rates'!J84*('4 - Estimated Volumes'!J84*12) -> 0 | K84: ='3 - Monthly Unit Rates'!K84*('4 - Estimated Volumes'!K84*6) -> 0 | L84: =SUM(F84:K84) -> 0 | N84: ='3 - Monthly Unit Rates'!N84*('4 - Estimated Volumes'!N84*12) -> 0 | O84: ='3 - Monthly Unit Rates'!O84*('4 - Estimated Volumes'!O84*12) -> 0 | P84: =N84+O84 -> 0 | R84: ='3 - Monthly Unit Rates'!R84*('4 - Estimated Volumes'!R84*12) -> 0 | S84: ='3 - Monthly Unit Rates'!S84*('4 - Estimated Volumes'!S84*12) -> 0 | T84: =R84+S84 -> 0
D85: Conference Phone | E85: Per Device | F85: ='3 - Monthly Unit Rates'!F84*('4 - Estimated Volumes'!F84*12) -> 0 | G85: ='3 - Monthly Unit Rates'!G84*('4 - Estimated Volumes'!G84*12) -> 0 | H85: ='3 - Monthly Unit Rates'!H84*('4 - Estimated Volumes'!H84*12) -> 0 | I85: ='3 - Monthly Unit Rates'!I84*('4 - Estimated Volumes'!I84*12) -> 0 | J85: ='3 - Monthly Unit Rates'!J84*('4 - Estimated Volumes'!J84*12) -> 0 | K85: =('3 - Monthly Unit Rates'!K84*'4 - Estimated Volumes'!K84)*6 -> 0 | L85: =SUM(F85:K85) -> 0 | N85: ='3 - Monthly Unit Rates'!N84*('4 - Estimated Volumes'!N84*12) -> 0 | O85: ='3 - Monthly Unit Rates'!O84*('4 - Estimated Volumes'!O84*12) -> 0 | P85: =N85+O85 -> 0 | R85: ='3 - Monthly Unit Rates'!R84*('4 - Estimated Volumes'!R84*12) -> 0 | S85: ='3 - Monthly Unit Rates'!S84*('4 - Estimated Volumes'!S84*12) -> 0 | T85: =R85+S85 -> 0
D86: Conference Phone Extension Microphones | E86: Per Device | F86: ='3 - Monthly Unit Rates'!F85*('4 - Estimated Volumes'!F85*12) -> 0 | G86: ='3 - Monthly Unit Rates'!G85*('4 - Estimated Volumes'!G85*12) -> 0 | H86: ='3 - Monthly Unit Rates'!H85*('4 - Estimated Volumes'!H85*12) -> 0 | I86: ='3 - Monthly Unit Rates'!I85*('4 - Estimated Volumes'!I85*12) -> 0 | J86: ='3 - Monthly Unit Rates'!J85*('4 - Estimated Volumes'!J85*12) -> 0 | K86: =('3 - Monthly Unit Rates'!K85*'4 - Estimated Volumes'!K85)*6 -> 0 | L86: =SUM(F86:K86) -> 0 | N86: ='3 - Monthly Unit Rates'!N85*('4 - Estimated Volumes'!N85*12) -> 0 | O86: ='3 - Monthly Unit Rates'!O85*('4 - Estimated Volumes'!O85*12) -> 0 | P86: =N86+O86 -> 0 | R86: ='3 - Monthly Unit Rates'!R85*('4 - Estimated Volumes'!R85*12) -> 0 | S86: ='3 - Monthly Unit Rates'!S85*('4 - Estimated Volumes'!S85*12) -> 0 | T86: =R86+S86 -> 0
D87: Phone – VCE 2 line | E87: Per Device | F87: ='3 - Monthly Unit Rates'!F86*('4 - Estimated Volumes'!F86*12) -> 545381.76 | G87: ='3 - Monthly Unit Rates'!G86*('4 - Estimated Volumes'!G86*12) -> 545381.76 | H87: ='3 - Monthly Unit Rates'!H86*('4 - Estimated Volumes'!H86*12) -> 545381.76 | I87: ='3 - Monthly Unit Rates'!I86*('4 - Estimated Volumes'!I86*12) -> 545381.76 | J87: ='3 - Monthly Unit Rates'!J86*('4 - Estimated Volumes'!J86*12) -> 545381.76 | K87: =('3 - Monthly Unit Rates'!K86*'4 - Estimated Volumes'!K86)*6 -> 272690.88 | L87: =SUM(F87:K87) -> 2999599.7 | N87: ='3 - Monthly Unit Rates'!N86*('4 - Estimated Volumes'!N86*12) -> 545381.76 | O87: ='3 - Monthly Unit Rates'!O86*('4 - Estimated Volumes'!O86*12) -> 545381.76 | P87: =N87+O87 -> 1090763.5 | R87: ='3 - Monthly Unit Rates'!R86*('4 - Estimated Volumes'!R86*12) -> 545381.76 | S87: ='3 - Monthly Unit Rates'!S86*('4 - Estimated Volumes'!S86*12) -> 545381.76 | T87: =R87+S87 -> 1090763.5
D88: Phone – VCE 4 line | E88: Per Device | F88: ='3 - Monthly Unit Rates'!F87*('4 - Estimated Volumes'!F87*12) -> 0 | G88: ='3 - Monthly Unit Rates'!G87*('4 - Estimated Volumes'!G87*12) -> 0 | H88: ='3 - Monthly Unit Rates'!H87*('4 - Estimated Volumes'!H87*12) -> 0 | I88: ='3 - Monthly Unit Rates'!I87*('4 - Estimated Volumes'!I87*12) -> 0 | J88: ='3 - Monthly Unit Rates'!J87*('4 - Estimated Volumes'!J87*12) -> 0 | K88: ='3 - Monthly Unit Rates'!K87*('4 - Estimated Volumes'!K87*12) -> 0 | L88: =SUM(F88:K88) -> 0 | N88: ='3 - Monthly Unit Rates'!N87*('4 - Estimated Volumes'!N87*12) -> 0 | O88: ='3 - Monthly Unit Rates'!O87*('4 - Estimated Volumes'!O87*12) -> 0 | P88: =N88+O88 -> 0 | R88: ='3 - Monthly Unit Rates'!R87*('4 - Estimated Volumes'!R87*12) -> 0 | S88: ='3 - Monthly Unit Rates'!S87*('4 - Estimated Volumes'!S87*12) -> 0 | T88: =R88+S88 -> 0
D89: Phone – VCE 6 line | E89: Per Device | F89: ='3 - Monthly Unit Rates'!F88*('4 - Estimated Volumes'!F88*12) -> 238422.24 | G89: ='3 - Monthly Unit Rates'!G88*('4 - Estimated Volumes'!G88*12) -> 238422.24 | H89: ='3 - Monthly Unit Rates'!H88*('4 - Estimated Volumes'!H88*12) -> 238422.24 | I89: ='3 - Monthly Unit Rates'!I88*('4 - Estimated Volumes'!I88*12) -> 238422.24 | J89: ='3 - Monthly Unit Rates'!J88*('4 - Estimated Volumes'!J88*12) -> 238422.24 | K89: =('3 - Monthly Unit Rates'!K88*'4 - Estimated Volumes'!K88)*6 -> 119211.12 | L89: =SUM(F89:K89) -> 1311322.3 | N89: ='3 - Monthly Unit Rates'!N88*('4 - Estimated Volumes'!N88*12) -> 238422.24 | O89: ='3 - Monthly Unit Rates'!O88*('4 - Estimated Volumes'!O88*12) -> 238422.24 | P89: =N89+O89 -> 476844.48 | R89: ='3 - Monthly Unit Rates'!R88*('4 - Estimated Volumes'!R88*12) -> 238422.24 | S89: ='3 - Monthly Unit Rates'!S88*('4 - Estimated Volumes'!S88*12) -> 238422.24 | T89: =R89+S89 -> 476844.48
D90: Phone – VCE 6 line w/GigE Interface | E90: Per Device | F90: ='3 - Monthly Unit Rates'!F89*('4 - Estimated Volumes'!F89*12) -> 0 | G90: ='3 - Monthly Unit Rates'!G89*('4 - Estimated Volumes'!G89*12) -> 0 | H90: ='3 - Monthly Unit Rates'!H89*('4 - Estimated Volumes'!H89*12) -> 0 | I90: ='3 - Monthly Unit Rates'!I89*('4 - Estimated Volumes'!I89*12) -> 0 | J90: ='3 - Monthly Unit Rates'!J89*('4 - Estimated Volumes'!J89*12) -> 0 | K90: =('3 - Monthly Unit Rates'!K89*'4 - Estimated Volumes'!K89)*6 -> 0 | L90: =SUM(F90:K90) -> 0 | N90: ='3 - Monthly Unit Rates'!N89*('4 - Estimated Volumes'!N89*12) -> 0 | O90: ='3 - Monthly Unit Rates'!O89*('4 - Estimated Volumes'!O89*12) -> 0 | P90: =N90+O90 -> 0 | R90: ='3 - Monthly Unit Rates'!R89*('4 - Estimated Volumes'!R89*12) -> 0 | S90: ='3 - Monthly Unit Rates'!S89*('4 - Estimated Volumes'!S89*12) -> 0 | T90: =R90+S90 -> 0
D91: Phone – VCE 12 line | E91: Per Device | F91: ='3 - Monthly Unit Rates'!F90*('4 - Estimated Volumes'!F90*12) -> 0 | G91: ='3 - Monthly Unit Rates'!G90*('4 - Estimated Volumes'!G90*12) -> 0 | H91: ='3 - Monthly Unit Rates'!H90*('4 - Estimated Volumes'!H90*12) -> 0 | I91: ='3 - Monthly Unit Rates'!I90*('4 - Estimated Volumes'!I90*12) -> 0 | J91: ='3 - Monthly Unit Rates'!J90*('4 - Estimated Volumes'!J90*12) -> 0 | K91: =('3 - Monthly Unit Rates'!K90*'4 - Estimated Volumes'!K90)*6 -> 0 | L91: =SUM(F91:K91) -> 0 | N91: ='3 - Monthly Unit Rates'!N90*('4 - Estimated Volumes'!N90*12) -> 0 | O91: ='3 - Monthly Unit Rates'!O90*('4 - Estimated Volumes'!O90*12) -> 0 | P91: =N91+O91 -> 0 | R91: ='3 - Monthly Unit Rates'!R90*('4 - Estimated Volumes'!R90*12) -> 0 | S91: ='3 - Monthly Unit Rates'!S90*('4 - Estimated Volumes'!S90*12) -> 0 | T91: =R91+S91 -> 0
D92: Phone – VCE 12 line w/GigE Interface | E92: Per Device | F92: ='3 - Monthly Unit Rates'!F91*('4 - Estimated Volumes'!F91*12) -> 0 | G92: ='3 - Monthly Unit Rates'!G91*('4 - Estimated Volumes'!G91*12) -> 0 | H92: ='3 - Monthly Unit Rates'!H91*('4 - Estimated Volumes'!H91*12) -> 0 | I92: ='3 - Monthly Unit Rates'!I91*('4 - Estimated Volumes'!I91*12) -> 0 | J92: ='3 - Monthly Unit Rates'!J91*('4 - Estimated Volumes'!J91*12) -> 0 | K92: =('3 - Monthly Unit Rates'!K91*'4 - Estimated Volumes'!K91)*6 -> 0 | L92: =SUM(F92:K92) -> 0 | N92: ='3 - Monthly Unit Rates'!N91*('4 - Estimated Volumes'!N91*12) -> 0 | O92: ='3 - Monthly Unit Rates'!O91*('4 - Estimated Volumes'!O91*12) -> 0 | P92: =N92+O92 -> 0 | R92: ='3 - Monthly Unit Rates'!R91*('4 - Estimated Volumes'!R91*12) -> 0 | S92: ='3 - Monthly Unit Rates'!S91*('4 - Estimated Volumes'!S91*12) -> 0 | T92: =R92+S92 -> 0
D93: Phone – VCE 12 line w/Video Port | E93: Per Device | F93: ='3 - Monthly Unit Rates'!F92*('4 - Estimated Volumes'!F92*12) -> 0 | G93: ='3 - Monthly Unit Rates'!G92*('4 - Estimated Volumes'!G92*12) -> 0 | H93: ='3 - Monthly Unit Rates'!H92*('4 - Estimated Volumes'!H92*12) -> 0 | I93: ='3 - Monthly Unit Rates'!I92*('4 - Estimated Volumes'!I92*12) -> 0 | J93: ='3 - Monthly Unit Rates'!J92*('4 - Estimated Volumes'!J92*12) -> 0 | K93: =('3 - Monthly Unit Rates'!K92*'4 - Estimated Volumes'!K92)*6 -> 0 | L93: =SUM(F93:K93) -> 0 | N93: ='3 - Monthly Unit Rates'!N92*('4 - Estimated Volumes'!N92*12) -> 0 | O93: ='3 - Monthly Unit Rates'!O92*('4 - Estimated Volumes'!O92*12) -> 0 | P93: =N93+O93 -> 0 | R93: ='3 - Monthly Unit Rates'!R92*('4 - Estimated Volumes'!R92*12) -> 0 | S93: ='3 - Monthly Unit Rates'!S92*('4 - Estimated Volumes'!S92*12) -> 0 | T93: =R93+S93 -> 0
D94: Phone – VCE 16 line w/Video Port | E94: Per Device | F94: ='3 - Monthly Unit Rates'!F93*('4 - Estimated Volumes'!F93*12) -> 0 | G94: ='3 - Monthly Unit Rates'!G93*('4 - Estimated Volumes'!G93*12) -> 0 | H94: ='3 - Monthly Unit Rates'!H93*('4 - Estimated Volumes'!H93*12) -> 0 | I94: ='3 - Monthly Unit Rates'!I93*('4 - Estimated Volumes'!I93*12) -> 0 | J94: ='3 - Monthly Unit Rates'!J93*('4 - Estimated Volumes'!J93*12) -> 0 | K94: =('3 - Monthly Unit Rates'!K93*'4 - Estimated Volumes'!K93)*6 -> 0 | L94: =SUM(F94:K94) -> 0 | N94: ='3 - Monthly Unit Rates'!N93*('4 - Estimated Volumes'!N93*12) -> 0 | O94: ='3 - Monthly Unit Rates'!O93*('4 - Estimated Volumes'!O93*12) -> 0 | P94: =N94+O94 -> 0 | R94: ='3 - Monthly Unit Rates'!R93*('4 - Estimated Volumes'!R93*12) -> 0 | S94: ='3 - Monthly Unit Rates'!S93*('4 - Estimated Volumes'!S93*12) -> 0 | T94: =R94+S94 -> 0
D95: Conference Phone 7 Foot Radius | E95: Per Device | F95: ='3 - Monthly Unit Rates'!F94*('4 - Estimated Volumes'!F94*12) -> 0 | G95: ='3 - Monthly Unit Rates'!G94*('4 - Estimated Volumes'!G94*12) -> 0 | H95: ='3 - Monthly Unit Rates'!H94*('4 - Estimated Volumes'!H94*12) -> 0 | I95: ='3 - Monthly Unit Rates'!I94*('4 - Estimated Volumes'!I94*12) -> 0 | J95: ='3 - Monthly Unit Rates'!J94*('4 - Estimated Volumes'!J94*12) -> 0 | K95: =('3 - Monthly Unit Rates'!K94*'4 - Estimated Volumes'!K94)*6 -> 0 | L95: =SUM(F95:K95) -> 0 | N95: ='3 - Monthly Unit Rates'!N94*('4 - Estimated Volumes'!N94*12) -> 0 | O95: ='3 - Monthly Unit Rates'!O94*('4 - Estimated Volumes'!O94*12) -> 0 | P95: =N95+O95 -> 0 | R95: ='3 - Monthly Unit Rates'!R94*('4 - Estimated Volumes'!R94*12) -> 0 | S95: ='3 - Monthly Unit Rates'!S94*('4 - Estimated Volumes'!S94*12) -> 0 | T95: =R95+S95 -> 0
D96: Attendant Expansion Module | E96: Per Device | F96: ='3 - Monthly Unit Rates'!F95*('4 - Estimated Volumes'!F95*12) -> 0 | G96: ='3 - Monthly Unit Rates'!G95*('4 - Estimated Volumes'!G95*12) -> 0 | H96: ='3 - Monthly Unit Rates'!H95*('4 - Estimated Volumes'!H95*12) -> 0 | I96: ='3 - Monthly Unit Rates'!I95*('4 - Estimated Volumes'!I95*12) -> 0 | J96: ='3 - Monthly Unit Rates'!J95*('4 - Estimated Volumes'!J95*12) -> 0 | K96: =('3 - Monthly Unit Rates'!K95*'4 - Estimated Volumes'!K95)*6 -> 0 | L96: =SUM(F96:K96) -> 0 | N96: ='3 - Monthly Unit Rates'!N95*('4 - Estimated Volumes'!N95*12) -> 0 | O96: ='3 - Monthly Unit Rates'!O95*('4 - Estimated Volumes'!O95*12) -> 0 | P96: =N96+O96 -> 0 | R96: ='3 - Monthly Unit Rates'!R95*('4 - Estimated Volumes'!R95*12) -> 0 | S96: ='3 - Monthly Unit Rates'!S95*('4 - Estimated Volumes'!S95*12) -> 0 | T96: =R96+S96 -> 0
D97: 8 port Analog Terminal Adapter (ATA) | E97: Per Device | F97: ='3 - Monthly Unit Rates'!F96*('4 - Estimated Volumes'!F96*12) -> 0 | G97: ='3 - Monthly Unit Rates'!G96*('4 - Estimated Volumes'!G96*12) -> 0 | H97: ='3 - Monthly Unit Rates'!H96*('4 - Estimated Volumes'!H96*12) -> 0 | I97: ='3 - Monthly Unit Rates'!I96*('4 - Estimated Volumes'!I96*12) -> 0 | J97: ='3 - Monthly Unit Rates'!J96*('4 - Estimated Volumes'!J96*12) -> 0 | K97: =('3 - Monthly Unit Rates'!K96*'4 - Estimated Volumes'!K96)*6 -> 0 | L97: =SUM(F97:K97) -> 0 | N97: ='3 - Monthly Unit Rates'!N96*('4 - Estimated Volumes'!N96*12) -> 0 | O97: ='3 - Monthly Unit Rates'!O96*('4 - Estimated Volumes'!O96*12) -> 0 | P97: =N97+O97 -> 0 | R97: ='3 - Monthly Unit Rates'!R96*('4 - Estimated Volumes'!R96*12) -> 0 | S97: ='3 - Monthly Unit Rates'!S96*('4 - Estimated Volumes'!S96*12) -> 0 | T97: =R97+S97 -> 0
D98: 2 port Analog Terminal Adapter (ATA) | E98: Per Device | F98: ='3 - Monthly Unit Rates'!F97*('4 - Estimated Volumes'!F97*12) -> 0 | G98: ='3 - Monthly Unit Rates'!G97*('4 - Estimated Volumes'!G97*12) -> 0 | H98: ='3 - Monthly Unit Rates'!H97*('4 - Estimated Volumes'!H97*12) -> 0 | I98: ='3 - Monthly Unit Rates'!I97*('4 - Estimated Volumes'!I97*12) -> 0 | J98: ='3 - Monthly Unit Rates'!J97*('4 - Estimated Volumes'!J97*12) -> 0 | K98: =('3 - Monthly Unit Rates'!K97*'4 - Estimated Volumes'!K97)*6 -> 0 | L98: =SUM(F98:K98) -> 0 | N98: ='3 - Monthly Unit Rates'!N97*('4 - Estimated Volumes'!N97*12) -> 0 | O98: ='3 - Monthly Unit Rates'!O97*('4 - Estimated Volumes'!O97*12) -> 0 | P98: =N98+O98 -> 0 | R98: ='3 - Monthly Unit Rates'!R97*('4 - Estimated Volumes'!R97*12) -> 0 | S98: ='3 - Monthly Unit Rates'!S97*('4 - Estimated Volumes'!S97*12) -> 0 | T98: =R98+S98 -> 0
D99: 24 Port Analog Terminal Adapter (ATA) | E99: Per Device | F99: ='3 - Monthly Unit Rates'!F98*('4 - Estimated Volumes'!F98*12) -> 0 | G99: ='3 - Monthly Unit Rates'!G98*('4 - Estimated Volumes'!G98*12) -> 0 | H99: ='3 - Monthly Unit Rates'!H98*('4 - Estimated Volumes'!H98*12) -> 0 | I99: ='3 - Monthly Unit Rates'!I98*('4 - Estimated Volumes'!I98*12) -> 0 | J99: ='3 - Monthly Unit Rates'!J98*('4 - Estimated Volumes'!J98*12) -> 0 | K99: =('3 - Monthly Unit Rates'!K98*'4 - Estimated Volumes'!K98)*6 -> 0 | L99: =SUM(F99:K99) -> 0 | N99: ='3 - Monthly Unit Rates'!N98*('4 - Estimated Volumes'!N98*12) -> 0 | O99: ='3 - Monthly Unit Rates'!O98*('4 - Estimated Volumes'!O98*12) -> 0 | P99: =N99+O99 -> 0 | R99: ='3 - Monthly Unit Rates'!R98*('4 - Estimated Volumes'!R98*12) -> 0 | S99: ='3 - Monthly Unit Rates'!S98*('4 - Estimated Volumes'!S98*12) -> 0 | T99: =R99+S99 -> 0
C100: CPE Use | F100: =SUM(F21:F99) -> 12638413 | G100: =SUM(G21:G99) -> 12638413 | H100: =SUM(H21:H99) -> 12638413 | I100: =SUM(I21:I99) -> 12638413 | J100: =SUM(J21:J99) -> 12638413 | K100: =SUM(K21:K99) -> 6319206.5 | L100: =SUM(L21:L99) -> 69511271 | N100: =SUM(N21:N99) -> 12638413 | O100: =SUM(O21:O99) -> 12638413 | P100: =SUM(P21:P99) -> 25276826 | R100: =SUM(R21:R99) -> 12638413 | S100: =SUM(S21:S99) -> 12638413 | T100: =SUM(T21:T99) -> 25276826
A102: 2.3 | B102: Transport
C103: PIP IP Port
A104: 2.3.1 | D104: Private IP (PIP) Port Installation | E104: Per Port | F104: ='3a - Non-Recurring Unit Rates'!F104*'4 - Estimated Volumes'!F103 -> 0 | G104: ='3a - Non-Recurring Unit Rates'!G104*'4 - Estimated Volumes'!G103 -> 0 | H104: ='3a - Non-Recurring Unit Rates'!H104*'4 - Estimated Volumes'!H103 -> 0 | I104: ='3a - Non-Recurring Unit Rates'!I104*'4 - Estimated Volumes'!I103 -> 0 | J104: ='3a - Non-Recurring Unit Rates'!J104*'4 - Estimated Volumes'!J103 -> 0 | K104: =('3a - Non-Recurring Unit Rates'!J104*'4 - Estimated Volumes'!J103) -> 0 | L104: =SUM(F104:K104) -> 0 | N104: ='3a - Non-Recurring Unit Rates'!O104*'4 - Estimated Volumes'!O103 -> 0 | O104: ='3a - Non-Recurring Unit Rates'!P104*'4 - Estimated Volumes'!P103 -> 0 | P104: =N104+O104 -> 0 | R104: ='3a - Non-Recurring Unit Rates'!S104*'4 - Estimated Volumes'!S103 -> 0 | S104: ='3a - Non-Recurring Unit Rates'!T104*'4 - Estimated Volumes'!T103 -> 0 | T104: =R104+S104 -> 0
A105: 2.3.2 | C105: Private IP (PIP) Port
D106: DS1 - 64 Kbps | E106: Per Port | F106: ='3 - Monthly Unit Rates'!F105*('4 - Estimated Volumes'!F105*12) -> 882 | G106: ='3 - Monthly Unit Rates'!G105*('4 - Estimated Volumes'!G105*12) -> 882 | H106: ='3 - Monthly Unit Rates'!H105*('4 - Estimated Volumes'!H105*12) -> 882 | I106: ='3 - Monthly Unit Rates'!I105*('4 - Estimated Volumes'!I105*12) -> 882 | J106: ='3 - Monthly Unit Rates'!J105*('4 - Estimated Volumes'!J105*12) -> 882 | K106: =('3 - Monthly Unit Rates'!K105*'4 - Estimated Volumes'!K105)*6 -> 441 | L106: =SUM(F106:K106) -> 4851 | N106: ='3 - Monthly Unit Rates'!N105*('4 - Estimated Volumes'!N105*12) -> 882 | O106: ='3 - Monthly Unit Rates'!O105*('4 - Estimated Volumes'!O105*12) -> 882 | P106: =N106+O106 -> 1764 | R106: ='3 - Monthly Unit Rates'!R105*('4 - Estimated Volumes'!R105*12) -> 882 | S106: ='3 - Monthly Unit Rates'!S105*('4 - Estimated Volumes'!S105*12) -> 882 | T106: =R106+S106 -> 1764
D107: DS1 - 128 Kbps | E107: Per Port | F107: ='3 - Monthly Unit Rates'!F106*('4 - Estimated Volumes'!F106*12) -> 0 | G107: ='3 - Monthly Unit Rates'!G106*('4 - Estimated Volumes'!G106*12) -> 0 | H107: ='3 - Monthly Unit Rates'!H106*('4 - Estimated Volumes'!H106*12) -> 0 | I107: ='3 - Monthly Unit Rates'!I106*('4 - Estimated Volumes'!I106*12) -> 0 | J107: ='3 - Monthly Unit Rates'!J106*('4 - Estimated Volumes'!J106*12) -> 0 | K107: =('3 - Monthly Unit Rates'!K106*'4 - Estimated Volumes'!K106)*6 -> 0 | L107: =SUM(F107:K107) -> 0 | N107: ='3 - Monthly Unit Rates'!N106*('4 - Estimated Volumes'!N106*12) -> 0 | O107: ='3 - Monthly Unit Rates'!O106*('4 - Estimated Volumes'!O106*12) -> 0 | P107: =N107+O107 -> 0 | R107: ='3 - Monthly Unit Rates'!R106*('4 - Estimated Volumes'!R106*12) -> 0 | S107: ='3 - Monthly Unit Rates'!S106*('4 - Estimated Volumes'!S106*12) -> 0 | T107: =R107+S107 -> 0
D108: DS1 - 256 Kbps | E108: Per Port | F108: ='3 - Monthly Unit Rates'!F107*('4 - Estimated Volumes'!F107*12) -> 939.96 | G108: ='3 - Monthly Unit Rates'!G107*('4 - Estimated Volumes'!G107*12) -> 939.96 | H108: ='3 - Monthly Unit Rates'!H107*('4 - Estimated Volumes'!H107*12) -> 939.96 | I108: ='3 - Monthly Unit Rates'!I107*('4 - Estimated Volumes'!I107*12) -> 939.96 | J108: ='3 - Monthly Unit Rates'!J107*('4 - Estimated Volumes'!J107*12) -> 939.96 | K108: =('3 - Monthly Unit Rates'!K107*'4 - Estimated Volumes'!K107)*6 -> 469.98 | L108: =SUM(F108:K108) -> 5169.78 | N108: ='3 - Monthly Unit Rates'!N107*('4 - Estimated Volumes'!N107*12) -> 939.96 | O108: ='3 - Monthly Unit Rates'!O107*('4 - Estimated Volumes'!O107*12) -> 939.96 | P108: =N108+O108 -> 1879.92 | R108: ='3 - Monthly Unit Rates'!R107*('4 - Estimated Volumes'!R107*12) -> 939.96 | S108: ='3 - Monthly Unit Rates'!S107*('4 - Estimated Volumes'!S107*12) -> 939.96 | T108: =R108+S108 -> 1879.92
...

Sheet 3 - Monthly Unit Rates
B2: Monthly Unit Rates ($)
N3: Renewal Option 1 | R3: Renewal Option 2
B4: Resource Description | E4: Metric | F4: Contract Year 1 | G4: Contract Year 2 | H4: Contract Year 3 | I4: Contract Year 4 | J4: Contract Year 5 | K4: Contract Year 6 | N4: Year 1 | O4: Year 2 | R4: Year 1 | S4: Year 2
B5: Cross Functional Charges
A6: 2.1 | C6: Cross Functional Charges
D7: Transition Assistance Recovery (excluding Funding)
D8: Funding Recovery
A9: 2.1.1 | D9: Program Management Office | F9: 665991.49 | G9: 665991.49 | H9: 604942.27 | I9: 582742.55 | J9: 577192.62 | K9: 577192.62 | N9: 477293.9 | O9: 477293.9 | R9: 471743.97 | S9: 471743.97
A10: 2.1.2 | D10: Cross Functional (inc. Triage Desk) | F10: 254917.2 | G10: 254917.2 | H10: 231549.79 | I10: 223052.55 | J10: 220928.24 | K10: 220928.24 | N10: 182690.66 | O10: 182690.66 | R10: 180566.35 | S10: 180566.35
A11: 2.1.3 | D11: Engineering Services | F11: 314513.38 | G11: 314513.38 | H11: 285682.99 | I11: 275199.21 | J11: 272578.26 | K11: 272578.26 | N11: 225401.26 | O11: 225401.26 | R11: 222780.31 | S11: 222780.31
D12: Program and Project Management | G12: 44256.25 | H12: 44256.25 | I12: 44256.25 | J12: 44256.25 | K12: 44256.25 | N12: 0 | O12: 0 | R12: 0 | S12: 0
D13: Integration Services | G13: 26902.725 | H13: 26902.725 | I13: 26902.725 | J13: 26902.725 | K13: 26902.725 | N13: 0 | O13: 0 | R13: 0 | S13: 0
D14: WITO Operations | G14: 77724.625 | H14: 77724.625 | I14: 77724.625 | J14: 77724.625 | K14: 77724.625 | N14: 0 | O14: 0 | R14: 0 | S14: 0
D15: Design and Implementation | G15: 60130.85 | H15: 60130.85 | I15: 60130.85 | J15: 60130.85 | K15: 60130.85 | N15: 0 | O15: 0 | R15: 0 | S15: 0
D17: (*) Unit Rates applicable to Contract Year 5 and Contract Year 5.5
A18: 2.2 | B18: CPE
A19: 2.2.1 | C19: Customer Premises Equipment (CPE) Use
D20: Managed WAN CPE
D21: Router –1 WAN, Ethernet - 1x10/100Mb WAN ports | E21: Per Device | F21: 18.65 | G21: 18.65 | H21: 18.65 | I21: 18.65 | J21: 18.65 | K21: 18.65 | N21: 18.65 | O21: 18.65 | R21: 18.65 | S21: 18.65
D22: Router - 2 WAN, 1xT1 | E22: Per Device | F22: 86.84 | G22: 86.84 | H22: 86.84 | I22: 86.84 | J22: 86.84 | K22: 86.84 | N22: 86.84 | O22: 86.84 | R22: 86.84 | S22: 86.84
D23: Router - 2 WAN, 2xT1 | E23: Per Device | F23: 84.11 | G23: 84.11 | H23: 84.11 | I23: 84.11 | J23: 84.11 | K23: 84.11 | N23: 84.11 | O23: 84.11 | R23: 84.11 | S23: 84.11
D24: Router - 2 WAN, 4xT1 | E24: Per Device | F24: 114.14 | G24: 114.14 | H24: 114.14 | I24: 114.14 | J24: 114.14 | K24: 114.14 | N24: 114.14 | O24: 114.14 | R24: 114.14 | S24: 114.14
D25: Router - 3 WAN, 1xDS3 | E25: Per Device | F25: 209.59 | G25: 209.59 | H25: 209.59 | I25: 209.59 | J25: 209.59 | K25: 209.59 | N25: 209.59 | O25: 209.59 | R25: 209.59 | S25: 209.59
D26: Router - 2 WAN, 1xT1, IPSEC, LTE | E26: Per Device | F26: 126.56 | G26: 126.56 | H26: 126.56 | I26: 126.56 | J26: 126.56 | K26: 126.56 | N26: 126.56 | O26: 126.56 | R26: 126.56 | S26: 126.56
D27: Router - 2 WAN, 2xT1, IPSEC, LTE | E27: Per Device | F27: 123.83 | G27: 123.83 | H27: 123.83 | I27: 123.83 | J27: 123.83 | K27: 123.83 | N27: 123.83 | O27: 123.83 | R27: 123.83 | S27: 123.83
D28: Router - 2 WAN, 4xT1, IPSEC, LTE | E28: Per Device | F28: 153.87 | G28: 153.87 | H28: 153.87 | I28: 153.87 | J28: 153.87 | K28: 153.87 | N28: 153.87 | O28: 153.87 | R28: 153.87 | S28: 153.87
D29: Router - 3 WAN, 1xDS3, IPSEC, LTE | E29: Per Device | F29: 259.7 | G29: 259.7 | H29: 259.7 | I29: 259.7 | J29: 259.7 | K29: 259.7 | N29: 259.7 | O29: 259.7 | R29: 259.7 | S29: 259.7
D30: Router - 2 WAN, Ethernet Only | E30: Per Device | F30: 60.25 | G30: 60.25 | H30: 60.25 | I30: 60.25 | J30: 60.25 | K30: 60.25 | N30: 60.25 | O30: 60.25 | R30: 60.25 | S30: 60.25
D31: Router - 2 WAN, Ethernet Only, IPSEC, LTE | E31: Per Device | F31: 101.6 | G31: 101.6 | H31: 101.6 | I31: 101.6 | J31: 101.6 | K31: 101.6 | N31: 101.6 | O31: 101.6 | R31: 101.6 | S31: 101.6
D32: Router - Cellular Wireless Router - Point of Use | E32: Per Device | F32: 25.6 | G32: 25.6 | H32: 25.6 | I32: 25.6 | J32: 25.6 | K32: 25.6 | N32: 25.6 | O32: 25.6 | R32: 25.6 | S32: 25.6
... D37: Router - Premium Core Data Center | E37: Per Device | F37: 5458.87 | G37: 5458.87 | H37: 5458.87 | I37: 5458.87 | J37: 5458.87 | K37: 5458.87 | N37: 5458.87 | O37: 5458.87 | R37: 5458.87 | S37: 5458.87
D38: Managed LAN CPE
D39: Switch - 8 Port | E39: Per Device | F39: 29.65 | G39: 29.65 | H39: 29.65 | I39: 29.65 | J39: 29.65 | K39: 29.65 | N39: 29.65 | O39: 29.65 | R39: 29.65 | S39: 29.65
D40: Switch - 8 Port (POE) | E40: Per Device | F40: 43.69 | G40: 43.69 | H40: 43.69 | I40: 43.69 | J40: 43.69 | K40: 43.69 | N40: 43.69 | O40: 43.69 | R40: 43.69 | S40: 43.69
D41: Switch - 24 Port | E41: Per Device | F41: 92.28 | G41: 92.28 | H41: 92.28 | I41: 92.28 | J41: 92.28 | K41: 92.28 | N41: 92.28 | O41: 92.28 | R41: 92.28 | S41: 92.28
D42: Switch - 48 Port | E42: Per Device | F42: 152.22 | G42: 152.22 | H42: 152.22 | I42: 152.22 | J42: 152.22 | K42: 152.22 | N42: 152.22 | O42: 152.22 | R42: 152.22 | S42: 152.22
D43: Switch - 24 Port (POE) | E43: Per Device | F43: 111.08 | G43: 111.08 | H43: 111.08 | I43: 111.08 | J43: 111.08 | K43: 111.08 | N43: 111.08 | O43: 111.08 | R43: 111.08 | S43: 111.08
D44: Switch - 48 Port (POE) | E44: Per Device | F44: 182.74 | G44: 182.74 | H44: 182.74 | I44: 182.74 | J44: 182.74 | K44: 182.74 | N44: 182.74 | O44: 182.74 | R44: 182.74 | S44: 182.74
D45: Switch Aggregation - 48 Port | E45: Per Device | F45: 1255.3 | G45: 1255.3 | H45: 1255.3 | I45: 1255.3 | J45: 1255.3 | K45: 1255.3 | N45: 1255.3 | O45: 1255.3 | R45: 1255.3 | S45: 1255.3
D46: Switch Core - 192 Port | E46: Per Device | F46: 2620.33 | G46: 2620.33 | H46: 2620.33 | I46: 2620.33 | J46: 2620.33 | K46: 2620.33 | N46: 2620.33 | O46: 2620.33 | R46: 2620.33 | S46: 2620.33
D47: Enterprise Data Center Load Balancer - Medium | E47: Per Device | F47: 300.58 | G47: 300.58 | H47: 300.58 | I47: 300.58 | J47: 300.58 | K47: 300.58 | N47: 300.58 | O47: 300.58 | R47: 300.58 | S47: 300.58
D48: Managed Wireless LAN CPE
D49: BAP- Bridging Access Point LAN Bridge Omni Directional | E49: Per Device | F49: 74.74 | G49: 74.74 | H49: 74.74 | I49: 74.74 | J49: 74.74 | K49: 74.74 | N49: 74.74 | O49: 74.74 | R49: 74.74 | S49: 74.74
D50: BAP- Bridging Access Point LAN Bridge Directional | E50: Per Device | F50: 68.56 | G50: 68.56 | H50: 68.56 | I50: 68.56 | J50: 68.56 | K50: 68.56 | N50: 68.56 | O50: 68.56 | R50: 68.56 | S50: 68.56
D51: Wifi Access Point Dual 2x2:2 Radio Integrated Antenna | E51: Per Device | F51: 26.32 | G51: 26.32 | H51: 26.32 | I51: 26.32 | J51: 26.32 | K51: 26.32 | N51: 26.32 | O51: 26.32 | R51: 26.32 | S51: 26.32
D52: Wifi Access Point Dual 3x3:3 Radio Integrated Omni Antenna Outdoor | E52: Per Device | F52: 59.01 | G52: 59.01 | H52: 59.01 | I52: 59.01 | J52: 59.01 | K52: 59.01 | N52: 59.01 | O52: 59.01 | R52: 59.01 | S52: 59.01
D53: Wifi Access Point Dual 2x2:2/4x4:4 MU-MIMO Radio Integrated Antenna | E53: Per Device | F53: 35.21 | G53: 35.21 | H53: 35.21 | I53: 35.21 | J53: 35.21 | K53: 35.21 | N53: 35.21 | O53: 35.21 | R53: 35.21 | S53: 35.21
D54: Wifi Access Point Dual 4x4:4 MU-MIMO Radio Integrated Antenna 2.5+1 GbE | E54: Per Device | F54: 51.88 | G54: 51.88 | H54: 51.88 | I54: 51.88 | J54: 51.88 | K54: 51.88 | N54: 51.88 | O54: 51.88 | R54: 51.88 | S54: 51.88
D55: Wifi Access Point Dual 2x2:2/3x3:3 MU-MIMO Radio Integrated Antenna | E55: Per Device | F55: 28.08 | G55: 28.08 | H55: 28.08 | I55: 28.08 | J55: 28.08 | K55: 28.08 | N55: 28.08 | O55: 28.08 | R55: 28.08 | S55: 28.08
D56: Wifi Access Point Dual 2x2:2 Radio Integrated Omni Antenna Outdoor | E56: Per Device | F56: 42.2 | G56: 42.2 | H56: 42.2 | I56: 42.2 | J56: 42.2 | K56: 42.2 | N56: 42.2 | O56: 42.2 | R56: 42.2 | S56: 42.2
D57: Wifi Access Point Dual 4x4:4 MU-MIMO Radio Integrated Antenna | E57: Per Device | F57: 47.44 | G57: 47.44 | H57: 47.44 | I57: 47.44 | J57: 47.44 | K57: 47.44 | N57: 47.44 | O57: 47.44 | R57: 47.44 | S57: 47.44
D58: Wifi Access Point Dual 2x2:2 Radio Integrated Antenna | E58: Per Device | F58: 22.8 | G58: 22.8 | H58: 22.8 | I58: 22.8 | J58: 22.8 | K58: 22.8 | N58: 22.8 | O58: 22.8 | R58: 22.8 | S58: 22.8
D59: Wifi Controller 4-port 10/100/1000BASE-T 16 AP and 1K Client Controller | E59: Per Device | F59: 66.09 | G59: 66.09 | H59: 66.09 | I59: 66.09 | J59: 66.09 | K59: 66.09 | N59: 66.09 | O59: 66.09 | R59: 66.09 | S59: 66.09
D60: Wifi Controller 8p Dual Pers 10/100/1000BASE-T/1GBASE-X SFP 64 AP and 4K Clients Controller | E60: Per Device | F60: 269.58 | G60: 269.58 | H60: 269.58 | I60: 269.58 | J60: 269.58 | K60: 269.58 | N60: 269.58 | O60: 269.58 | R60: 269.58 | S60: 269.58
D61: Wifi Controller 2-port 10GBASE-X (SFP+) Controller | E61: Per Device | F61: 485.71 | G61: 485.71 | H61: 485.71 | I61: 485.71 | J61: 485.71 | K61: 485.71 | N61: 485.71 | O61: 485.71 | R61: 485.71 | S61: 485.71
D62: UCCaaS CPE
D63: Phone - UCCaaS single line | E63: Per Device | F63: 4.01 | G63: 4.01 | H63: 4.01 | I63: 4.01 | J63: 4.01 | K63: 4.01 | N63: 4.01 | O63: 4.01 | R63: 4.01 | S63: 4.01
D64: Phone - UCCaaS 2 line | E64: Per Device | F64: 4.82 | G64: 4.82 | H64: 4.82 | I64: 4.82 | J64: 4.82 | K64: 4.82 | N64: 4.82 | O64: 4.82 | R64: 4.82 | S64: 4.82
D65: Phone - UCCaaS 4 line | E65: Per Device | F65: 6.32 | G65: 6.32 | H65: 6.32 | I65: 6.32 | J65: 6.32 | K65: 6.32 | N65: 6.32 | O65: 6.32 | R65: 6.32 | S65: 6.32
D66: Phone - UCCaaS 16 line (Accessibility Phone) | E66: Per Device | F66: 6.74 | G66: 6.74 | H66: 6.74 | I66: 6.74 | J66: 6.74 | K66: 6.74 | N66: 6.74 | O66: 6.74 | R66: 6.74 | S66: 6.74
D67: Phone - UCCaaS 16 line | E67: Per Device | F67: 6.74 | G67: 6.74 | H67: 6.74 | I67: 6.74 | J67: 6.74 | K67: 6.74 | N67: 6.74 | O67: 6.74 | R67: 6.74 | S67: 6.74
D68: Phone - UCCaaS Conference Phone | E68: Per Device | F68: 28.03 | G68: 28.03 | H68: 28.03 | I68: 28.03 | J68: 28.03 | K68: 28.03 | N68: 28.03 | O68: 28.03 | R68: 28.03 | S68: 28.03
D69: Phone Accessory - UCCaaS Conference Phone POE Injector | E69: Per Device | F69: 2.76 | G69: 2.76 | H69: 2.76 | I69: 2.76 | J69: 2.76 | K69: 2.76 | N69: 2.76 | O69: 2.76 | R69: 2.76 | S69: 2.76
D70: Phone Accessory - UCCaaS Conference Phone external microphone | E70: Per Device | F70: 10.37 | G70: 10.37 | H70: 10.37 | I70: 10.37 | J70: 10.37 | K70: 10.37 | N70: 10.37 | O70: 10.37 | R70: 10.37 | S70: 10.37
D71: Phone - UCCaaS 5 line, GigE | E71: Per Device | F71: 9.7 | G71: 9.7 | H71: 9.7 | I71: 9.7 | J71: 9.7 | K71: 9.7 | N71: 9.7 | O71: 9.7 | R71: 9.7 | S71: 9.7
D72: Phone - UCCaaS 5 line, GigE, Wifi | E72: Per Device | F72: 13.14 | G72: 13.14 | H72: 13.14 | I72: 13.14 | J72: 13.14 | K72: 13.14 | N72: 13.14 | O72: 13.14 | R72: 13.14 | S72: 13.14
D73: Phone- Accessory Key Expansion Module | E73: Per Device | F73: 8.31 | G73: 8.31 | H73: 8.31 | I73: 8.31 | J73: 8.31 | K73: 8.31 | N73: 8.31 | O73: 8.31 | R73: 8.31 | S73: 8.31
D74: Phone- Accessory Key Expansion Module Power cube | E74: Per Device | F74: 1.14 | G74: 1.14 | H74: 1.14 | I74: 1.14 | J74: 1.14 | K74: 1.14 | N74: 1.14 | O74: 1.14 | R74: 1.14 | S74: 1.14
... D82: 24 Port Analog Terminal Adapter (ATA) | E82: Per Device | F82: 58.99 | G82: 58.99 | H82: 58.99 | I82: 58.99 | J82: 58.99 | K82: 58.99 | N82: 58.99 | O82: 58.99 | R82: 58.99 | S82: 58.99
D83: VCE CPE
D84: Conference Phone 12 Foot Radius | E84: Per Device | F84: 44.99 | G84: 44.99 | H84: 44.99 | I84: 44.99 | J84: 44.99 | K84: 44.99 | N84: 44.99 | O84: 44.99 | R84: 44.99 | S84: 44.99
D85: Conference Phone Extension Microphones | E85: Per Device | F85: 9.5 | G85: 9.5 | H85: 9.5 | I85: 9.5 | J85: 9.5 | K85: 9.5 | N85: 9.5 | O85: 9.5 | R85: 9.5 | S85: 9.5
D86: Phone – VCE 2 line | E86: Per Device | F86: 3.74 | G86: 3.74 | H86: 3.74 | I86: 3.74 | J86: 3.74 | K86: 3.74 | N86: 3.74 | O86: 3.74 | R86: 3.74 | S86: 3.74
D87: Phone – VCE 4 line | E87: Per Device | F87: 5.59 | G87: 5.59 | H87: 5.59 | I87: 5.59 | J87: 5.59 | K87: 5.59 | N87: 5.59 | O87: 5.59 | R87: 5.59 | S87: 5.59
D88: Phone – VCE 6 line | E88: Per Device | F88: 6.54 | G88: 6.54 | H88: 6.54 | I88: 6.54 | J88: 6.54 | K88: 6.54 | N88: 6.54 | O88: 6.54 | R88: 6.54 | S88: 6.54
D89: Phone – VCE 6 line w/GigE Interface | E89: Per Device | F89: 7.71 | G89: 7.71 | H89: 7.71 | I89: 7.71 | J89: 7.71 | K89: 7.71 | N89: 7.71 | O89: 7.71 | R89: 7.71 | S89: 7.71
D90: Phone – VCE 12 line | E90: Per Device | F90: 8.67 | G90: 8.67 | H90: 8.67 | I90: 8.67 | J90: 8.67 | K90: 8.67 | N90: 8.67 | O90: 8.67 | R90: 8.67 | S90: 8.67
D91: Phone – VCE 12 line w/GigE Interface | E91: Per Device | F91: 9.74 | G91: 9.74 | H91: 9.74 | I91: 9.74 | J91: 9.74 | K91: 9.74 | N91: 9.74 | O91: 9.74 | R91: 9.74 | S91: 9.74
D92: Phone – VCE 12 line w/Video Port | E92: Per Device | F92: 11.86 | G92: 11.86 | H92: 11.86 | I92: 11.86 | J92: 11.86 | K92: 11.86 | N92: 11.86 | O92: 11.86 | R92: 11.86 | S92: 11.86
D93: Phone – VCE 16 line w/Video Port | E93: Per Device | F93: 14.22 | G93: 14.22 | H93: 14.22 | I93: 14.22 | J93: 14.22 | K93: 14.22 | N93: 14.22 | O93: 14.22 | R93: 14.22 | S93: 14.22
D94: Conference Phone 7 Foot Radius | E94: Per Device | F94: 28.49 | G94: 28.49 | H94: 28.49 | I94: 28.49 | J94: 28.49 | K94: 28.49 | N94: 28.49 | O94: 28.49 | R94: 28.49 | S94: 28.49
D95: Attendant Expansion Module | E95: Per Device | F95: 16.5 | G95: 16.5 | H95: 16.5 | I95: 16.5 | J95: 16.5 | K95: 16.5 | N95: 16.5 | O95: 16.5 | R95: 16.5 | S95: 16.5
... D98: 24 Port Analog Terminal Adapter (ATA) | E98: Per Device | F98: 58.99 | G98: 58.99 | H98: 58.99 | I98: 58.99 | J98: 58.99 | K98: 58.99 | N98: 58.99 | O98: 58.99 | R98: 58.99 | S98: 58.99
A101: 2.3 | B101: Transport Services
C102: PIP IP Port Related Services
A103: 2.3.1 | D103: Private IP (PIP) Port Installation | E103: Per Port
A104: 2.3.2 | C104: Private IP (PIP) Port
D105: DS1 - 64 Kbps | E105: Per Port | F105: 36.75 | G105: 36.75 | H105: 36.75 | I105: 36.75 | J105: 36.75 | K105: 36.75 | N105: 36.75 | O105: 36.75 | R105: 36.75 | S105: 36.75
D106: DS1 - 128 Kbps | E106: Per Port | F106: 78.33 | G106: 78.33 | H106: 78.33 | I106: 78.33 | J106: 78.33 | K106: 78.33 | N106: 78.33 | O106: 78.33 | R106: 78.33 | S106: 78.33
D107: DS1 - 256 Kbps | E107: Per Port | F107: 78.33 | G107: 78.33 | H107: 78.33 | I107: 78.33 | J107: 78.33 | K107: 78.33 | N107: 78.33 | O107: 78.33 | R107: 78.33 | S107: 78.33
D108: DS1 - 512 Kbps | E108: Per Port | F108: 123.69 | G108: 123.69 | H108: 123.69 | I108: 123.69 | J108: 123.69 | K108: 123.69 | N108: 123.69 | O108: 123.69 | R108: 123.69 | S108: 123.69
D109: DS1 - 1.024 Mbps | E109: Per Port | F109: 130 | G109: 130 | H109: 130 | I109: 130 | J109: 130 | K109: 130 | N109: 130 | O109: 130 | R109: 130 | S109: 130
D110: DS1 - 1.536 Mbps | E110: Per Port | F110: 130 | G110: 130 | H110: 130 | I110: 130 | J110: 130 | K110: 130 | N110: 130 | O110: 130 | R110: 130 | S110: 130
D111: 2xDS1 - 3.072 Mbps | E111: Per Port | F111: 260 | G111: 260 | H111: 260 | I111: 260 | J111: 260 | K111: 260 | N111: 260 | O111: 260 | R111: 260 | S111: 260
D112: 3xDS1 - 4.608 Mbps | E112: Per Port | F112: 390 | G112: 390 | H112: 390 | I112: 390 | J112: 390 | K112: 390 | N112: 390 | O112: 390 | R112: 390 | S112: 390
D113: 4xDS1 - 6.144 Mbps | E113: Per Port | F113: 431.55 | G113: 431.55 | H113: 431.55 | I113: 431.55 | J113: 431.55 | K113: 431.55 | N113: 431.55 | O113: 431.55 | R113: 431.55 | S113: 431.55
D114: DS3 - 8 Mbps | E114: Per Port | F114: 486.15 | G114: 486.15 | H114: 486.15 | I114: 486.15 | J114: 486.15 | K114: 486.15 | N114: 486.15 | O114: 486.15 | R114: 486.15 | S114: 486.15
D115: DS3 - 10 Mbps | E115: Per Port | F115: 525 | G115: 525 | H115: 525 | I115: 525 | J115: 525 | K115: 525 | N115: 525 | O115: 525 | R115: 525 | S115: 525
D116: DS3 - 15 Mbps | E116: Per Port | F116: 666.96 | G116: 666.96 | H116: 666.96 | I116: 666.96 | J116: 666.96 | K116: 666.96 | N116: 666.96 | O116: 666.96 | R116: 666.96 | S116: 666.96
... D162: Ethernet - 10 Gbps | E162: Per Port | F162: 43463 | G162: 43463 | H162: 43463 | I162: 43463 | J162: 43463 | K162: 33000 | N162: 2700 | O162: 2700 | R162: 2700 | S162: 2700
...

Sheet 3a - Non-Recurring Unit Rates
B2: Non Recurring Rates ($)
N3: Renewal Option 1 | R3: Renewal Option 2
B4: Resource Description | C4: VA-151028-MCI: Modification 005-N January 24, 2024 | E4: Metric | F4: Contract Year 1 | G4: Contract Year 2 | H4: Contract Year 3 | I4: Contract Year 4 | J4: Contract Year 5 | K4: Contract Year 6 | N4: Year 1 | O4: Year 2 | R4: Year 1 | S4: Year 2
B5: Cross Functional Charges
C6: Cross Functional Charges
A7: 2.1 | D7: Transition Assistance Recovery (excluding Funding)
D8: Funding Recovery
D9: Program Management Office
A10: 2.1.1 | D10: Cross Functional (inc. Triage Desk)
A11: 2.1.2 | D11: Engineering Services
A12: 2.1.3 | D12: Program and Project Management
D13: Integration Services
D14: WITO Operations
D15: Design and Implementation
D17: (*) Unit Rates applicable to Contract Year 5 and Contract Year 5.5
B18: CPE
A19: 2.2 | C19: Customer Premises Equipment (CPE) Use
A20: 2.2.1 | D20: Managed WAN CPE
D21: Router –1 WAN, Ethernet - 1x10/100Mb WAN ports | E21: Per Device
D22: Router - 2 WAN, 1xT1 | E22: Per Device
D23: Router - 2 WAN, 2xT1 | E23: Per Device
D24: Router - 2 WAN, 4xT1 | E24: Per Device
D25: Router - 3 WAN, 1xDS3 | E25: Per Device
D26: Router - 2 WAN, 1xT1, IPSEC, LTE | E26: Per Device
D27: Router - 2 WAN, 2xT1, IPSEC, LTE | E27: Per Device
D28: Router - 2 WAN, 4xT1, IPSEC, LTE | E28: Per Device
D29: Router - 3 WAN, 1xDS3, IPSEC, LTE | E29: Per Device
D30: Router - 2 WAN, Ethernet Only | E30: Per Device
D31: Router - 2 WAN, Ethernet Only, IPSEC, LTE | E31: Per Device
D32: Router - Cellular Wireless Router - Point of Use | E32: Per Device
... D37: Router - Premium Core Data Center | E37: Per Device
D38: Managed LAN CPE
D39: Switch - 8 Port | E39: Per Device
D40: Switch - 8 Port (POE) | E40: Per Device
D41: Switch - 24 Port | E41: Per Device
D42: Switch - 48 Port | E42: Per Device
D43: Switch - 24 Port (POE) | E43: Per Device
D44: Switch - 48 Port (POE) | E44: Per Device
D45: Switch Aggregation - 48 Port | E45: Per Device
D46: Switch Core - 192 Port | E46: Per Device
D47: Enterprise Data Center Load Balancer - Medium | E47: Per Device
D48: Managed Wireless LAN CPE
D49: BAP- Bridging Access Point LAN Bridge Omni Directional | E49: Per Device
D50: BAP- Bridging Access Point LAN Bridge Directional | E50: Per Device
D51: Wifi Access Point Dual 2x2:2 Radio Integrated Antenna | E51: Per Device
D52: Wifi Access Point Dual 3x3:3 Radio Integrated Omni Antenna Outdoor | E52: Per Device
D53: Wifi Access Point Dual 2x2:2/4x4:4 MU-MIMO Radio Integrated Antenna | E53: Per Device
D54: Wifi Access Point Dual 4x4:4 MU-MIMO Radio Integrated Antenna 2.5+1 GbE | E54: Per Device
D55: Wifi Access Point Dual 2x2:2/3x3:3 MU-MIMO Radio Integrated Antenna | E55: Per Device
D56: Wifi Access Point Dual 2x2:2 Radio Integrated Omni Antenna Outdoor | E56: Per Device
D57: Wifi Access Point Dual 4x4:4 MU-MIMO Radio Integrated Antenna | E57: Per Device
D58: Wifi Access Point Dual 2x2:2 Radio Integrated Antenna | E58: Per Device
D59: Wifi Controller 4-port 10/100/1000BASE-T 16 AP and 1K Client Controller | E59: Per Device
D60: Wifi Controller 8p Dual Pers 10/100/1000BASE-T/1GBASE-X SFP 64 AP and 4K Clients Controller | E60: Per Device
D61: Wifi Controller 2-port 10GBASE-X (SFP+) Controller | E61: Per Device
D62: UCCaaS CPE
D63: Phone - UCCaaS single line | E63: Per Device
D64: Phone - UCCaaS 2 line | E64: Per Device
D65: Phone - UCCaaS 4 line | E65: Per Device
D66: Phone - UCCaaS 16 line | E66: Per Device
D67: Phone - UCCaaS 16 line (Accessability Phone) | E67: Per Device
D68: Phone - UCCaaS Conference Phone | E68: Per Device
D69: Phone Accessory - UCCaaS Conference Phone POE Injector | E69: Per Device
D70: Phone Accessory - UCCaaS Conference Phone external microphone | E70: Per Device
D71: Phone - UCCaaS 5 line, GigE | E71: Per Device
D72: Phone - UCCaaS 5 line, GigE, Wifi | E72: Per Device
D73: Phone- Accessory Key Expansion Module | E73: Per Device
D74: Phone- Accessory Key Expansion Module Power cube | E74: Per Device
... D83: 24 Port Analog Terminal Adapter (ATA) | E83: Per Device
D84: VCE CPE
D85: Conference Phone 12 Foot Radius | E85: Per Device | F85: 0 | G85: 0 | H85: 0 | I85: 0 | J85: 0 | K85: 0 | N85: 0 | O85: 0 | R85: 0 | S85: 0
D86: Conference Phone Extension Microphones | E86: Per Device | F86: 0 | G86: 0 | H86: 0 | I86: 0 | J86: 0 | K86: 0 | N86: 0 | O86: 0 | R86: 0 | S86: 0
D87: Phone – VCE 2 line | E87: Per Device
D88: Phone – VCE 4 line | E88: Per Device
D89: Phone – VCE 6 line | E89: Per Device
D90: Phone – VCE 6 line w/GigE Interface | E90: Per Device
D91: Phone – VCE 12 line | E91: Per Device
D92: Phone – VCE 12 line w/GigE Interface | E92: Per Device
D93: Phone – VCE 12 line w/Video Port | E93: Per Device
D94: Phone – VCE 16 line w/Video Port | E94: Per Device
D95: Conference Phone 7 Foot Radius | E95: Per Device
D96: Attendant Expansion Module | E96: Per Device
D97: 8 port Analog Terminal Adapter (ATA) | E97: Per Device
D98: 2 port Analog Terminal Adapter (ATA) | E98: Per Device
D99: 24 Port Analog Terminal Adapter (ATA) | E99: Per Device
B102: Transport
A103: 2.3 | C103: PIP IP Port Related Services
D104: Private IP (PIP) Port Installation | E104: Per Port | F104: 0 | G104: 0 | H104: 0 | I104: 0 | J104: 0 | K104: 0 | N104: 0 | O104: 0 | R104: 0 | S104: 0
A105: 2.3.1 | C105: Private IP (PIP) Port
A106: 2.3.2 | D106: DS1 - 64 Kbps | E106: Per Port
D107: DS1 - 128 Kbps | E107: Per Port
D108: DS1 - 256 Kbps | E108: Per Port
D109: DS1 - 512 Kbps | E109: Per Port
D110: DS1 - 1.024 Mbps | E110: Per Port
D111: DS1 - 1.536 Mbps | E111: Per Port
D112: 2xDS1 - 3.072 Mbps | E112: Per Port
D113: 3xDS1 - 4.608 Mbps | E113: Per Port
D114: 4xDS1 - 6.144 Mbps | E114: Per Port
D115: DS3 - 8 Mbps | E115: Per Port
D116: DS3 - 10 Mbps | E116: Per Port
...

Sheet 4 - Estimated Volumes
B2: Estimated Monthly Volumes $
N3: Renewal Option 1 | R3: Renewal Option 2
B4: Resource Description | C4: VA-151028-MCI: Modification 005-N January 24, 2024 | E4: Metric | F4: Contract Year 1 | G4: Contract Year 2 | H4: Contract Year 3 | I4: Contract Year 4 | J4: Contract Year 5 | K4: Contract Year 6 | N4: Year 1 | O4: Year 2 | R4: Year 1 | S4: Year 2
B5: Cross Functional Charges
A6: 2.1 | C6: Cross Functional Charges
D7: Transition Assistance Recovery (excluding Funding)
D8: Funding Recovery
A9: 2.1.1 | D9: Program Management Office | F9: 1 | G9: 1 | H9: 1 | I9: 1 | J9: 1 | K9: 1 | N9: 1 | O9: 1 | R9: 1 | S9: 1
A10: 2.1.2 | D10: Cross Functional (inc. Triage Desk) | F10: 1 | G10: 1 | H10: 1 | I10: 1 | J10: 1 | K10: 1 | N10: 1 | O10: 1 | R10: 1 | S10: 1
A11: 2.1.3 | D11: Engineering Services | F11: 1 | G11: 1 | H11: 1 | I11: 1 | J11: 1 | K11: 1 | N11: 1 | O11: 1 | R11: 1 | S11: 1
D12: Program and Project Management | G12: 1 | H12: 1 | I12: 1 | J12: 1 | K12: 1 | N12: 1 | O12: 1 | R12: 1 | S12: 1
D13: Integration Services | G13: 1 | H13: 1 | I13: 1 | J13: 1 | K13: 1 | N13: 1 | O13: 1 | R13: 1 | S13: 1
D14: WITO Operations | G14: 1 | H14: 1 | I14: 1 | J14: 1 | K14: 1 | N14: 1 | O14: 1 | R14: 1 | S14: 1
D15: Design and Implementation | G15: 1 | H15: 1 | I15: 1 | J15: 1 | K15: 1 | N15: 1 | O15: 1 | R15: 1 | S15: 1
D17: (*) Unit Rates applicable to Contract Year 5 and Contract Year 5.5
A18: 2.2 | B18: CPE
A19: 2.2.1 | C19: Customer Premises Equipment (CPE) Use
D20: Managed WAN CPE
D21: Router –1 WAN, Ethernet - 1x10/100Mb WAN ports | E21: Per Device | F21: 0 | G21: 0 | H21: 0 | I21: 0 | J21: 0 | K21: 0 | N21: 0 | O21: 0 | R21: 0 | S21: 0
D22: Router - 2 WAN, 1xT1 | E22: Per Device | F22: 0 | G22: 0 | H22: 0 | I22: 0 | J22: 0 | K22: 0 | N22: 0 | O22: 0 | R22: 0 | S22: 0
D23: Router - 2 WAN, 2xT1 | E23: Per Device | F23: 0 | G23: 0 | H23: 0 | I23: 0 | J23: 0 | K23: 0 | N23: 0 | O23: 0 | R23: 0 | S23: 0
D24: Router - 2 WAN, 4xT1 | E24: Per Device | F24: 1417 | G24: 1417 | H24: 1417 | I24: 1417 | J24: 1417 | K24: 1417 | N24: 1417 | O24: 1417 | R24: 1417 | S24: 1417
D25: Router - 3 WAN, 1xDS3 | E25: Per Device | F25: 76 | G25: 76 | H25: 76 | I25: 76 | J25: 76 | K25: 76 | N25: 76 | O25: 76 | R25: 76 | S25: 76
D26: Router - 2 WAN, 1xT1, IPSEC, LTE | E26: Per Device | F26: 0 | G26: 0 | H26: 0 | I26: 0 | J26: 0 | K26: 0 | N26: 0 | O26: 0 | R26: 0 | S26: 0
D27: Router - 2 WAN, 2xT1, IPSEC, LTE | E27: Per Device | F27: 0 | G27: 0 | H27: 0 | I27: 0 | J27: 0 | K27: 0 | N27: 0 | O27: 0 | R27: 0 | S27: 0
D28: Router - 2 WAN, 4xT1, IPSEC, LTE | E28: Per Device | F28: 0 | G28: 0 | H28: 0 | I28: 0 | J28: 0 | K28: 0 | N28: 0 | O28: 0 | R28: 0 | S28: 0
D29: Router - 3 WAN, 1xDS3, IPSEC, LTE | E29: Per Device | F29: 0 | G29: 0 | H29: 0 | I29: 0 | J29: 0 | K29: 0 | N29: 0 | O29: 0 | R29: 0 | S29: 0
D30: Router - 2 WAN, Ethernet Only | E30: Per Device | F30: 0 | G30: 0 | H30: 0 | I30: 0 | J30: 0 | K30: 0 | N30: 0 | O30: 0 | R30: 0 | S30: 0
D31: Router - 2 WAN, Ethernet Only, IPSEC, LTE | E31: Per Device | F31: 0 | G31: 0 | H31: 0 | I31: 0 | J31: 0 | K31: 0 | N31: 0 | O31: 0 | R31: 0 | S31: 0
D32: Router - Cellular Wireless Router - Point of Use | E32: Per Device | F32: 0 | G32: 0 | H32: 0 | I32: 0 | J32: 0 | K32: 0 | N32: 0 | O32: 0 | R32: 0 | S32: 0
... D37: Router - Premium Core Data Center | E37: Per Device | F37: 0 | G37: 0 | H37: 0 | I37: 0 | J37: 0 | K37: 0 | N37: 0 | O37: 0 | R37: 0 | S37: 0
D38: Managed LAN CPE
D39: Switch - 8 Port | E39: Per Device | F39: 547 | G39: 547 | H39: 547 | I39: 547 | J39: 547 | K39: 547 | N39: 547 | O39: 547 | R39: 547 | S39: 547
D40: Switch - 8 Port (POE) | E40: Per Device | F40: 0 | G40: 0 | H40: 0 | I40: 0 | J40: 0 | K40: 0 | N40: 0 | O40: 0 | R40: 0 | S40: 0
D41: Switch - 24 Port | E41: Per Device | F41: 1839 | G41: 1839 | H41: 1839 | I41: 1839 | J41: 1839 | K41: 1839 | N41: 1839 | O41: 1839 | R41: 1839 | S41: 1839
D42: Switch - 48 Port | E42: Per Device | F42: 1620 | G42: 1620 | H42: 1620 | I42: 1620 | J42: 1620 | K42: 1620 | N42: 1620 | O42: 1620 | R42: 1620 | S42: 1620
D43: Switch - 24 Port (POE) | E43: Per Device | F43: 62 | G43: 62 | H43: 62 | I43: 62 | J43: 62 | K43: 62 | N43: 62 | O43: 62 | R43: 62 | S43: 62
D44: Switch - 48 Port (POE) | E44: Per Device | F44: 117 | G44: 117 | H44: 117 | I44: 117 | J44: 117 | K44: 117 | N44: 117 | O44: 117 | R44: 117 | S44: 117
D45: Switch Aggregation - 48 Port | E45: Per Device | F45: 0 | G45: 0 | H45: 0 | I45: 0 | J45: 0 | K45: 0 | N45: 0 | O45: 0 | R45: 0 | S45: 0
D46: Switch Core - 192 Port | E46: Per Device | F46: 31 | G46: 31 | H46: 31 | I46: 31 | J46: 31 | K46: 31 | N46: 31 | O46: 31 | R46: 31 | S46: 31
D47: Enterprise Data Center Load Balancer - Medium | E47: Per Device | F47: 11 | G47: 11 | H47: 11 | I47: 11 | J47: 11 | K47: 11 | N47: 11 | O47: 11 | R47: 11 | S47: 11
D48: Managed Wireless LAN CPE
D49: BAP- Bridging Access Point LAN Bridge Omni Directional | E49: Per Device | F49: 0 | G49: 0 | H49: 0 | I49: 0 | J49: 0 | K49: 0 | N49: 0 | O49: 0 | R49: 0 | S49: 0
D50: BAP- Bridging Access Point LAN Bridge Directional | E50: Per Device | F50: 0 | G50: 0 | H50: 0 | I50: 0 | J50: 0 | K50: 0 | N50: 0 | O50: 0 | R50: 0 | S50: 0
D51: Wifi Access Point Dual 2x2:2 Radio Integrated Antenna | E51: Per Device | F51: 0 | G51: 0 | H51: 0 | I51: 0 | J51: 0 | K51: 0 | N51: 0 | O51: 0 | R51: 0 | S51: 0
D52: Wifi Access Point Dual 3x3:3 Radio Integrated Omni Antenna Outdoor | E52: Per Device | F52: 0 | G52: 0 | H52: 0 | I52: 0 | J52: 0 | K52: 0 | N52: 0 | O52: 0 | R52: 0 | S52: 0
D53: Wifi Access Point Dual 2x2:2/4x4:4 MU-MIMO Radio Integrated Antenna | E53: Per Device | F53: 0 | G53: 0 | H53: 0 | I53: 0 | J53: 0 | K53: 0 | N53: 0 | O53: 0 | R53: 0 | S53: 0
D54: Wifi Access Point Dual 4x4:4 MU-MIMO Radio Integrated Antenna 2.5+1 GbE | E54: Per Device | F54: 522 | G54: 522 | H54: 522 | I54: 522 | J54: 522 | K54: 522 | N54: 522 | O54: 522 | R54: 522 | S54: 522
D55: Wifi Access Point Dual 2x2:2/3x3:3 MU-MIMO Radio Integrated Antenna | E55: Per Device | F55: 0 | G55: 0 | H55: 0 | I55: 0 | J55: 0 | K55: 0 | N55: 0 | O55: 0 | R55: 0 | S55: 0
D56: Wifi Access Point Dual 2x2:2 Radio Integrated Omni Antenna Outdoor | E56: Per Device | F56: 0 | G56: 0 | H56: 0 | I56: 0 | J56: 0 | K56: 0 | N56: 0 | O56: 0 | R56: 0 | S56: 0
D57: Wifi Access Point Dual 4x4:4 MU-MIMO Radio Integrated Antenna | E57: Per Device | F57: 0 | G57: 0 | H57: 0 | I57: 0 | J57: 0 | K57: 0 | N57: 0 | O57: 0 | R57: 0 | S57: 0
D58: Wifi Access Point Dual 2x2:2 Radio Integrated Antenna | E58: Per Device | F58: 635 | G58: 635 | H58: 635 | I58: 635 | J58: 635 | K58: 635 | N58: 635 | O58: 635 | R58: 635 | S58: 635
D59: Wifi Controller 4-port 10/100/1000BASE-T 16 AP and 1K Client Controller | E59: Per Device | F59: 0 | G59: 0 | H59: 0 | I59: 0 | J59: 0 | K59: 0 | N59: 0 | O59: 0 | R59: 0 | S59: 0
D60: Wifi Controller 8p Dual Pers 10/100/1000BASE-T/1GBASE-X SFP 64 AP and 4K Clients Controller | E60: Per Device | F60: 11 | G60: 11 | H60: 11 | I60: 11 | J60: 11 | K60: 11 | N60: 11 | O60: 11 | R60: 11 | S60: 11
D61: Wifi Controller 2-port 10GBASE-X (SFP+) Controller | E61: Per Device | F61: 17 | G61: 17 | H61: 17 | I61: 17 | J61: 17 | K61: 17 | N61: 17 | O61: 17 | R61: 17 | S61: 17
D62: UCCaaS CPE
D63: Phone - UCCaaS single line | E63: Per Device | F63: 0 | G63: 0 | H63: 0 | I63: 0 | J63: 0 | K63: 0 | N63: 0 | O63: 0 | R63: 0 | S63: 0
D64: Phone - UCCaaS 2 line | E64: Per Device | F64: 0 | G64: 0 | H64: 0 | I64: 0 | J64: 0 | K64: 0 | N64: 0 | O64: 0 | R64: 0 | S64: 0
D65: Phone - UCCaaS 4 line | E65: Per Device | F65: 12044 | G65: 12044 | H65: 12044 | I65: 12044 | J65: 12044 | K65: 12044 | N65: 12044 | O65: 12044 | R65: 12044 | S65: 12044
D66: Phone - UCCaaS 16 line (Accessibility Phone) | E66: Per Device | F66: 0 | G66: 0 | H66: 0 | I66: 0 | J66: 0 | K66: 0 | N66: 0 | O66: 0 | R66: 0 | S66: 0
D67: Phone - UCCaaS 16 line | E67: Per Device | F67: 0 | G67: 0 | H67: 0 | I67: 0 | J67: 0 | K67: 0 | N67: 0 | O67: 0 | R67: 0 | S67: 0
D68: Phone - UCCaaS Conference Phone | E68: Per Device | F68: 0 | G68: 0 | H68: 0 | I68: 0 | J68: 0 | K68: 0 | N68: 0 | O68: 0 | R68: 0 | S68: 0
D69: Phone Accessory - UCCaaS Conference Phone POE Injector | E69: Per Device | F69: 0 | G69: 0 | H69: 0 | I69: 0 | J69: 0 | K69: 0 | N69: 0 | O69: 0 | R69: 0 | S69: 0
D70: Phone Accessory - UCCaaS Conference Phone external microphone | E70: Per Device | F70: 0 | G70: 0 | H70: 0 | I70: 0 | J70: 0 | K70: 0 | N70: 0 | O70: 0 | R70: 0 | S70: 0
D71: Phone - UCCaaS 5 line, GigE | E71: Per Device | F71: 0 | G71: 0 | H71: 0 | I71: 0 | J71: 0 | K71: 0 | N71: 0 | O71: 0 | R71: 0 | S71: 0
D72: Phone - UCCaaS 5 line, GigE, Wifi | E72: Per Device | F72: 0 | G72: 0 | H72: 0 | I72: 0 | J72: 0 | K72: 0 | N72: 0 | O72: 0 | R72: 0 | S72: 0
D73: Phone- Accessory Key Expansion Module | E73: Per Device | F73: 0 | G73: 0 | H73: 0 | I73: 0 | J73: 0 | K73: 0 | N73: 0 | O73: 0 | R73: 0 | S73: 0
D74: Phone- Accessory Key Expansion Module Power cube | E74: Per Device | F74: 0 | G74: 0 | H74: 0 | I74: 0 | J74: 0 | K74: 0 | N74: 0 | O74: 0 | R74: 0 | S74: 0
... D82: 24 Port Analog Terminal Adapter (ATA) | E82: Per Device | F82: 0 | G82: 0 | H82: 0 | I82: 0 | J82: 0 | K82: 0 | N82: 0 | O82: 0 | R82: 0 | S82: 0
D83: VCE CPE
D84: Conference Phone 12 Foot Radius | E84: Per Device | F84: 0 | G84: 0 | H84: 0 | I84: 0 | J84: 0 | K84: 0 | N84: 0 | O84: 0 | R84: 0 | S84: 0
D85: Conference Phone Extension Microphones | E85: Per Device | F85: 0 | G85: 0 | H85: 0 | I85: 0 | J85: 0 | K85: 0 | N85: 0 | O85: 0 | R85: 0 | S85: 0
D86: Phone – VCE 2 line | E86: Per Device | F86: 12152 | G86: 12152 | H86: 12152 | I86: 12152 | J86: 12152 | K86: 12152 | N86: 12152 | O86: 12152 | R86: 12152 | S86: 12152
D87: Phone – VCE 4 line | E87: Per Device | F87: 0 | G87: 0 | H87: 0 | I87: 0 | J87: 0 | K87: 0 | N87: 0 | O87: 0 | R87: 0 | S87: 0
D88: Phone – VCE 6 line | E88: Per Device | F88: 3038 | G88: 3038 | H88: 3038 | I88: 3038 | J88: 3038 | K88: 3038 | N88: 3038 | O88: 3038 | R88: 3038 | S88: 3038
D89: Phone – VCE 6 line w/GigE Interface | E89: Per Device | F89: 0 | G89: 0 | H89: 0 | I89: 0 | J89: 0 | K89: 0 | N89: 0 | O89: 0 | R89: 0 | S89: 0
D90: Phone – VCE 12 line | E90: Per Device | F90: 0 | G90: 0 | H90: 0 | I90: 0 | J90: 0 | K90: 0 | N90: 0 | O90: 0 | R90: 0 | S90: 0
D91: Phone – VCE 12 line w/GigE Interface | E91: Per Device | F91: 0 | G91: 0 | H91: 0 | I91: 0 | J91: 0 | K91: 0 | N91: 0 | O91: 0 | R91: 0 | S91: 0
D92: Phone – VCE 12 line w/Video Port | E92: Per Device | F92: 0 | G92: 0 | H92: 0 | I92: 0 | J92: 0 | K92: 0 | N92: 0 | O92: 0 | R92: 0 | S92: 0
D93: Phone – VCE 16 line w/Video Port | E93: Per Device | F93: 0 | G93: 0 | H93: 0 | I93: 0 | J93: 0 | K93: 0 | N93: 0 | O93: 0 | R93: 0 | S93: 0
D94: Conference Phone 7 Foot Radius | E94: Per Device | F94: 0 | G94: 0 | H94: 0 | I94: 0 | J94: 0 | K94: 0 | N94: 0 | O94: 0 | R94: 0 | S94: 0
D95: Attendant Expansion Module | E95: Per Device | F95: 0 | G95: 0 | H95: 0 | I95: 0 | J95: 0 | K95: 0 | N95: 0 | O95: 0 | R95: 0 | S95: 0
... D98: 24 Port Analog Terminal Adapter (ATA) | E98: Per Device | F98: 0 | G98: 0 | H98: 0 | I98: 0 | J98: 0 | K98: 0 | N98: 0 | O98: 0 | R98: 0 | S98: 0
A101: 2.3 | B101: Transport
C102: PIP IP Port Related Services
A103: 2.3.1 | D103: Private IP (PIP) Port Installation | E103: Per Port | F103: 0 | G103: 0 | H103: 0 | I103: 0 | J103: 0 | K103: 0 | N103: 0 | O103: 0 | R103: 0 | S103: 0
A104: 2.3.2 | C104: Private IP (PIP) Port
D105: DS1 - 64 Kbps | E105: Per Port | F105: 2 | G105: 2 | H105: 2 | I105: 2 | J105: 2 | K105: 2 | N105: 2 | O105: 2 | R105: 2 | S105: 2
D106: DS1 - 128 Kbps | E106: Per Port | F106: 0 | G106: 0 | H106: 0 | I106: 0 | J106: 0 | K106: 0 | N106: 0 | O106: 0 | R106: 0 | S106: 0
D107: DS1 - 256 Kbps | E107: Per Port | F107: 1 | G107: 1 | H107: 1 | I107: 1 | J107: 1 | K107: 1 | N107: 1 | O107: 1 | R107: 1 | S107: 1
D108: DS1 - 512 Kbps | E108: Per Port | F108: 28 | G108: 28 | H108: 28 | I108: 28 | J108: 28 | K108: 28 | N108: 28 | O108: 28 | R108: 28 | S108: 28
D109: DS1 - 1.024 Mbps | E109: Per Port | F109: 5 | G109: 5 | H109: 5 | I109: 5 | J109: 5 | K109: 5 | N109: 5 | O109: 5 | R109: 5 | S109: 5
D110: DS1 - 1.536 Mbps | E110: Per Port | F110: 713 | G110: 713 | H110: 713 | I110: 713 | J110: 713 | K110: 713 | N110: 713 | O110: 713 | R110: 713 | S110: 713
D111: 2xDS1 - 3.072 Mbps | E111: Per Port | F111: 303 | G111: 303 | H111: 303 | I111: 303 | J111: 303 | K111: 303 | N111: 303 | O111: 303 | R111: 303 | S111: 303
D112: 3xDS1 - 4.608 Mbps | E112: Per Port | F112: 105 | G112: 105 | H112: 105 | I112: 105 | J112: 105 | K112: 105 | N112: 105 | O112: 105 | R112: 105 | S112: 105
D113: 4xDS1 - 6.144 Mbps | E113: Per Port | F113: 142 | G113: 142 | H113: 142 | I113: 142 | J113: 142 | K113: 142 | N113: 142 | O113: 142 | R113: 142 | S113: 142
D114: DS3 - 8 Mbps | E114: Per Port | F114: 0 | G114: 0 | H114: 0 | I114: 0 | J114: 0 | K114: 0 | N114: 0 | O114: 0 | R114: 0 | S114: 0
D115: DS3 - 10 Mbps | E115: Per Port | F115: 0 | G115: 0 | H115: 0 | I115: 0 | J115: 0 | K115: 0 | N115: 0 | O115: 0 | R115: 0 | S115: 0
D116: DS3 - 15 Mbps | E116: Per Port | F116: 0 | G116: 0 | H116: 0 | I116: 0 | J116: 0 | K116: 0 | N116: 0 | O116: 0 | R116: 0 | S116: 0
... D162: Ethernet - 10 Gbps | E162: Per Port | F162: 0 | G162: 0 | H162: 0 | I162: 0 | J162: 0 | K162: 0 | N162: 0 | O162: 0 | R162: 0 | S162: 0
...

Sheet 5 - Pass-Through
B2: Pass-Through Expenses ($)
B4: NOT USED

Sheet 6 - Milestone Charges
B2: Milestone Charges ($)
C4: VA-151028-MCI: Modification 005-O June 15, 2024
H8: Scenario 1: Milestone Charges - Paid upon Completion | P8: Scenario 2: Milestone Charges - Paid over Term
C9: Critical Milestone | D9: Reference Document | E9: Completion Criteria Ref | F9: Completion Date | H9: Contract Year 1 | I9: Contract Year 2 | J9: Contract Year 3 | K9: Contract Year 4 | L9: Contract Year 5 | M9: Contract Year 6 | N9: Total | P9: Contract Year 1 | Q9: Contract Year 2 | R9: Contract Year 3 | S9: Contract Year 4 | T9: Contract Year 5 | U9: Contract Year 6 | V9: Total
C12: Existing Asset Purchases
P14: Note : The amounts shown in this section depicting Scenario 2 are provided for illustrative purposes. The actual monthly amounts shall be determined by the method set forth in Exhibit 4.0, as amended by Modification 5A, and may result in annualized amounts that do not match the illustrative amounts herein.
C15: MILESTONES CHARGES
C16: Program and Project Management | I16: =SUM(I17:I23) -> 2124300 | J16: =SUM(J17:J23) -> 0 | K16: =SUM(K17:K23) -> 0 | L16: =SUM(L17:L23) -> 0 | N16: =SUM(H16:L16) -> 2124300 | P16: ='3 - Monthly Unit Rates'!F12*12 -> 0 | Q16: ='3 - Monthly Unit Rates'!G12*12 -> 531075 | R16: =Q16 -> 531075 | S16: =R16 -> 531075 | T16: =S16 -> 531075 | V16: =SUM(P16:T16) -> 2124300
C17: Staffing Plan | D17: Exhibit 2.4.1 | E17: Milestone 2 | F17: 43391 | H17: =P17*5 -> 0 | I17: =Q17*4 -> 303471.4 | J17: N/A | K17: N/A | L17: N/A | Q17: 75867.85 | R17: =Q17 -> 75867.85 | S17: =R17 -> 75867.85 | T17: =S17 -> 75867.85
C18: Services Detailed Implementation Plan | D18: Exhibit 2.4.1 | E18: Milestone 8 | F18: 43405 | H18: =P18*5 -> 0 | I18: =Q18*4 -> 303471.4 | J18: N/A | K18: N/A | L18: N/A | M18: N/A | Q18: 75867.85 | R18: =Q18 -> 75867.85 | S18: =R18 -> 75867.85 | T18: =S18 -> 75867.85
C19: Service Management Manual | D19: Exhibit 2.4.1 | E19: Milestone 15 | F19: 43419 | H19: =P19*5 -> 0 | I19: =Q19*4 -> 303471.44 | J19: N/A | K19: N/A | L19: N/A | M19: N/A | Q19: 75867.86 | R19: =Q19 -> 75867.86 | S19: =R19 -> 75867.86 | T19: =S19 -> 75867.86
C20: MTO 25% Complete | D20: Exhibit 2.4.1 | E20: Milestone 25 | F20: CD+8 | H20: =P20*5 -> 0 | I20: =Q20*4 -> 303471.44 | J20: N/A | K20: N/A | L20: N/A | Q20: 75867.86 | R20: =Q20 -> 75867.86 | S20: =R20 -> 75867.86 | T20: =S20 -> 75867.86
C21: MTO 50% Complete | D21: Exhibit 2.4.1 | E21: Milestone 26 | F21: CD+9 | H21: =P21*5 -> 0 | I21: =Q21*4 -> 303471.44 | J21: N/A | K21: N/A | L21: N/A | Q21: 75867.86 | R21: =Q21 -> 75867.86 | S21: =R21 -> 75867.86 | T21: =S21 -> 75867.86
C22: MTO 75% Complete | D22: Exhibit 2.4.1 | E22: Milestone 27 | F22: CD+17 | H22: =P22*5 -> 0 | I22: =Q22*4 -> 303471.44 | J22: N/A | K22: N/A | L22: N/A | Q22: 75867.86 | R22: =Q22 -> 75867.86 | S22: =R22 -> 75867.86 | T22: =S22 -> 75867.86
C23: MTO 100% Complete | D23: Exhibit 2.4.1 | E23: Milestone 29 | F23: 44012 | H23: N/A | I23: =Q23*4 -> 303471.44 | J23: N/A | K23: N/A | L23: N/A | Q23: 75867.86 | R23: =Q23 -> 75867.86 | S23: =R23 -> 75867.86 | T23: =S23 -> 75867.86
C25: Integration Services | I25: =SUM(I26:I27) -> 1291330.8 | J25: =SUM(J26:J27) -> 0 | K25: =SUM(K26:K27) -> 0 | L25: =SUM(L26:L27) -> 0 | N25: =SUM(H25:L25) -> 1291330.8 | P25: ='3 - Monthly Unit Rates'!F13*12 -> 0 | Q25: ='3 - Monthly Unit Rates'!G13*12 -> 322832.7 | R25: =Q25 -> 322832.7 | S25: =R25 -> 322832.7 | T25: =S25 -> 322832.7 | V25: =SUM(P25:T25) -> 1291330.8
C26: Assumption of management using legacy tools | D26: Exhibit 2.4.1 | E26: Milestone 18 | F26: 43449 | H26: =P26*5 -> 0 | I26: =Q26*4 -> 645665.4 | J26: N/A | K26: N/A | L26: N/A | P26: =0.5*P$25 -> 0 | Q26: =0.5*Q$25 -> 161416.35 | R26: =Q26 -> 161416.35 | S26: =R26 -> 161416.35 | T26: =S26 -> 161416.35
C27: Intgegration with MSI toolset | D27: Exhibit 2.4.1 | E27: Milestone 21 | F27: 43435 | H27: =P27*5 -> 0 | I27: =Q27*4 -> 645665.4 | J27: N/A | K27: N/A | L27: N/A | P27: =0.5*P$25 -> 0 | Q27: =0.5*Q$25 -> 161416.35 | R27: =Q27 -> 161416.35 | S27: =R27 -> 161416.35 | T27: =S27 -> 161416.35
H28: =P28*5 -> 0
C29: WITO Operations | I29: =SUM(I30:I31) -> 3730782 | J29: =SUM(J30:J31) -> 0 | K29: =SUM(K30:K31) -> 0 | L29: =SUM(L30:L31) -> 0 | N29: =SUM(H29:L29) -> 3730782 | P29: ='3 - Monthly Unit Rates'!F14*12 -> 0 | Q29: ='3 - Monthly Unit Rates'!G14*12 -> 932695.5 | R29: =Q29 -> 932695.5 | S29: =R29 -> 932695.5 | T29: =S29 -> 932695.5 | V29: =SUM(P29:T29) -> 3730782
C30: Shadowing start | D30: Exhibit 2.4.1 | E30: Milestone 14 | F30: 43361 | H30: =P30*5 -> 0 | I30: =Q30*4 -> 1865391 | J30: N/A | K30: N/A | L30: N/A | P30: =0.5*P$29 -> 0 | Q30: =0.5*Q$29 -> 466347.75 | R30: =Q30 -> 466347.75 | S30: =R30 -> 466347.75 | T30: =S30 -> 466347.75
C31: Commencement | D31: Exhibit 2.4.1 | E31: Milestone 19 | F31: 43449 | H31: =P31*5 -> 0 | I31: =Q31*4 -> 1865391 | J31: N/A | K31: N/A | L31: N/A | P31: =0.5*P$29 -> 0 | Q31: =0.5*Q$29 -> 466347.75 | R31: =Q31 -> 466347.75 | S31: =R31 -> 466347.75 | T31: =S31 -> 466347.75
C33: Design and Implementation | I33: =SUM(I34:I38) -> 2886280.8 | J33: =SUM(J34:J38) -> 0 | K33: =SUM(K34:K38) -> 0 | L33: =SUM(L34:L38) -> 0 | N33: =SUM(H33:L33) -> 2886280.8 | P33: ='3 - Monthly Unit Rates'!F15*12 -> 0 | Q33: ='3 - Monthly Unit Rates'!G15*12 -> 721570.2 | R33: =Q33 -> 721570.2 | S33: =R33 -> 721570.2 | T33: =S33 -> 721570.2 | V33: =SUM(P33:T33) -> 2886280.8
C34: MTO 25% Complete | D34: Exhibit 2.4.1 | E34: Milestone 25 | F34: CD+8 | H34: =P34*5 -> 0 | I34: =Q34*4 -> 577256.16 | J34: N/A | K34: N/A | L34: N/A | P34: =0.2*P$33 -> 0 | Q34: =0.2*Q$33 -> 144314.04 | R34: =Q34 -> 144314.04 | S34: =R34 -> 144314.04 | T34: =S34 -> 144314.04
C35: MTO 50% Complete | D35: Exhibit 2.4.1 | E35: Milestone 26 | F35: CD+9 | H35: =P35*5 -> 0 | I35: =Q35*4 -> 577256.16 | J35: N/A | K35: N/A | L35: N/A | P35: =0.2*P$33 -> 0 | Q35: =0.2*Q$33 -> 144314.04 | R35: =Q35 -> 144314.04 | S35: =R35 -> 144314.04 | T35: =S35 -> 144314.04
C36: MTO 75% Complete | D36: Exhibit 2.4.1 | E36: Milestone 27 | F36: CD+17 | H36: =P36*5 -> 0 | I36: =Q36*4 -> 577256.16 | J36: N/A | K36: N/A | L36: N/A | P36: =0.2*P$33 -> 0 | Q36: =0.2*Q$33 -> 144314.04 | R36: =Q36 -> 144314.04 | S36: =R36 -> 144314.04 | T36: =S36 -> 144314.04
C37: Refresh of CPE with Pre-Existing Issues | D37: Exhibit 2.4.1 | E37: Milestone 28 | F37: 44012 | H37: N/A | I37: =Q37*4 -> 577256.16 | J37: N/A | K37: N/A | L37: N/A | P37: =0.2*P$33 -> 0 | Q37: =0.2*Q$33 -> 144314.04 | R37: =Q37 -> 144314.04 | S37: =R37 -> 144314.04 | T37: =S37 -> 144314.04
C38: MTO 100% Complete | D38: Exhibit 2.4.1 | E38: Milestone 29 | F38: 44012 | H38: N/A | I38: =Q38*4 -> 577256.16 | J38: N/A | K38: N/A | L38: N/A | P38: =0.2*P$33 -> 0 | Q38: =0.2*Q$33 -> 144314.04 | R38: =Q38 -> 144314.04 | S38: =R38 -> 144314.04 | T38: =S38 -> 144314.04
C41: Total Milestone Charges Gross | H41: =SUM(H33,H29,H25,H16) -> 0 | I41: =SUM(I33,I29,I25,I16) -> 10032694 | J41: =SUM(J33,J29,J25,J16) -> 0 | K41: =SUM(K33,K29,K25,K16) -> 0 | L41: =SUM(L33,L29,L25,L16) -> 0 | M41: =SUM(M33,M29,M25,M16) -> 0 | N41: =SUM(H41:L41) -> 10032694 | P41: =SUM(P33,P29,P25,P16) -> 0 | Q41: =SUM(Q33,Q29,Q25,Q16) -> 2508173.4 | R41: =SUM(R33,R29,R25,R16) -> 2508173.4 | S41: =SUM(S33,S29,S25,S16) -> 2508173.4 | T41: =SUM(T33,T29,T25,T16) -> 2508173.4 | U41: =SUM(U33,U29,U25,U16) -> 0 | V41: =SUM(P41:T41) -> 10032694
C42: Transition Assistance Credit | I42: =-0.05*I40 -> 0 | J42: =-0.05*J40 -> 0 | K42: =-0.05*K40 -> 0 | L42: =-0.05*L40 -> 0 | N42: =SUM(H42:L42) -> 0 | P42: 0 | Q42: 0 | R42: 0 | S42: 0 | T42: 0 | U42: 0 | V42: =SUM(P42:U42) -> 0
C43: 5.102% Discount | H43: =-0.05102*H41 -> 0 | I43: =-0.05102*I41 -> -511868.03 | J43: =-0.05102*J41 -> 0 | K43: =-0.05102*K41 -> 0 | L43: =-0.05102*L41 -> 0 | M43: =-0.05102*M41 -> 0 | N43: =SUM(H43:L43) -> -511868.03 | P43: =-0.05102*P41 -> 0 | Q43: =-0.05102*Q41 -> -127967.01 | R43: =-0.05102*R41 -> -127967.01 | S43: =-0.05102*S41 -> -127967.01 | T43: =-0.05102*T41 -> -127967.01 | U43: =-0.05102*U41 -> 0 | V43: =SUM(P43:T43) -> -511868.03
C44: Total Milestone Charges | H44: =H41+H42+H43 -> 0 | I44: =I41+I42+I43 -> 9520825.6 | J44: =J41+J42+J43 -> 0 | K44: =K41+K42+K43 -> 0 | L44: =L41+L42+L43 -> 0 | N44: =SUM(H44:L44) -> 9520825.6 | P44: =P41+P42+P43 -> 0 | Q44: =Q41+Q42+Q43 -> 2380206.4 | R44: =R41+R42+R43 -> 2380206.4 | S44: =S41+S42+S43 -> 2380206.4 | T44: =T41+T42+T43 -> 2380206.4 | V44: =SUM(P44:T44) -> 9520825.6
C46: VITA and Supplier agree that the remaining monthly installments for Milestones 2, 8, 14, 15, 18, 19 and 21 will be paid by VITA in one lump sum payment on or before July 1, 2022, totaling $2,882,043.22. Payment terms for Milestones 25 through 29 will follow the previous payment agreement for milestones between VITA and Supplier, unless otherwise updated at a future time.

Sheet 7 - Supplier Investments
B2: Supplier Investments (Annual Amounts in $)
B3: VA-151028-MCI: Modification 005-O June 15, 2024
B4: Supplier Investments - Fill out blue highlighted areas of worksheet.
B5: Note: Investment dollars are not an addition to the Total Estimate Charges, they should already be included in the Monthly Unit Rates.
K6: Renewal Option 1 | N6: Renewal Option 2
B7: 1.02 | D7: Contract Year 1 | E7: Contract Year 2 | F7: Contract Year 3 | G7: Contract Year 4 | H7: Contract Year 5 | I7: Contract Year 5.5 | J7: 5 Year Total | K7: Year 1 | L7: Year 2 | M7: Total | N7: Year 1 | O7: Year 2 | P7: Total
C10: Supplier Investments
C11: Hardware - Infrastructure | D11: 0 | E11: 0 | F11: 0 | G11: 0 | H11: 0 | I11: 0 | J11: =SUM(D11:I11) -> 0 | K11: 0 | L11: 0 | M11: =K11+L11 -> 0 | N11: 0 | O11: 0 | P11: =O11+N11 -> 0
C12: Hardware - Non-Infrastructure | D12: 69419038 | E12: 0 | F12: 3590640 | G12: 5984400 | H12: 15559439 | I12: 0 | J12: =SUM(D12:I12) -> 94553517 | K12: 0 | L12: 4787520 | M12: =K12+L12 -> 4787520 | N12: 20346959 | O12: 0 | P12: =O12+N12 -> 20346959
C13: Sofware | D13: 0 | E13: 0 | F13: 0 | G13: 0 | H13: 0 | I13: 0 | J13: =SUM(D13:I13) -> 0 | K13: 0 | L13: 0 | M13: =K13+L13 -> 0 | N13: 0 | O13: 0 | P13: =O13+N13 -> 0
C14: Other | D14: 0 | E14: 0 | F14: 0 | G14: 0 | H14: 0 | I14: 0 | J14: =SUM(D14:I14) -> 0 | K14: 0 | L14: 0 | M14: =K14+L14 -> 0 | N14: 0 | O14: 0 | P14: =O14+N14 -> 0
C15: Total | D15: =SUM(D11:D14) -> 69419038 | E15: =SUM(E11:E14) -> 0 | F15: =SUM(F11:F14) -> 3590640 | G15: =SUM(G11:G14) -> 5984400 | H15: =SUM(H11:H14) -> 15559439 | I15: =SUM(I11:I14) -> 0 | J15: =SUM(J11:J14) -> 94553517 | K15: =SUM(K11:K14) -> 0 | ... P15: =SUM(P11:P14) -> 20346959

Sheet 8 - Termination
A2: 1.02 | B2: Termination Charges (Annual Amounts in $)
B3: VA-151028-MCI: Modification 005-O June 15, 2024
B4: Termination Charges - Fill out blue highlighted areas of worksheet
B5: Charges should reflect amount as of first day of period.
K6: Renewal Option 1 | M6: Renewal Option 2
E7: Contract Year 1 | F7: Contract Year 2 | G7: Contract Year 3 | H7: Contract Year 4 | I7: Contract Year 5 | J7: Contract Year 5.5 | K7: Year 1 | L7: Year 2 | M7: Year 1 | N7: Year 2
B8: TERMINATION FOR CONVENIENCE
D10: Cross Functional
D11: Unrecovered Implementation Charges | E11: 5016347 | F11: 4013077.5 | G11: 3009807.5 | H11: 2006539 | I11: 1003269 | J11: 0 | K11: 0 | L11: 0 | M11: 0 | N11: 0
D12: Employee Severance | E12: 6822457 | F12: 6822457 | G12: 6822457 | H12: 6822457 | I12: 6822457 | J12: =I12 -> 6822457 | K12: 6822457 | L12: 6822457 | M12: 6822457 | N12: 6822457
D13: Supplier Equipment | E13: 0 | F13: 0 | G13: 0 | H13: 0 | I13: 0 | J13: 0 | K13: 0 | L13: 0 | M13: 0 | N13: 0
D14: Third Party Contracts (Software Licenses) | E14: 0 | F14: 0 | G14: 0 | H14: 0 | I14: 0 | J14: 0 | K14: 0 | L14: 0 | M14: 0 | N14: 0
D15: Third Party Contracts (Other) | E15: 0 | F15: 0 | G15: 0 | H15: 0 | I15: 0 | J15: 0 | K15: 0 | L15: 0 | M15: 0 | N15: 0
D16: Total Cross Functional Termination for Convenience | E16: =SUM(E11:E15) -> 11838804 | F16: =SUM(F11:F15) -> 10835534 | G16: =SUM(G11:G15) -> 9832264.5 | H16: =SUM(H11:H15) -> 8828996 | I16: =SUM(I11:I15) -> 7825726 | J16: =SUM(J11:J15) -> 6822457 | K16: =SUM(K11:K15) -> 6822457 | L16: =SUM(L11:L15) -> 6822457 | ... N16: =SUM(N11:N15) -> 6822457
D19: CPE Use
D20: Unrecovered Implementation Charges | E20: 0 | F20: 0 | G20: 0 | H20: 0 | I20: 0 | J20: 0 | K20: 0 | L20: 0 | M20: 0 | N20: 0
D21: Employee Severance | E21: 0 | F21: 0 | G21: 0 | H21: 0 | I21: 0 | J21: 0 | K21: 0 | L21: 0 | M21: 0 | N21: 0
D22: Supplier Equipment | E22: 62477134 | F22: 49981707 | G22: 40717857 | H22: 32962074 | I22: 32746636 | J22: 15727003 | K22: 15727003 | L22: 15511565 | M22: 27863366 | N22: 13393087
D23: Third Party Contracts (Software Licenses) | E23: 0 | F23: 0 | G23: 0 | H23: 0 | I23: 0 | J23: 0 | K23: 0 | L23: 0 | M23: 0 | N23: 0
D24: Third Party Contracts (Other) | E24: 0 | F24: 0 | G24: 0 | H24: 0 | I24: 0 | J24: 0 | K24: 0 | L24: 0 | M24: 0 | N24: 0
D25: Total CPE Use Termination for Convenience | E25: =SUM(E20:E24) -> 62477134 | F25: =SUM(F20:F24) -> 49981707 | G25: =SUM(G20:G24) -> 40717857 | H25: =SUM(H20:H24) -> 32962074 | I25: =SUM(I20:I24) -> 32746636 | J25: =SUM(J20:J24) -> 15727003 | K25: =SUM(K20:K24) -> 15727003 | L25: =SUM(L20:L24) -> 15511565 | ... N25: =SUM(N20:N24) -> 13393087
D28: Transport
D29: Unrecovered Implementation Charges | E29: 0 | F29: 24726408 | G29: 19781126 | H29: 14835845 | I29: 2472640.8 | J29: 1236320.5 | K29: =J29 -> 1236320.5 | L29: 0 | M29: 0 | N29: 0
D30: Employee Severance | E30: 0 | F30: 0 | G30: 0 | H30: 0 | I30: 0 | J30: 0 | K30: 0 | L30: 0 | M30: 0 | N30: 0
D31: Supplier Equipment | E31: 0 | F31: 0 | G31: 0 | H31: 0 | I31: 0 | J31: 0 | K31: 0 | L31: 0 | M31: 0 | N31: 0
D32: Third Party Contracts (Software Licenses) | E32: 0 | F32: 0 | G32: 0 | H32: 0 | I32: 0 | J32: 0 | K32: 0 | L32: 0 | M32: 0 | N32: 0
D33: Third Party Contracts (Other) | E33: 0 | F33: 0 | G33: 0 | H33: 0 | I33: 0 | J33: 0 | K33: 0 | L33: 0 | M33: 0 | N33: 0
D34: Total Transport Termination for Convenience | E34: =SUM(E29:E33) -> 0 | F34: =SUM(F29:F33) -> 24726408 | G34: =SUM(G29:G33) -> 19781126 | H34: =SUM(H29:H33) -> 14835845 | I34: =SUM(I29:I33) -> 2472640.8 | J34: =SUM(J29:J33) -> 1236320.5 | K34: =SUM(K29:K33) -> 1236320.5 | L34: =SUM(L29:L33) -> 0 | ... N34: =SUM(N29:N33) -> 0
D37: Data Networking Services
D38: Unrecovered Implementation Charges | E38: 0 | F38: 0 | G38: 0 | H38: 0 | I38: 0 | J38: 0 | K38: 0 | L38: 0 | M38: 0 | N38: 0
D39: Employee Severance | E39: 1904514 | F39: 1904514 | G39: 1904514 | H39: 1904514 | I39: 1904514 | J39: 1904514 | K39: 1904514 | L39: 1904514 | M39: 1904514 | N39: 1904514
D40: Supplier Equipment | E40: 0 | F40: 0 | G40: 0 | H40: 0 | I40: 0 | J40: 0 | K40: 0 | L40: 0 | M40: 0 | N40: 0
D41: Third Party Contracts (Software Licenses) | E41: 0 | F41: 0 | G41: 0 | H41: 0 | I41: 0 | J41: 0 | K41: 0 | L41: 0 | M41: 0 | N41: 0
D42: Third Party Contracts (Other) | E42: 0 | F42: 0 | G42: 0 | H42: 0 | I42: 0 | J42: 0 | K42: 0 | L42: 0 | M42: 0 | N42: 0
D43: Total Data Networking Services Termination for Convenience | E43: =SUM(E38:E42) -> 1904514 | F43: =SUM(F38:F42) -> 1904514 | G43: =SUM(G38:G42) -> 1904514 | H43: =SUM(H38:H42) -> 1904514 | I43: =SUM(I38:I42) -> 1904514 | J43: =SUM(J38:J42) -> 1904514 | K43: =SUM(K38:K42) -> 1904514 | L43: =SUM(L38:L42) -> 1904514 | ... N43: =SUM(N38:N42) -> 1904514
D46: Voice Networking Services
D47: Unrecovered Implementation Charges | E47: 0 | F47: 0 | G47: 0 | H47: 0 | I47: 0 | J47: 0 | K47: 0 | L47: 0 | M47: 0 | N47: 0
D48: Employee Severance | E48: 0 | F48: 0 | G48: 0 | H48: 0 | I48: 0 | J48: 0 | K48: 0 | L48: 0 | M48: 0 | N48: 0
D49: Supplier Equipment | E49: 0 | F49: 0 | G49: 0 | H49: 0 | I49: 0 | J49: 0 | K49: 0 | L49: 0 | M49: 0 | N49: 0
D50: Third Party Contracts (Software Licenses) | E50: 0 | F50: 0 | G50: 0 | H50: 0 | I50: 0 | J50: 0 | K50: 0 | L50: 0 | M50: 0 | N50: 0
D51: Third Party Contracts (Other) | E51: 0 | F51: 0 | G51: 0 | H51: 0 | I51: 0 | J51: 0 | K51: 0 | L51: 0 | M51: 0 | N51: 0
D52: Total Voice Networking Services Termination for Convenience | E52: =SUM(E47:E51) -> 0 | F52: =SUM(F47:F51) -> 0 | G52: =SUM(G47:G51) -> 0 | H52: =SUM(H47:H51) -> 0 | I52: =SUM(I47:I51) -> 0 | K52: =SUM(K47:K51) -> 0 | L52: =SUM(L47:L51) -> 0 | M52: =SUM(M47:M51) -> 0 | N52: =SUM(N47:N51) -> 0
C55: TOTAL TERMINATION FOR CONVENIENCE | E55: =E52+E43+E34+E25+E16 -> 76220452 | F55: =F52+F43+F34+F25+F16 -> 87448164 | G55: =G52+G43+G34+G25+G16 -> 72235761 | H55: =H52+H43+H34+H25+H16 -> 58531429 | I55: =I52+I43+I34+I25+I16 -> 44949517 | J55: =J52+J43+J34+J25+J16 -> 25690295 | K55: =K52+K43+K34+K25+K16 -> 25690295 | L55: =L52+L43+L34+L25+L16 -> 24238536 | ... N55: =N52+N43+N34+N25+N16 -> 22120058

Sheet 9 - Inflation Sensivity
B2: Inflation Sensitivity (%)
B3: NOT USED
C4: VA-151028-MCI: Modification 005-O June 15, 2024 | F4: 1.02

Sheet 10 - Rate Card
B2: Rate Card $
B4: VA-151028-MCI: Modification 005-O June 15, 2024
B5: Fill out blue highlighted cells in the first table with the Resource Types available for FTE Services and the applicable hourly rates, inclusive of travel.
B6: Fill out blue highlighted cells in the second table to describe the Resouce Types listed in the first table.
K8: Renewal Option 1 | M8: Renewal Option 2
B9: Resource Type | C9: Units | D9: Annual Productive Hours | F9: Contract Year 1 | G9: Contract Year 2 | H9: Contract Year 3 | I9: Contract Year 4 | J9: Contract Year 5 * | K9: Year 1 | L9: Year 2 | M9: Year 1 | N9: Year 2
B10: Network Engineer | C10: Hours | D10: 1920 | F10: 166 | G10: =ROUND(F10*1.03,0) -> 171 | H10: =ROUND(G10*1.03,0) -> 176 | I10: =ROUND(H10*1.03,0) -> 181 | J10: =ROUND(I10*1.03,0) -> 186 | K10: =ROUND(J10*1.03,0) -> 192 | L10: =ROUND(K10*1.03,0) -> 198 | M10: =ROUND(L10*1.03,0) -> 204 | N10: =ROUND(M10*1.03,0) -> 210
B11: Project Manager (NE) | C11: Hours | D11: 1920 | F11: 119 | G11: =ROUND(F11*1.03,0) -> 123 | H11: =ROUND(G11*1.03,0) -> 127 | I11: =ROUND(H11*1.03,0) -> 131 | J11: =ROUND(I11*1.03,0) -> 135 | K11: =ROUND(J11*1.03,0) -> 139 | L11: =ROUND(K11*1.03,0) -> 143 | M11: =ROUND(L11*1.03,0) -> 147 | N11: =ROUND(M11*1.03,0) -> 151
B12: Project Manager (Generic) | C12: Hours | D12: 1920 | F12: 135 | G12: =ROUND(F12*1.03,0) -> 139 | H12: =ROUND(G12*1.03,0) -> 143 | I12: =ROUND(H12*1.03,0) -> 147 | J12: =ROUND(I12*1.03,0) -> 151 | K12: =ROUND(J12*1.03,0) -> 156 | L12: =ROUND(K12*1.03,0) -> 161 | M12: =ROUND(L12*1.03,0) -> 166 | N12: =ROUND(M12*1.03,0) -> 171
B13: UCCaaS Set Placement | C13: Hours | D13: 1920 | F13: 76 | G13: =ROUND(F13*1.03,0) -> 78 | H13: =ROUND(G13*1.03,0) -> 80 | I13: =ROUND(H13*1.03,0) -> 82 | J13: =ROUND(I13*1.03,0) -> 84 | K13: =ROUND(J13*1.03,0) -> 87 | L13: =ROUND(K13*1.03,0) -> 90 | M13: =ROUND(L13*1.03,0) -> 93 | N13: =ROUND(M13*1.03,0) -> 96
B14: UCCaaS Trainer (classroom) up to 12 participants | C14: Hours | D14: 1920 | F14: 113 | G14: =ROUND(F14*1.03,0) -> 116 | H14: =ROUND(G14*1.03,0) -> 119 | I14: =ROUND(H14*1.03,0) -> 123 | J14: =ROUND(I14*1.03,0) -> 127 | K14: =ROUND(J14*1.03,0) -> 131 | L14: =ROUND(K14*1.03,0) -> 135 | M14: =ROUND(L14*1.03,0) -> 139 | N14: =ROUND(M14*1.03,0) -> 143
B15: UCCaaS Trainer (day 2 support) | C15: Hours | D15: 1920 | F15: 76 | G15: =ROUND(F15*1.03,0) -> 78 | H15: =ROUND(G15*1.03,0) -> 80 | I15: =ROUND(H15*1.03,0) -> 82 | J15: =ROUND(I15*1.03,0) -> 84 | K15: =ROUND(J15*1.03,0) -> 87 | L15: =ROUND(K15*1.03,0) -> 90 | M15: =ROUND(L15*1.03,0) -> 93 | N15: =ROUND(M15*1.03,0) -> 96
B16: I&R tech (circuit troubleshooting, cross connects, etc..), OOB modem install | C16: Hours | D16: 1920 | F16: 76 | G16: =ROUND(F16*1.03,0) -> 78 | H16: =ROUND(G16*1.03,0) -> 80 | I16: =ROUND(H16*1.03,0) -> 82 | J16: =ROUND(I16*1.03,0) -> 84 | K16: =ROUND(J16*1.03,0) -> 87 | L16: =ROUND(K16*1.03,0) -> 90 | M16: =ROUND(L16*1.03,0) -> 93 | N16: =ROUND(M16*1.03,0) -> 96
B17: On-Site cable verification (verify customer cable plant) | C17: Hours | D17: 1920 | F17: 76 | G17: =ROUND(F17*1.03,0) -> 78 | H17: =ROUND(G17*1.03,0) -> 80 | I17: =ROUND(H17*1.03,0) -> 82 | J17: =ROUND(I17*1.03,0) -> 84 | K17: =ROUND(J17*1.03,0) -> 87 | L17: =ROUND(K17*1.03,0) -> 90 | M17: =ROUND(L17*1.03,0) -> 93 | N17: =ROUND(M17*1.03,0) -> 96
B18: On-Site Switch/Router Rack/Stack w/verify connectivity | C18: Hours | D18: 1920 | F18: 83 | G18: =ROUND(F18*1.03,0) -> 85 | H18: =ROUND(G18*1.03,0) -> 88 | I18: =ROUND(H18*1.03,0) -> 91 | J18: =ROUND(I18*1.03,0) -> 94 | K18: =ROUND(J18*1.03,0) -> 97 | L18: =ROUND(K18*1.03,0) -> 100 | M18: =ROUND(L18*1.03,0) -> 103 | N18: =ROUND(M18*1.03,0) -> 106
B19: Site Survey (wired and wireless) | C19: Hours | D19: 1920 | F19: 249 | G19: =ROUND(F19*1.03,0) -> 256 | H19: =ROUND(G19*1.03,0) -> 264 | I19: =ROUND(H19*1.03,0) -> 272 | J19: =ROUND(I19*1.03,0) -> 280 | K19: =ROUND(J19*1.03,0) -> 288 | L19: =ROUND(K19*1.03,0) -> 297 | M19: =ROUND(L19*1.03,0) -> 306 | N19: =ROUND(M19*1.03,0) -> 315
B21: NET PM | C21: Hours | D21: 1920 | F21: 190 | G21: =ROUND(F21*1.03,0) -> 196 | H21: =ROUND(G21*1.03,0) -> 202 | I21: =ROUND(H21*1.03,0) -> 208 | J21: =ROUND(I21*1.03,0) -> 214 | K21: =ROUND(J21*1.03,0) -> 220 | L21: =ROUND(K21*1.03,0) -> 227 | M21: =ROUND(L21*1.03,0) -> 234 | N21: =ROUND(M21*1.03,0) -> 241
B22: NOC Analyst | C22: Hours | D22: 1920 | F22: 89 | G22: =ROUND(F22*1.03,0) -> 92 | H22: =ROUND(G22*1.03,0) -> 95 | I22: =ROUND(H22*1.03,0) -> 98 | J22: =ROUND(I22*1.03,0) -> 101 | K22: =ROUND(J22*1.03,0) -> 104 | L22: =ROUND(K22*1.03,0) -> 107 | M22: =ROUND(L22*1.03,0) -> 110 | N22: =ROUND(M22*1.03,0) -> 113
... B35: IT Engineer | C35: Hours | D35: 1920 | F35: 113 | G35: =ROUND(F35*1.03,0) -> 116 | H35: =ROUND(G35*1.03,0) -> 119 | I35: =ROUND(H35*1.03,0) -> 123 | J35: =ROUND(I35*1.03,0) -> 127 | K35: =ROUND(J35*1.03,0) -> 131 | L35: =ROUND(K35*1.03,0) -> 135 | M35: =ROUND(L35*1.03,0) -> 139 | N35: =ROUND(M35*1.03,0) -> 143
B36: Contact Center Eng Analyst | C36: Hours | D36: 1920 | F36: 144 | G36: 149 | H36: 153 | I36: 158 | J36: 162 | K36: 167 | L36: 172 | M36: 177 | N36: 183
B37: Contact Center Eng IE | C37: Hours | D37: 1920 | F37: 162 | G37: 167 | H37: 172 | I37: 177 | J37: 183 | K37: 188 | L37: 194 | M37: 199 | N37: 205
B38: Contact Center Sr IE | C38: Hours | D38: 1920 | F38: 180 | G38: 185 | H38: 191 | I38: 196 | J38: 203 | K38: 209 | L38: 215 | M38: 221 | N38: 228
B39: Contact Center Exec IE | C39: Hours | D39: 1920 | F39: 207 | G39: 213 | H39: 220 | I39: 226 | J39: 233 | K39: 240 | L39: 248 | M39: 255 | N39: 262
B40: Contact Center Principal IE | C40: Hours | D40: 1920 | F40: 234 | G40: 241 | H40: 248 | I40: 256 | J40: 264 | K40: 272 | L40: 280 | M40: 288 | N40: 297
B41: Contact Center SI Analyst | C41: Hours | D41: 1920 | F41: 144 | G41: 149 | H41: 153 | I41: 158 | J41: 162 | K41: 167 | L41: 172 | M41: 177 | N41: 183
B42: Contact Center SI IE | C42: Hours | D42: 1920 | F42: 162 | G42: 167 | H42: 172 | I42: 177 | J42: 183 | K42: 188 | L42: 194 | M42: 199 | N42: 205
B43: Contact Center SI Sr IE | C43: Hours | D43: 1920 | F43: 180 | G43: 185 | H43: 191 | I43: 196 | J43: 203 | K43: 209 | L43: 215 | M43: 221 | N43: 228
B44: Contact Center SI Exec IE | C44: Hours | D44: 1920 | F44: 207 | G44: 213 | H44: 220 | I44: 226 | J44: 233 | K44: 240 | L44: 248 | M44: 255 | N44: 262
B45: Contact Center SI Principal IE | C45: Hours | D45: 1920 | F45: 234 | G45: 241 | H45: 248 | I45: 256 | J45: 264 | K45: 272 | L45: 280 | M45: 288 | N45: 297
B46: Contact Center Tech PM | C46: Hours | D46: 1920 | F46: 171 | G46: 176 | H46: 182 | I46: 187 | J46: 193 | K46: 198 | L46: 204 | M46: 211 | N46: 217
B47: Contact Center Sr Tech PM | C47: Hours | D47: 1920 | F47: 225 | G47: 232 | H47: 239 | I47: 247 | J47: 254 | K47: 261 | L47: 269 | M47: 277 | N47: 285
... B61: Unified Collaboration Tech Prog Mgr | C61: Hours | D61: 1920 | F61: 225 | G61: 232 | H61: 239 | I61: 247 | J61: 254 | K61: 261 | L61: 269 | M61: 277 | N61: 285
B64: Resource Type | C64: Minimum Yrs Exp in Role | D64: Total Experience | F64: Role Description
B65: Network Engineer | C65: 5 | D65: 7 | F65: Position provides Network Engineering services for Enterprise Services. The Engineer will perform network design activity and consults on complex problems associated with designing technical engineering solutions. Also supports Optional Change Management activities. | K65: AS or higher and at least one CCXX certification or equivalent. Strong written and oral communications skills Experience with large, complex networks required.
B66: Project Manager (NE) | C66: 2 | D66: 4 | F66: Accountable for manageing the planning, scheduling, coordinating, monitoring, reporting, and control of Projects | K66: BS/BA or equivalent. Background and experience in large domestic or international communications network deployments
B67: Project Manager (Generic) | C67: 4 | D67: 6 | F67: Accountable for the successful execution of the Project and the primary point of contact for performing overall project management services for the implementation of the customer services. The Project Manager is also responsible for planning and coordinating the resources to deploy a Project within the predicted cost, time and quality estimates | K67: BS/BA or equivalent. PMP required. Strong background in large, complex domestic and international communications network deployments
B68: UCCaaS Set Placement | C68: 1 | D68: 2 | F68: *1-2 years of work experience or internship experience. * Knowledge of Cisco VoIP phones * General knowledge of phone functionality * Excellent customer service | K68: 2-year or 4-year degree Previous Experience with end user technology deployments in a high customer satisfaction environment
B69: UCCaaS Trainer (classroom) up to 12 participants | C69: 2 | D69: 4 | F69: *Experience training users on Cisco VoIP phone systems feature and functionality | K69: 2-year or 4-year degree Cisco VoIP Certifications preferred
B70: UCCaaS Trainer (day 2 support) | C70: 1 | D70: 2 | F70: *1-2 years of work experience or internship experience. * Knowledge of Cisco VoIP phones * General knowledge of phone functionality * Excellent customer service | K70: 2-year or 4-year degree Previous Experience with end user technology deployments in a high customer satisfaction environment
B71: I&R tech (circuit troubleshooting, cross connects, etc..), OOB modem install | C71: 2 | D71: 4 | F71: *2-4 years of work experience or internship experience. * Knowledge of industry (BICSI/TIA/ISO) standards * General knowledge of circuit functionality * Excellent customer service | K71: BICSI technician Previous Experience with end user technology deployments in a high customer satisfaction environment
B72: On-Site cable verification (verify customer cable plant) | C72: 2 | D72: 4 | F72: *2 to 4 years of work experience or internship experience. * Knowledge of industry (BICSI/TIA/ISO) standards * General knowledge of circuit functionality * Excellent customer service | K72: BICSI technician Previous Experience with end user technology deployments in a high customer satisfaction environment
B73: On-Site Switch/Router Rack/Stack w/verify connectivity | C73: 2 | D73: 4 | F73: *Basic experience installing configuration templates on Cisco or Juniper routers/switches *Ability to travel to Agency locations throughout VA *Excellent customer service | K73: 2-year or 4-year degree Previous Experience with technology deployments in a high customer satisfaction environment Network+ Certification preferred
B74: Site Survey (wired and wireless) | C74: 2 | D74: 4 | F74: *Experience with Cisco or Juniper routers, switches, TCP/IP, DHCP, DNS, VoIP, wireless LAN/WAN, Multicast, QoS, STP, VTP and VLAN’s; Network Security (IPSec Tunnels), Suite B security concepts *Experience with various Routing Protocols like OSPF, EIGRP, BGP and Gateway Redundancy Protocols like HSRP, VRRP, and GLRP | K74: 4-year degree or equivalent experience CCNA CISSP Networking Manufacturer Technical Certifiations
B75: NET PM | C75: 5 | D75: 5 | F75: NET PM resources oversee critical networking and system implementation projects at customer sites. | K75: PMP or Equivalent
B76: NOC Analyst | C76: 1 | D76: 1 | F76: NOC Analysts provide support 24x7x365 days/year to monitor, track, and escalate various networking ande security issues to ensure compliance requirements and network availability | K76: CCT or Equivalent JNCIA or Equivalent
... B115: Unified Collaboration Tech Prog Mgr | C115: 8 | D115: 8 | F115: Experience in the management of Cisco UC solutions following the Cisco Prepare, Plan, Design, Implement, Operate and Optimize (PPDIOO) project delivery methodology. Possess some form of technical Unified Communications background (i.e. telecom ordering/provisioning, Cisco UCCE/UCCX engineer, Nortel design and implementation engineer, etc.) and are experienced in all aspects of project coordination for Unified Communications implementations. Primarily responsible for project governance, scope management and resource planning. Proficient in managing implementation from Discovery and Design through implementation and transition. Primarily responsible for program leadership, customer communications and executive reporting. Coordinates activties across multiple project tracks and ensures comprehensive solution delivery of complex, multi-tower engagements. | K115: ITIL Foundation or equivalent
B116: (*) Hourly Rates applicable to Contract Year 5 and Contract Year 5.5

Sheet 11 - Optional Services
B2: Optional Services ($)
M3: Renewal Option 1 | Q3: Renewal Option 2
B4: Resource Description | E4: Metric | F4: Contract Year 1 | G4: Contract Year 2 | H4: Contract Year 3 | I4: Contract Year 4 | J4: Contract Year 5 * | M4: Year 1 | N4: Year 2 | Q4: Year 1 | R4: Year 2
B5: Optional Services
A6: 2.7.1 | C6: DDI
D7: DDI Changes
D8: DDI-SSP Changes | E8: Per Change NRC | F8: 12 | G8: 12 | H8: 12 | I8: 12 | J8: 12 | M8: 12 | N8: 12 | Q8: 12 | R8: 12
D9: DDI - Premium Changes | E9: Per Change NRC | F9: 42 | G9: 42 | H9: 42 | I9: 42 | J9: 42 | M9: 42 | N9: 42 | Q9: 42 | R9: 42
A10: 2.7.2 | D10: DDI Management
D11: DDI - SSP Host Mgmt | E11: Per Device Per Month | F11: 1901 | G11: 1901 | H11: 1901 | I11: 1901 | J11: 1901 | M11: 1901 | N11: 1901 | Q11: 1901 | R11: 1901
D12: DDI - SSP SW Maint | E12: Per Device Per Month | F12: 4190 | G12: 4190 | H12: 4190 | I12: 4190 | J12: 4190 | M12: 4190 | N12: 4190 | Q12: 4190 | R12: 4190
D13: DDI - Appliance Mgmt | E13: Per Device Per Month | F13: 2405 | G13: 2405 | H13: 2405 | I13: 2405 | J13: 2405 | M13: 2405 | N13: 2405 | Q13: 2405 | R13: 2405
D14: DDI - Appliance Maint | E14: Per Device Per Month | F14: 1401 | G14: 1401 | H14: 1401 | I14: 1401 | J14: 1401 | M14: 1401 | N14: 1401 | Q14: 1401 | R14: 1401
A17: 2.7.4 | D17: 10G Replication Circuit | E17: Per Circuit Per Month | F17: 29542 | G17: 29542 | H17: 29542 | I17: 29542 | J17: 29542 | M17: 29542 | N17: 29542 | Q17: 29542 | R17: 29542
C19: END

Sheet 12 - Discretionary Charges
B2: Discretionary Charges ($)
M3: Renewal Option 1 | Q3: Renewal Option 2
B4: Resource Description | E4: Metric | F4: Contract Year 1 | G4: Contract Year 2 | H4: Contract Year 3 | I4: Contract Year 4 | J4: Contract Year 5 * | M4: Year 1 | N4: Year 2 | Q4: Year 1 | R4: Year 2
B5: Discretionary Charges
A6: 2.6.1 | C6: Miscellaneous Services
D7: Extended Demarc | E7: Per Circuit | F7: 500.5 | G7: 500.5 | H7: 500.5 | I7: 500.5 | J7: 500.5 | M7: 500.5 | N7: 500.5 | Q7: 500.5 | R7: 500.5
D8: Inside Wiring | E8: Per Cable | F8: 500.5 | G8: 500.5 | H8: 500.5 | I8: 500.5 | J8: 500.5 | M8: 500.5 | N8: 500.5 | Q8: 500.5 | R8: 500.5
D9: Expedite | E9: Per Order | F9: 1050 | G9: 1050 | H9: 1050 | I9: 1050 | J9: 1050 | M9: 1050 | N9: 1050 | Q9: 1050 | R9: 1050
D10: No Fault Found Dispatches | E10: Per Dispatch | F10: 0 | G10: 0 | H10: 0 | I10: 0 | J10: 0 | M10: 0 | N10: 0 | Q10: 0 | R10: 0
D11: Physical Change | E11: Per Site | F11: 0 | G11: 0 | H11: 0 | I11: 0 | J11: 0 | M11: 0 | N11: 0 | Q11: 0 | R11: 0
D12: Hard MAC | E12: Per Change | F12: 0 | G12: 0 | H12: 0 | I12: 0 | J12: 0 | M12: 0 | N12: 0 | Q12: 0 | R12: 0
D13: Reconfiguration | E13: Per Circuit | F13: 0 | G13: 0 | H13: 0 | I13: 0 | J13: 0 | M13: 0 | N13: 0 | Q13: 0 | R13: 0
D14: Reconfiguration - Bandwidth | E14: Per Port | F14: 0 | G14: 0 | H14: 0 | I14: 0 | J14: 0 | M14: 0 | N14: 0 | Q14: 0 | R14: 0
D15: Site De-Installation | E15: Per Site | F15: 0 | G15: 0 | H15: 0 | I15: 0 | J15: 0 | M15: 0 | N15: 0 | Q15: 0 | R15: 0
D16: Physical Site Survey | E16: Per Site | F16: 429 | G16: 429 | H16: 429 | I16: 429 | J16: 429 | M16: 429 | N16: 429 | Q16: 429 | R16: 429
D17: Remote Site Survey | E17: Per Site | F17: 0 | G17: 0 | H17: 0 | I17: 0 | J17: 0 | M17: 0 | N17: 0 | Q17: 0 | R17: 0
D18: Pending Order Cancellation | E18: Per Order | F18: 0 | G18: 0 | H18: 0 | I18: 0 | J18: 0 | M18: 0 | N18: 0 | Q18: 0 | R18: 0
... D22: Administrative Change | E22: Per Change | F22: 0 | G22: 0 | H22: 0 | I22: 0 | J22: 0 | M22: 0 | N22: 0 | Q22: 0 | R22: 0
A23: 2.6.2 | C23: Managed WAN Optional Change Management (OCM)
D24: Managed Migration – Basic | E24: Per Device | F24: 0 | G24: 0 | H24: 0 | I24: 0 | J24: 0 | M24: 0 | N24: 0 | Q24: 0 | R24: 0
D25: Managed Migration – Complex | E25: Per Device | F25: 0 | G25: 0 | H25: 0 | I25: 0 | J25: 0 | M25: 0 | N25: 0 | Q25: 0 | R25: 0
D26: Hard MACD Type 1 | E26: Per MACD | F26: 0 | G26: 0 | H26: 0 | I26: 0 | J26: 0 | M26: 0 | N26: 0 | Q26: 0 | R26: 0
D27: Hard MACD Type 2 | E27: Per MACD | F27: 0 | G27: 0 | H27: 0 | I27: 0 | J27: 0 | M27: 0 | N27: 0 | Q27: 0 | R27: 0
D28: Site De-installation | E28: Per Site | F28: 0 | G28: 0 | H28: 0 | I28: 0 | J28: 0 | M28: 0 | N28: 0 | Q28: 0 | R28: 0
A29: 2.6.3 | C29: Managed LAN Optional Change Management (OCM)
D30: Soft MACD Type 1 | E30: Per MACD | F30: 0 | G30: 0 | H30: 0 | I30: 0 | J30: 0 | M30: 0 | N30: 0 | Q30: 0 | R30: 0
D31: Soft MACD Type 2 | E31: Per MACD | F31: 0 | G31: 0 | H31: 0 | I31: 0 | J31: 0 | M31: 0 | N31: 0 | Q31: 0 | R31: 0
D32: Hard MACD Type 1 | E32: Per MACD | F32: 0 | G32: 0 | H32: 0 | I32: 0 | J32: 0 | M32: 0 | N32: 0 | Q32: 0 | R32: 0
D33: Hard MACD Type 2 | E33: Per MACD | F33: 0 | G33: 0 | H33: 0 | I33: 0 | J33: 0 | M33: 0 | N33: 0 | Q33: 0 | R33: 0
D34: Site De-installation | E34: Per Site | F34: 0 | G34: 0 | H34: 0 | I34: 0 | J34: 0 | M34: 0 | N34: 0 | Q34: 0 | R34: 0
A35: 2.6.4 | C35: Managed WLAN Optional Change Management (OCM)
D36: Implementation (Modify Existing) | E36: Change per device | F36: 0 | G36: 0 | H36: 0 | I36: 0 | J36: 0 | M36: 0 | N36: 0 | Q36: 0 | R36: 0
D37: Design (Single Feature/Protocol) | E37: Change per device | F37: 0 | G37: 0 | H37: 0 | I37: 0 | J37: 0 | M37: 0 | N37: 0 | Q37: 0 | R37: 0
D38: Design Plus (Multiple Feature/Protocol) | E38: Change per device | F38: 0 | G38: 0 | H38: 0 | I38: 0 | J38: 0 | M38: 0 | N38: 0 | Q38: 0 | R38: 0
D39: Soft MACD Type 1 | E39: Per MACD | F39: 0 | G39: 0 | H39: 0 | I39: 0 | J39: 0 | M39: 0 | N39: 0 | Q39: 0 | R39: 0
D40: Soft MACD Type 2 | E40: Per MACD | F40: 0 | G40: 0 | H40: 0 | I40: 0 | J40: 0 | M40: 0 | N40: 0 | Q40: 0 | R40: 0
D41: Hard MACD Type 1 | E41: Per MACD | F41: 0 | G41: 0 | H41: 0 | I41: 0 | J41: 0 | M41: 0 | N41: 0 | Q41: 0 | R41: 0
D42: Hard MACD Type 2 | E42: Per MACD | F42: 0 | G42: 0 | H42: 0 | I42: 0 | J42: 0 | M42: 0 | N42: 0 | Q42: 0 | R42: 0
D43: Site De-installation | E43: Per Site | F43: 0 | G43: 0 | H43: 0 | I43: 0 | J43: 0 | M43: 0 | N43: 0 | Q43: 0 | R43: 0
A44: 2.6.5 | C44: Secure Gateway Related Services
D45: Secure Gateway Design (Single Feature/Protocol) | E45: Per Feature/Protocol | F45: 0 | G45: 0 | H45: 0 | I45: 0 | J45: 0 | M45: 0 | N45: 0 | Q45: 0 | R45: 0
D46: Secure Gateway Design Plus (Multiple Feature/Protocol) | E46: Per Device | F46: 0 | G46: 0 | H46: 0 | I46: 0 | J46: 0 | M46: 0 | N46: 0 | Q46: 0 | R46: 0
D47: Secure Gateway Application of Design Changes | E47: Per Device | F47: 0 | G47: 0 | H47: 0 | I47: 0 | J47: 0 | M47: 0 | N47: 0 | Q47: 0 | R47: 0
A48: 2.6.6 | C48: Phone Accessories
D49: Phone wall mt | E49: Per Device | F49: 7.14 | G49: 7.14 | H49: 7.14 | I49: 7.14 | J49: 7.14 | M49: 7.14 | N49: 7.14 | Q49: 7.14 | R49: 7.14
D50: Phone Accessory- Wall Mount Kits | E50: Per Device | F50: 1.28 | G50: 1.28 | H50: 1.28 | I50: 1.28 | J50: 1.28 | M50: 1.28 | N50: 1.28 | Q50: 1.28 | R50: 1.28
D51: Plantronics headset 740SS | E51: Per Device | F51: 258.99 | G51: 258.99 | H51: 258.99 | I51: 258.99 | J51: 258.99 | M51: 258.99 | N51: 258.99 | Q51: 258.99 | R51: 258.99
D52: Plantronics headsetPTfocus | E52: Per Device | F52: 166.02 | G52: 166.02 | H52: 166.02 | I52: 166.02 | J52: 166.02 | M52: 166.02 | N52: 166.02 | Q52: 166.02 | R52: 166.02
D53: Polycom USB video Camera | E53: Per Device | F53: 87.99 | G53: 87.99 | H53: 87.99 | I53: 87.99 | J53: 87.99 | M53: 87.99 | N53: 87.99 | Q53: 87.99 | R53: 87.99
A54: 2.6.7 | C54: VCC Related Services
D55: Professional Services Hours | E55: Per Hour | F55: 340 | G55: 340 | H55: 340 | I55: 340 | J55: 340 | M55: 340 | N55: 340 | Q55: 340 | R55: 340
D56: Basic Self-Service IVR | E56: Per Instance | F56: 3900 | G56: 3900 | H56: 3900 | I56: 3900 | J56: 3900 | M56: 3900 | N56: 3900 | Q56: 3900 | R56: 3900
D57: Premium Self-Service IVR | E57: Per Instance | F57: 10500 | G57: 10500 | H57: 10500 | I57: 10500 | J57: 10500 | M57: 10500 | N57: 10500 | Q57: 10500 | R57: 10500
D58: Automated Speech Recognition (Per 10 Actions) | E58: Per Instance | F58: 6375 | G58: 6375 | H58: 6375 | I58: 6375 | J58: 6375 | M58: 6375 | N58: 6375 | Q58: 6375 | R58: 6375
D59: CRM-Driven Screen Pop / Call Routing | E59: Per Instance | F59: 6500 | G59: 6500 | H59: 6500 | I59: 6500 | J59: 6500 | M59: 6500 | N59: 6500 | Q59: 6500 | R59: 6500
D60: Named Agent Routing | E60: Per Business Unit | F60: 6500 | G60: 6500 | H60: 6500 | I60: 6500 | J60: 6500 | M60: 6500 | N60: 6500 | Q60: 6500 | R60: 6500
D61: Auto Attendant Implementation | E61: Per Business Unit | F61: 5400 | G61: 5400 | H61: 5400 | I61: 5400 | J61: 5400 | M61: 5400 | N61: 5400 | Q61: 5400 | R61: 5400
D62: CXone Pro Quality Management with Voice Recording | E62: One Time Implementation (NRC) | F62: 7910 | G62: 7910 | H62: 7910 | I62: 7910 | J62: 7910 | M62: 7910 | N62: 7910 | Q62: 7910 | R62: 7910
D63: CXone Pro Quality Management Pro Training | E63: Per Training Class | F63: 7345 | G63: 7345 | H63: 7345 | I63: 7345 | J63: 7345 | M63: 7345 | N63: 7345 | Q63: 7345 | R63: 7345
D64: NICE Workforce Management Essentials Implementation | E64: Per Business Unit | F64: 42900 | G64: 42900 | H64: 42900 | I64: 42900 | J64: 42900 | M64: 42900 | N64: 42900 | Q64: 42900 | R64: 42900
D65: NICE Workforce Management Advanced Implementation | E65: Per Business Unit | F65: 54900 | G65: 54900 | H65: 54900 | I65: 54900 | J65: 54900 | M65: 54900 | N65: 54900 | Q65: 54900 | R65: 54900
D66: NICE Workload Manager Implementation | E66: Per Business Unit | F66: 6000 | G66: 6000 | H66: 6000 | I66: 6000 | J66: 6000 | M66: 6000 | N66: 6000 | Q66: 6000 | R66: 6000
... D95: Carrier DataCenter Connection | E95: Per Rack Unit | F95: 1500 | G95: 1500 | H95: 1500 | I95: 1500 | J95: 1500 | M95: 1500 | N95: 1500 | Q95: 1500 | R95: 1500
A96: 2.6.8 | D96: VCC Advanced Features
D97: Professional Services On-Demand | E97: Per Quarter Hour | F97: 72.25 | G97: 72.25 | H97: 72.25 | I97: 72.25 | J97: 72.25 | M97: 72.25 | N97: 72.25 | Q97: 72.25 | R97: 72.25
D98: Technical Account Manager | E98: Per Business Unit | F98: 3612.5 | G98: 3612.5 | H98: 3612.5 | I98: 3612.5 | J98: 3612.5 | M98: 3612.5 | N98: 3612.5 | Q98: 3612.5 | R98: 3612.5
D99: Automated Speech Recognition | E99: Per Minute | F99: 0.085 | G99: 0.085 | H99: 0.085 | I99: 0.085 | J99: 0.085 | M99: 0.085 | N99: 0.085 | Q99: 0.085 | R99: 0.085
D100: Auto Attendant | E100: Per Configured User | F100: 8.5 | G100: 8.5 | H100: 8.5 | I100: 8.5 | J100: 8.5 | M100: 8.5 | N100: 8.5 | Q100: 8.5 | R100: 8.5
D101: Auto Attendant Lite | E101: Per Configured User | F101: 5.95 | G101: 5.95 | H101: 5.95 | I101: 5.95 | J101: 5.95 | M101: 5.95 | N101: 5.95 | Q101: 5.95 | R101: 5.95
D102: inContact Agent for Sales Force | E102: Per User | F102: 12.75 | G102: 12.75 | H102: 12.75 | I102: 12.75 | J102: 12.75 | M102: 12.75 | N102: 12.75 | Q102: 12.75 | R102: 12.75
D103: inContact Agent for Oracle Service Cloud | E103: Per User | F103: 21.25 | G103: 21.25 | H103: 21.25 | I103: 21.25 | J103: 21.25 | M103: 21.25 | N103: 21.25 | Q103: 21.25 | R103: 21.25
D104: CXone Pro Quality Management with Voice Recording | E104: Per Configured User (MRC) | F104: 45 | G104: 45 | H104: 45 | I104: 45 | J104: 45 | M104: 45 | N104: 45 | Q104: 45 | R104: 45
D105: Interaction Management | E105: Per Configured User | F105: 40.8 | G105: 40.8 | H105: 40.8 | I105: 40.8 | J105: 40.8 | M105: 40.8 | N105: 40.8 | Q105: 40.8 | R105: 40.8
D106: CXone Pro Screen Recording Pro | E106: Per Configured User (MRC) | F106: 13 | G106: 13 | H106: 13 | I106: 13 | J106: 13 | M106: 13 | N106: 13 | Q106: 13 | R106: 13
D107: Workforce Management Essentials | E107: Per Configured User | F107: 33.15 | G107: 33.15 | H107: 33.15 | I107: 33.15 | J107: 33.15 | M107: 33.15 | N107: 33.15 | Q107: 33.15 | R107: 33.15
D108: Workforce Management Advanced | E108: Per Configured User | F108: 46.75 | G108: 46.75 | H108: 46.75 | I108: 46.75 | J108: 46.75 | M108: 46.75 | N108: 46.75 | Q108: 46.75 | R108: 46.75
... D145: Integrated Softphone - WebRTC (Integrated Softphone User) | E145: Per Configured User | F145: 0 | G145: 0 | H145: 0 | I145: 0 | J145: 0 | M145: 0 | N145: 0 | Q145: 0 | R145: 0
A146: 2.6.9 | C146: VOIP Related Services
D147: Cancellation (cancellation of VoIP Service post-Order, prior to completion of Installation) | E147: Per Location | F147: 800 | G147: 800 | H147: 800 | I147: 800 | J147: 800 | M147: 800 | N147: 800 | Q147: 800 | R147: 800
D148: Setup 1 – 500 telephone numbers | E148: Per Location | F148: 0 | G148: 0 | H148: 0 | I148: 0 | J148: 0 | M148: 0 | N148: 0 | Q148: 0 | R148: 0
D149: Setup >500 telephone numbers | E149: Per Location | F149: 0 | G149: 0 | H149: 0 | I149: 0 | J149: 0 | M149: 0 | N149: 0 | Q149: 0 | R149: 0
D150: Premium Service - Enterprise Activity Charge | E150: Per Instance | F150: 0 | G150: 0 | H150: 0 | I150: 0 | J150: 0 | M150: 0 | N150: 0 | Q150: 0 | R150: 0
D151: Premium Service - Administrator Activity Charge | E151: Per Instance | F151: 0 | G151: 0 | H151: 0 | I151: 0 | J151: 0 | M151: 0 | N151: 0 | Q151: 0 | R151: 0
D152: Premium Service - User Charge | E152: Per Instance | F152: 0 | G152: 0 | H152: 0 | I152: 0 | J152: 0 | M152: 0 | N152: 0 | Q152: 0 | R152: 0
D153: Premium Service - Onsite Support | E153: Per Hour | F153: 0 | G153: 0 | H153: 0 | I153: 0 | J153: 0 | M153: 0 | N153: 0 | Q153: 0 | R153: 0
D154: Premium Service - Remote Support | E154: Per Hour | F154: 0 | G154: 0 | H154: 0 | I154: 0 | J154: 0 | M154: 0 | N154: 0 | Q154: 0 | R154: 0
D155: Service Change - Simple | E155: Per Event Per Location | F155: 0 | G155: 0 | H155: 0 | I155: 0 | J155: 0 | M155: 0 | N155: 0 | Q155: 0 | R155: 0
D156: Service Change - Complex | E156: Per Event Per Location | F156: 0 | G156: 0 | H156: 0 | I156: 0 | J156: 0 | M156: 0 | N156: 0 | Q156: 0 | R156: 0
A158: 2.6.10 | C158: VoIP Inbound Anti-Fraud and Authentication (VIAA)
D159: Subscription Plan
D160: Passport Authentication
D161: Extra Small - 500,000 - 3,000,000 calls | E161: Per Call | F161: 0.173 | G161: 0.173 | H161: 0.173 | I161: 0.173 | J161: 0.173 | M161: 0.173 | N161: 0.173 | Q161: 0.173 | R161: 0.173
D162: Small - 3,000,001 - 15,000,000 calls | E162: Per Call | F162: 0.158 | G162: 0.158 | H162: 0.158 | I162: 0.158 | J162: 0.158 | M162: 0.158 | N162: 0.158 | Q162: 0.158 | R162: 0.158
D163: Medium - 15,000,001 - 30,000,000 calls | E163: Per Call | F163: 0.132 | G163: 0.132 | H163: 0.132 | I163: 0.132 | J163: 0.132 | M163: 0.132 | N163: 0.132 | Q163: 0.132 | R163: 0.132
D164: Large - 30,000,001-75,000,000 calls | E164: Per Call | F164: 0.11 | G164: 0.11 | H164: 0.11 | I164: 0.11 | J164: 0.11 | M164: 0.11 | N164: 0.11 | Q164: 0.11 | R164: 0.11
D165: Extra Large - 75,000,001-120,000,000 calls | E165: Per Call | F165: 0.09 | G165: 0.09 | H165: 0.09 | I165: 0.09 | J165: 0.09 | M165: 0.09 | N165: 0.09 | Q165: 0.09 | R165: 0.09
D166: Extra/Extra Large - 120,000,001-999,999,999 calls | E166: Per Call | F166: 0.085 | G166: 0.085 | H166: 0.085 | I166: 0.085 | J166: 0.085 | M166: 0.085 | N166: 0.085 | Q166: 0.085 | R166: 0.085
D167: Protect Cloud Anti-Fraud
D168: Extra Small - 500,000 - 3,000,000 calls | E168: Per Call | F168: 0.173 | G168: 0.173 | H168: 0.173 | I168: 0.173 | J168: 0.173 | M168: 0.173 | N168: 0.173 | Q168: 0.173 | R168: 0.173
D169: Small - 3,000,001 - 15,000,000 calls | E169: Per Call | F169: 0.158 | G169: 0.158 | H169: 0.158 | I169: 0.158 | J169: 0.158 | M169: 0.158 | N169: 0.158 | Q169: 0.158 | R169: 0.158
...

Sheet 13 - Usage Rates
B2: Usage Rates ($)
G3: 1.02
A4: VA-151028-MCI: Modification 005-O June 15, 2024 | O4: Renewal Option 1 | S4: Renewal Option 2
B5: Resource Description | F5: Metric | G5: Contract Year 1 | H5: Contract Year 2 | I5: Contract Year 3 | J5: Contract Year 4 | K5: Contract Year 5 | L5: Contract Year 6 | O5: Year 1 | P5: Year 2 | S5: Year 1 | T5: Year 2
C6: SCI
A7: 2.8.1 | D7: SCI Non-Commited Plan Usage | F7: Per GB | G7: 2.85 | H7: 2.85 | I7: 2.85 | J7: 2.85 | K7: 2.85 | L7: 2.85 | O7: 2.85 | P7: 2.85 | S7: 2.85 | T7: 2.85
C8: VCE
A9: 2.8.2 | D9: VCE International Long Distance Usage
D10: International LD, Tier A | F10: Per Minute | G10: 0.06 | H10: 0.06 | I10: 0.06 | J10: 0.06 | K10: 0.06 | L10: 0.06 | O10: 0.06 | P10: 0.06 | S10: 0.06 | T10: 0.06
D11: International LD, Tier B | F11: Per Minute | G11: 0.1 | H11: 0.1 | I11: 0.1 | J11: 0.1 | K11: 0.1 | L11: 0.1 | O11: 0.1 | P11: 0.1 | S11: 0.1 | T11: 0.1
D12: International LD, Tier C | F12: Per Minute | G12: 0.25 | H12: 0.25 | I12: 0.25 | J12: 0.25 | K12: 0.25 | L12: 0.25 | O12: 0.25 | P12: 0.25 | S12: 0.25 | T12: 0.25
D13: International LD, Tier D | F13: Per Minute | G13: 0.5 | H13: 0.5 | I13: 0.5 | J13: 0.5 | K13: 0.5 | L13: 0.5 | O13: 0.5 | P13: 0.5 | S13: 0.5 | T13: 0.5
D14: VCE
C16: Conferencing
A17: 2.8.3 | D17: Audio Conference Usage
D18: US Bridging Charges
D19: Instant Mtg. Toll Meet Me | F19: Per Minute | G19: 0.0095 | H19: 0.0095 | I19: 0.0095 | J19: 0.0095 | K19: 0.0095 | L19: 0.0095 | O19: 0.0095 | P19: 0.0095 | S19: 0.0095 | T19: 0.0095
D20: Instant Mtg. Meet Me - IP Access | F20: Per Minute | G20: 0.0086 | H20: 0.0086 | I20: 0.0086 | J20: 0.0086 | K20: 0.0086 | L20: 0.0086 | O20: 0.0086 | P20: 0.0086 | S20: 0.0086 | T20: 0.0086
D21: Instant Mtg. Toll Meet Me - Wireless Access Option | F21: Per Minute | G21: 0.0091 | H21: 0.0091 | I21: 0.0091 | J21: 0.0091 | K21: 0.0091 | L21: 0.0091 | O21: 0.0091 | P21: 0.0091 | S21: 0.0091 | T21: 0.0091
D22: Unattended Toll Meet Me | F22: Per Minute | G22: 0.0085 | H22: 0.0085 | I22: 0.0085 | J22: 0.0085 | K22: 0.0085 | L22: 0.0085 | O22: 0.0085 | P22: 0.0085 | S22: 0.0085 | T22: 0.0085
D23: Standard Toll Meet Me | F23: Per Minute | G23: 0.069 | H23: 0.069 | I23: 0.069 | J23: 0.069 | K23: 0.069 | L23: 0.069 | O23: 0.069 | P23: 0.069 | S23: 0.069 | T23: 0.069
D24: Premier Toll Meet Me | F24: Per Minute | G24: 0.09 | H24: 0.09 | I24: 0.09 | J24: 0.09 | K24: 0.09 | L24: 0.09 | O24: 0.09 | P24: 0.09 | S24: 0.09 | T24: 0.09
D25: Instant Meeting IP Dial Out Access - requires VZ VOIP | F25: Per Minute | G25: 0.0086 | H25: 0.0086 | I25: 0.0086 | J25: 0.0086 | K25: 0.0086 | L25: 0.0086 | O25: 0.0086 | P25: 0.0086 | S25: 0.0086 | T25: 0.0086
D26: Instant Mtg. Toll Free Meet Me | F26: Per Minute | G26: 0.0146 | H26: 0.0146 | I26: 0.0146 | J26: 0.0146 | K26: 0.0146 | L26: 0.0146 | O26: 0.0146 | P26: 0.0146 | S26: 0.0146 | T26: 0.0146
D27: Instant Mtg. Dial Out | F27: Per Minute | G27: 0.0146 | H27: 0.0146 | I27: 0.0146 | J27: 0.0146 | K27: 0.0146 | L27: 0.0146 | O27: 0.0146 | P27: 0.0146 | S27: 0.0146 | T27: 0.0146
D28: Instant Mtg. 8XX Meet Me - Wireless Access Option | F28: Per Minute | G28: 0.0154 | H28: 0.0154 | I28: 0.0154 | J28: 0.0154 | K28: 0.0154 | L28: 0.0154 | O28: 0.0154 | P28: 0.0154 | S28: 0.0154 | T28: 0.0154
D29: Unattended Toll Free Meet Me | F29: Per Minute | G29: 0.0146 | H29: 0.0146 | I29: 0.0146 | J29: 0.0146 | K29: 0.0146 | L29: 0.0146 | O29: 0.0146 | P29: 0.0146 | S29: 0.0146 | T29: 0.0146
D30: Standard Toll Free Meet Me | F30: Per Minute | G30: 0.078 | H30: 0.078 | I30: 0.078 | J30: 0.078 | K30: 0.078 | L30: 0.078 | O30: 0.078 | P30: 0.078 | S30: 0.078 | T30: 0.078
... D33: Premier Dial Out | F33: Per Minute | G33: 0.198 | H33: 0.198 | I33: 0.198 | J33: 0.198 | K33: 0.198 | L33: 0.198 | O33: 0.198 | P33: 0.198 | S33: 0.198 | T33: 0.198
D34: Canada Bridging Charges
D35: Canada Instant Mtg. Toll Free Meet Me | F35: Per Minute | G35: 0.0473 | H35: 0.0473 | I35: 0.0473 | J35: 0.0473 | K35: 0.0473 | L35: 0.0473 | O35: 0.0473 | P35: 0.0473 | S35: 0.0473 | T35: 0.0473
D36: Canada Instant Mtg. Dial Out | F36: Per Minute | G36: 0.0473 | H36: 0.0473 | I36: 0.0473 | J36: 0.0473 | K36: 0.0473 | L36: 0.0473 | O36: 0.0473 | P36: 0.0473 | S36: 0.0473 | T36: 0.0473
D37: Canada Unattended Toll Free Meet Me | F37: Per Minute | G37: 0.0473 | H37: 0.0473 | I37: 0.0473 | J37: 0.0473 | K37: 0.0473 | L37: 0.0473 | O37: 0.0473 | P37: 0.0473 | S37: 0.0473 | T37: 0.0473
D38: Canada Standard Toll Free Meet Me | F38: Per Minute | G38: 0.153 | H38: 0.153 | I38: 0.153 | J38: 0.153 | K38: 0.153 | L38: 0.153 | O38: 0.153 | P38: 0.153 | S38: 0.153 | T38: 0.153
D39: Canada Standard Dial Out | F39: Per Minute | G39: 0.1665 | H39: 0.1665 | I39: 0.1665 | J39: 0.1665 | K39: 0.1665 | L39: 0.1665 | O39: 0.1665 | P39: 0.1665 | S39: 0.1665 | T39: 0.1665
D40: Canada Premier Toll Free Meet Me | F40: Per Minute | G40: 0.198 | H40: 0.198 | I40: 0.198 | J40: 0.198 | K40: 0.198 | L40: 0.198 | O40: 0.198 | P40: 0.198 | S40: 0.198 | T40: 0.198
D41: Canada Premier Dial Out | F41: Per Minute | G41: 0.216 | H41: 0.216 | I41: 0.216 | J41: 0.216 | K41: 0.216 | L41: 0.216 | O41: 0.216 | P41: 0.216 | S41: 0.216 | T41: 0.216
D42: Global Access Transport Charges
D43: Local Access Transport Zone A | F43: Per Minute | G43: 0.015 | H43: 0.015 | I43: 0.015 | J43: 0.015 | K43: 0.015 | L43: 0.015 | O43: 0.015 | P43: 0.015 | S43: 0.015 | T43: 0.015
D44: Local Access Transport Zone C | F44: Per Minute | G44: 0.06 | H44: 0.06 | I44: 0.06 | J44: 0.06 | K44: 0.06 | L44: 0.06 | O44: 0.06 | P44: 0.06 | S44: 0.06 | T44: 0.06
D45: Local Access Transport Zone D | F45: Per Minute | G45: 0.07 | H45: 0.07 | I45: 0.07 | J45: 0.07 | K45: 0.07 | L45: 0.07 | O45: 0.07 | P45: 0.07 | S45: 0.07 | T45: 0.07
D46: Local Access Transport Zone E | F46: Per Minute | G46: 0.225 | H46: 0.225 | I46: 0.225 | J46: 0.225 | K46: 0.225 | L46: 0.225 | O46: 0.225 | P46: 0.225 | S46: 0.225 | T46: 0.225
D47: Local Access Transport Zone F | F47: Per Minute | G47: 0.15 | H47: 0.15 | I47: 0.15 | J47: 0.15 | K47: 0.15 | L47: 0.15 | O47: 0.15 | P47: 0.15 | S47: 0.15 | T47: 0.15
D48: Local Access Transport Zone G | F48: Per Minute | G48: 0.25 | H48: 0.25 | I48: 0.25 | J48: 0.25 | K48: 0.25 | L48: 0.25 | O48: 0.25 | P48: 0.25 | S48: 0.25 | T48: 0.25
D49: Freephone (IFN) Transport Zone A | F49: Per Minute | G49: 0.07 | H49: 0.07 | I49: 0.07 | J49: 0.07 | K49: 0.07 | L49: 0.07 | O49: 0.07 | P49: 0.07 | S49: 0.07 | T49: 0.07
D50: Freephone (IFN) Transport Zone C | F50: Per Minute | G50: 0.12 | H50: 0.12 | I50: 0.12 | J50: 0.12 | K50: 0.12 | L50: 0.12 | O50: 0.12 | P50: 0.12 | S50: 0.12 | T50: 0.12
D51: Freephone (IFN) Transport Zone D | F51: Per Minute | G51: 0.14 | H51: 0.14 | I51: 0.14 | J51: 0.14 | K51: 0.14 | L51: 0.14 | O51: 0.14 | P51: 0.14 | S51: 0.14 | T51: 0.14
D52: Freephone (IFN) Transport Zone E | F52: Per Minute | G52: 0.28 | H52: 0.28 | I52: 0.28 | J52: 0.28 | K52: 0.28 | L52: 0.28 | O52: 0.28 | P52: 0.28 | S52: 0.28 | T52: 0.28
D53: Freephone (IFN) Transport Zone F | F53: Per Minute | G53: 0.32 | H53: 0.32 | I53: 0.32 | J53: 0.32 | K53: 0.32 | L53: 0.32 | O53: 0.32 | P53: 0.32 | S53: 0.32 | T53: 0.32
D54: Freephone (IFN) Transport Zone G | F54: Per Minute | G54: 0.32 | H54: 0.32 | I54: 0.32 | J54: 0.32 | K54: 0.32 | L54: 0.32 | O54: 0.32 | P54: 0.32 | S54: 0.32 | T54: 0.32
D55: Note: Global access charge requires a bridging charge with the transport charge.
A56: 2.8.4 | D56: Audio Conference Options Usage
D57: Cancellation Charge | F57: Per reserved bridge port | G57: 0 | H57: 0 | I57: 0 | J57: 0 | K57: 0 | L57: 0 | O57: 0 | P57: 0 | S57: 0 | T57: 0
D58: Overbooking (after first 50 bridge ports) | F58: Per Port | G58: 2 | H58: 2 | I58: 2 | J58: 2 | K58: 2 | L58: 2 | O58: 2 | P58: 2 | S58: 2 | T58: 2
D59: Platinum Premier Service
D60: Setup Fee | E60: Premier | F60: Per Conference | G60: 300 | H60: 300 | I60: 300 | J60: 300 | K60: 300 | L60: 300 | O60: 300 | P60: 300 | S60: 300 | T60: 300
D61: 1-30 Minutes | E61: Premier | F61: Per 30 minutes | G61: 80 | H61: 80 | I61: 80 | J61: 80 | K61: 80 | L61: 80 | O61: 80 | P61: 80 | S61: 80 | T61: 80
D62: Additional 15 Minute Intervals | E62: Premier | F62: Per 15 minutes | G62: 40 | H62: 40 | I62: 40 | J62: 40 | K62: 40 | L62: 40 | O62: 40 | P62: 40 | S62: 40 | T62: 40
D63: Audio Web Streaming & Replay
D64: Stream 0-4 | E64: Premier, Standard | F64: Per Conference | G64: 775 | H64: 775 | I64: 775 | J64: 775 | K64: 775 | L64: 775 | O64: 775 | P64: 775 | S64: 775 | T64: 775
D65: Stream 5-10 | E65: Premier, Standard | F65: Per Conference | G65: 800 | H65: 800 | I65: 800 | J65: 800 | K65: 800 | L65: 800 | O65: 800 | P65: 800 | S65: 800 | T65: 800
D66: Stream 11-25 | E66: Premier, Standard | F66: Per Conference | G66: 850 | H66: 850 | I66: 850 | J66: 850 | K66: 850 | L66: 850 | O66: 850 | P66: 850 | S66: 850 | T66: 850
D67: Stream 26-50 | E67: Premier, Standard | F67: Per Conference | G67: 900 | H67: 900 | I67: 900 | J67: 900 | K67: 900 | L67: 900 | O67: 900 | P67: 900 | S67: 900 | T67: 900
D68: Stream 51-250 | E68: Premier, Standard | F68: Per Conference | G68: 1000 | H68: 1000 | I68: 1000 | J68: 1000 | K68: 1000 | L68: 1000 | O68: 1000 | P68: 1000 | S68: 1000 | T68: 1000
D69: Stream 251-500 | E69: Premier, Standard | F69: Per Conference | G69: 1000 | H69: 1000 | I69: 1000 | J69: 1000 | K69: 1000 | L69: 1000 | O69: 1000 | P69: 1000 | S69: 1000 | T69: 1000
D70: Stream 500+ | E70: Premier, Standard | F70: Per Conference | G70: 2000 | H70: 2000 | I70: 2000 | J70: 2000 | K70: 2000 | L70: 2000 | O70: 2000 | P70: 2000 | S70: 2000 | T70: 2000
D71: Communications Line | E71: Premier | F71: Per Conference | G71: 50 | H71: 50 | I71: 50 | J71: 50 | K71: 50 | L71: 50 | O71: 50 | P71: 50 | S71: 50 | T71: 50
D72: Conference Recording
D73: CD | E73: Premier, Standard | F73: Per Conference | G73: 25 | H73: 25 | I73: 25 | J73: 25 | K73: 25 | L73: 25 | O73: 25 | P73: 25 | S73: 25 | T73: 25
D74: Downloadable File | E74: Premier, Standard | F74: Per Conference | G74: 25 | H74: 25 | I74: 25 | J74: 25 | K74: 25 | L74: 25 | O74: 25 | P74: 25 | S74: 25 | T74: 25
D75: Instant Replay Plus | E75: Premier, Standard
D76: Setup Fee | E76: Premier, Standard | F76: Per Conference | G76: 0 | H76: 0 | I76: 0 | J76: 0 | K76: 0 | L76: 0 | O76: 0 | P76: 0 | S76: 0 | T76: 0
D77: Toll Free Access | E77: Premier, Standard | F77: Per Minute | G77: 0.15 | H77: 0.15 | I77: 0.15 | J77: 0.15 | K77: 0.15 | L77: 0.15 | O77: 0.15 | P77: 0.15 | S77: 0.15 | T77: 0.15
D78: Toll Access | E78: Premier, Standard | F78: Per Minute | G78: 0.15 | H78: 0.15 | I78: 0.15 | J78: 0.15 | K78: 0.15 | L78: 0.15 | O78: 0.15 | P78: 0.15 | S78: 0.15 | T78: 0.15
D79: Voice Response | E79: Premier, Standard
D80: Setup Fee | E80: Premier, Standard | F80: Per Conference | G80: 50 | H80: 50 | I80: 50 | J80: 50 | K80: 50 | L80: 50 | O80: 50 | P80: 50 | S80: 50 | T80: 50
D81: Per Retrieval Transcription (5 pieces max per participant) | E81: Premier, Standard | F81: Per retrieval | G81: 1 | H81: 1 | I81: 1 | J81: 1 | K81: 1 | L81: 1 | O81: 1 | P81: 1 | S81: 1 | T81: 1
D82: Per 15 minutes Voice Retrieval transcription for more than 5 pieces of info) | E82: Premier, Standard | F82: Per 15 Minutes | G82: 50 | H82: 50 | I82: 50 | J82: 50 | K82: 50 | L82: 50 | O82: 50 | P82: 50 | S82: 50 | T82: 50
D83: Voice Talent Charge to Provision Voice Response (per 5 minutes) | E83: Premier, Standard | F83: Per request | G83: 199 | H83: 199 | I83: 199 | J83: 199 | K83: 199 | L83: 199 | O83: 199 | P83: 199 | S83: 199 | T83: 199
D84: Instant Meeting Instant Replay | E84: Instant Meeting
D85: Setup | E85: Instant Meeting | F85: Per Conference | G85: 0 | H85: 0 | I85: 0 | J85: 0 | K85: 0 | L85: 0 | O85: 0 | P85: 0 | S85: 0 | T85: 0
D86: Toll Free Replay Access | E86: Instant Meeting | F86: Per Minute | G86: 0.15 | H86: 0.15 | I86: 0.15 | J86: 0.15 | K86: 0.15 | L86: 0.15 | O86: 0.15 | P86: 0.15 | S86: 0.15 | T86: 0.15
D87: Toll Replay Access | E87: Instant Meeting | F87: Per Minute | G87: 0.15 | H87: 0.15 | I87: 0.15 | J87: 0.15 | K87: 0.15 | L87: 0.15 | O87: 0.15 | P87: 0.15 | S87: 0.15 | T87: 0.15
D88: Audio CD | E88: Instant Meeting | F88: Per Conference | G88: 25 | H88: 25 | I88: 25 | J88: 25 | K88: 25 | L88: 25 | O88: 25 | P88: 25 | S88: 25 | T88: 25
D89: .WAV CD | E89: Instant Meeting | F89: Per Conference | G89: 25 | H89: 25 | I89: 25 | J89: 25 | K89: 25 | L89: 25 | O89: 25 | P89: 25 | S89: 25 | T89: 25
D90: .WAV File | E90: Instant Meeting | F90: Per Conference | G90: 25 | H90: 25 | I90: 25 | J90: 25 | K90: 25 | L90: 25 | O90: 25 | P90: 25 | S90: 25 | T90: 25
D91: Participant List | E91: Premier, Standard | F91: Per Conference | G91: 40 | H91: 40 | I91: 40 | J91: 40 | K91: 40 | L91: 40 | O91: 40 | P91: 40 | S91: 40 | T91: 40
D92: Transcription, per hour | E92: Premier, Standard | F92: Per 15 minutes | G92: 50 | H92: 50 | I92: 50 | J92: 50 | K92: 50 | L92: 50 | O92: 50 | P92: 50 | S92: 50 | T92: 50
D93: Coordinator/Help Request | E93: Unattended | F93: Per Request | G93: 3.5 | H93: 3.5 | I93: 3.5 | J93: 3.5 | K93: 3.5 | L93: 3.5 | O93: 3.5 | P93: 3.5 | S93: 3.5 | T93: 3.5
D94: Instant Meeting Increase Conference Size | E94: Instant Meeting | F94: Per Request | G94: 20 | H94: 20 | I94: 20 | J94: 20 | K94: 20 | L94: 20 | O94: 20 | P94: 20 | S94: 20 | T94: 20
D95: Downloadable Net File | E95: Reserved Net | F95: Per Conference | G95: 100 | H95: 100 | I95: 100 | J95: 100 | K95: 100 | L95: 100 | O95: 100 | P95: 100 | S95: 100 | T95: 100
D96: Net Replay | E96: Premier, Standard
D97: Initial Setup Fee (First 30 days) | E97: Premier, Standard | F97: Per Conference | G97: 100 | H97: 100 | I97: 100 | J97: 100 | K97: 100 | L97: 100 | O97: 100 | P97: 100 | S97: 100 | T97: 100
D98: Fee for each subsequent 30 days | E98: Premier, Standard | F98: Per Conference | G98: 40 | H98: 40 | I98: 40 | J98: 40 | K98: 40 | L98: 40 | O98: 40 | P98: 40 | S98: 40 | T98: 40
D99: Operator Hosting - Reserved Net | E99: Premier, Standard | F99: Per Minute | G99: 0.1 | H99: 0.1 | I99: 0.1 | J99: 0.1 | K99: 0.1 | L99: 0.1 | O99: 0.1 | P99: 0.1 | S99: 0.1 | T99: 0.1
D100: Pre-Notification (48 hours advanced notice to participants)
D101: Per Domestic Participant | E101: Premier | F101: Per Particpant | G101: 2.5 | H101: 2.5 | I101: 2.5 | J101: 2.5 | K101: 2.5 | L101: 2.5 | O101: 2.5 | P101: 2.5 | S101: 2.5 | T101: 2.5
D102: Per Canada Participant | E102: Premier | F102: Per Particpant | G102: 3.5 | H102: 3.5 | I102: 3.5 | J102: 3.5 | K102: 3.5 | L102: 3.5 | O102: 3.5 | P102: 3.5 | S102: 3.5 | T102: 3.5
D103: Per International participant | E103: Premier | F103: Per Particpant | G103: 50 | H103: 50 | I103: 50 | J103: 50 | K103: 50 | L103: 50 | O103: 50 | P103: 50 | S103: 50 | T103: 50
D104: WebeEx Enterprise Edition-Meeting Center, Training Center, Support Center, Event Center
...
